Workbook

Sheet Capa
B4: Planilha Orçamentária
B6: ORÇAMENTO: | D6: Restauração do Prédio da Antiga Prefeitura, em Corumbá/MS
B7: OBJETO: | D7: Prédio da Antiga Prefeitura, em Corumbá/MS
B8: LOCAL: | D8: RUA 15 DE NOVEMBRO, Nº 235, CENTRO - CORUMBÁ/MS
B9: AREA DE CONSTRUÇÃO: | D9: 924,94 m²
B10: PRAZO DE EXEC.: | D10: 12 Meses
B11: DATA: | D11: 46011
B12: BASE DE PREÇOS | D12: SINAPI - 09/2025 - Mato Grosso do Sul
B14: TOTAL GERAL COM BDI | D14: =Resumo!G33 -> 5091322.7

Sheet Resumo
B1: Obra | C1: Bancos | D1: B.D.I. | F1: Encargos Sociais
B2: Restauração do Prédio da Antiga Prefeitura, em Corumbá/MS | C2: SINAPI - 09/2025 - Mato Grosso do Sul SBC - 09/2025 - Mato Grosso do Sul SICRO3 - 07/2025 - Mato Grosso do Sul ORSE - 08/2025 - Sergipe SEDOP - 10/2025 - Pará SEINFRA - 028 - Ceará SETOP - 07/2025 - Minas Gerais IOPES - 07/2025 - Espírito Santo SIURB - 01/2025 - São Paulo SUDECAP - 07/2025 - Minas Gerais CPOS/CDHU - 09/2025 - São Paulo FDE - 07/2025 - São Paulo AGESUL - 06/2025 - Mato Grosso do Sul AGETOP CIVIL - 06/2025 - Goiás EMBASA - 06/2025 - sem_encargos CAERN - 07/2025 - Rio Grande do Norte EMOP - 09/2025 - Rio de Janeiro SCO - 09/2025 - Rio de Janeiro | D2: 23,54% | F2: Não Desonerado: Horista: 107,52% Mensalista: 64,80%
A3: Planilha Orçamentária Resumida
A4: Item | B4: Descrição | E4: Quant. | F4: Total | G4: Peso (%)
A5: 1 | B5: ADMINISTRAÇÃO LOCAL | E5: 1 | F5: 1126104.1 | G5: 0.22118105
A6: 2 | B6: PLANOS, PROGRAMAS E MANUAIS | E6: 1 | F6: 17190.64 | G6: 0.0033764585
A7: 3 | B7: TAXAS. LICENÇAS E EMOLUMENTOS | E7: 1 | F7: 412.03 | G7: 8.0927889e-05
A8: 4 | B8: MOBILIZAÇÃO E DESMOBILIZAÇÃO | E8: 1 | F8: 49292.4 | G8: 0.0096816491
A9: 5 | B9: CANTEIRO DE OBRAS | E9: 1 | F9: 208944.49 | G9: 0.041039333
A10: 6 | B10: SERVIÇOS PRELIMINARES | E10: 1 | F10: 85251.35 | G10: 0.01674444
A11: 7 | B11: DEMOLIÇÕES E RETIRADAS | E11: 1 | F11: 155212.89 | G11: 0.030485769
A12: 8 | B12: ALVENARIA | E12: 1 | F12: 35752.14 | G12: 0.0070221712
A13: 9 | B13: COBERTURAS | E13: 1 | F13: 228257.71 | G13: 0.044832693
A14: 10 | B14: ESQUADRIAS | E14: 1 | F14: 295720.43 | G14: 0.058083222
A15: 11 | B15: REVESTIMENTOS | E15: 1 | F15: 676208.94 | G15: 0.13281596
A16: 12 | B16: PINTURA | E16: 1 | F16: 256799.06 | G16: 0.050438574
... A29: 25 | B29: LIMPEZA FINAL | E29: 1 | F29: 30571.95 | G29: 0.0060047166
E31: Total sem BDI | G31: 4145415.9
E32: Total do BDI | G32: 945906.79
E33: Total Geral | G33: 5091322.7

Sheet Orçamento Sintético
D1: Obra | E1: Bancos | G1: B.D.I. | I1: Encargos Sociais
D2: Restauração do Prédio da Antiga Prefeitura, em Corumbá/MS | E2: SINAPI - 09/2025 - Mato Grosso do Sul SBC - 09/2025 - Mato Grosso do Sul SICRO3 - 07/2025 - Mato Grosso do Sul ORSE - 08/2025 - Sergipe SEDOP - 10/2025 - Pará SEINFRA - 028 - Ceará SETOP - 07/2025 - Minas Gerais IOPES - 07/2025 - Espírito Santo SIURB - 01/2025 - São Paulo SIURB INFRA - 01/2025 - São Paulo SUDECAP - 07/2025 - Minas Gerais CPOS/CDHU - 09/2025 - São Paulo FDE - 07/2025 - São Paulo AGESUL - 06/2025 - Mato Grosso do Sul AGETOP CIVIL - 06/2025 - Goiás EMBASA - 06/2025 - sem_encargos CAERN - 07/2025 - Rio Grande do Norte EMOP - 09/2025 - Rio de Janeiro SCO - 09/2025 - Rio de Janeiro | G2: 23,54% | I2: Não Desonerado: Horista: 107,52% Mensalista: 64,80%
A3: Orçamento Sintético
A4: Item | B4: Código | C4: Banco | D4: Descrição | E4: Und | F4: Quant. | G4: Valor Unit | H4: Valor Unit com BDI | I4: Total | J4: Peso (%)
A5: 1 | D5: ADMINISTRAÇÃO LOCAL | F5: 1 | H5: 1126104.1 | I5: 1126104.1 | J5: 0.22118105
A6: 1.1 | B6: COMP-000019 | C6: Próprio | D6: ADMINISTRAÇÃO LOCAL | E6: und | F6: 1 | G6: 911529.96 | H6: 1126104.1 | I6: 1126104.1 | J6: 0.22118105
A7: 2 | D7: PLANOS, PROGRAMAS E MANUAIS | F7: 1 | H7: 17190.64 | I7: 17190.64 | J7: 0.0033764585
A8: 2.1 | B8: 01.12.04 | C8: SUDECAP | D8: VISTORIA CAUTELAR - 501M2 < ÁREA CONSTRUÍDA <= 2000M2 | E8: UN | F8: 1 | G8: 951.16 | H8: 1175.06 | I8: 1175.06 | J8: 0.0002307966
A9: 2.2 | B9: 0130042026 | C9: Próprio | D9: ELABORAÇÃO E IMPLANTAÇÃO DO PLANO DE GERENCIAMENTO DE RISCOS (PGR) | E9: UN | F9: 1 | G9: 3452.83 | H9: 4265.62 | I9: 4265.62 | J9: 0.00083782157
A10: 2.3 | B10: CO-19622 | C10: SETOP | D10: ELABORAÇÃO DO PLANO DE GERENCIAMENTO DE RESÍDUOS DE CONSTRUÇÃO CIVIL (PGRCC) | E10: un | F10: 1 | G10: 8508.48 | H10: 10511.37 | I10: 10511.37 | J10: 0.0020645656
A11: 2.4 | B11: 000128 | C11: SBC | D11: CONTROLE TECNOLOGICO DE CONCRETOS | E11: m³ | F11: 1 | G11: 102.59 | H11: 126.73 | I11: 126.73 | J11: 2.489137e-05
A12: 2.5 | B12: 016691 | C12: SBC | D12: ATESTADO PCMSO (NR7)- ANUAL | E12: UN | F12: 1 | G12: 900 | H12: 1111.86 | I12: 1111.86 | J12: 0.00021838333
A13: 3 | D13: TAXAS. LICENÇAS E EMOLUMENTOS | F13: 1 | H13: 412.03 | I13: 412.03 | J13: 8.0927889e-05
A14: 3.1 | B14: 02080425 | C14: Próprio | D14: ANOTAÇÃO DE RESPONSABILIDADE TÉCNICA (ART) PARA CONTRATO, OBRA OU SERVIÇO DE VALOR SUPERIOR A R$ 15.000,00, DE ACORDO COM TABELA VIGENTE CREA-MS; | E14: UN | F14: 1 | G14: 333.52 | H14: 412.03 | I14: 412.03 | J14: 8.0927889e-05
A15: 4 | D15: MOBILIZAÇÃO E DESMOBILIZAÇÃO | F15: 1 | H15: 49292.4 | I15: 49292.4 | J15: 0.0096816491
A16: 4.1 | B16: COMP-000018 | C16: Próprio | D16: MOBILIZAÇÃO E DESMOBILIZAÇÃO | E16: und | F16: 2 | G16: 19949.98 | H16: 24646.2 | I16: 49292.4 | J16: 0.0096816491
A17: 5 | D17: CANTEIRO DE OBRAS | F17: 1 | H17: 208944.49 | I17: 208944.49 | J17: 0.041039333
A18: 5.1 | B18: 102607 | C18: SINAPI | D18: CAIXA D´ÁGUA EM POLIETILENO, 1000 LITROS - FORNECIMENTO E INSTALAÇÃO. AF_06/2021 | E18: UN | F18: 1 | G18: 474.26 | H18: 585.9 | I18: 585.9 | J18: 0.00011507815
A19: 5.2 | B19: 98461 | C19: SINAPI | D19: ESTRUTURA DE MADEIRA PROVISÓRIA PARA SUPORTE DE CAIXA DÁGUA ELEVADA DE 1000 LITROS. AF_03/2024 | E19: UN | F19: 1 | G19: 6517.38 | H19: 8051.57 | I19: 8051.57 | J19: 0.0015814299
A20: 5.3 | B20: 98459 | C20: SINAPI | D20: TAPUME COM TELHA METÁLICA. AF_03/2024 | E20: m² | F20: 130.88 | G20: 80.88 | H20: 99.91 | I20: 13076.22 | J20: 0.0025683345
A21: 5.4 | B21: 97062 | C21: SINAPI | D21: COLOCAÇÃO DE TELA EM ANDAIME FACHADEIRO. AF_03/2024 | E21: m² | F21: 72 | G21: 6.36 | H21: 7.85 | I21: 565.2 | J21: 0.00011101241
A22: 5.5 | B22: 02.05.212 | C22: CPOS/CDHU | D22: ANDAIME TUBULAR FACHADEIRO COM PISO METÁLICO E SAPATAS AJUSTÁVEIS | E22: m²xmês | F22: 720 | G22: 25.22 | H22: 29,07 (BDI 15,28%) | I22: 20930.4 | J22: 0.0041109946
A23: 5.6 | B23: 97063 | C23: SINAPI | D23: MONTAGEM E DESMONTAGEM DE ANDAIME MODULAR FACHADEIRO, COM PISO METÁLICO, PARA EDIFÍCIOS COM MULTIPLOS PAVIMENTOS (EXCLUSIVE ANDAIME E LIMPEZA). AF_03/2024 | E23: m² | F23: 1003.6 | G23: 20.24 | H23: 25 | I23: 25090 | J23: 0.0049279925
A24: 5.7 | B24: 02.05.202 | C24: CPOS/CDHU | D24: ANDAIME TORRE METÁLICO (1,5 X 1,5 M) COM PISO METÁLICO | E24: mxmês | F24: 36.44 | G24: 28.8 | H24: 33,20 (BDI 15,28%) | I24: 1209.8 | J24: 0.00023761998
A25: 5.8 | B25: 97064 | C25: SINAPI | D25: MONTAGEM E DESMONTAGEM DE ANDAIME TUBULAR TIPO "TORRE" (EXCLUSIVE ANDAIME E LIMPEZA). AF_03/2024 | E25: M | F25: 42.02 | G25: 28.02 | H25: 34.61 | I25: 1454.31 | J25: 0.00028564483
A26: 5.9 | B26: 02.08.020 | C26: CPOS/CDHU | D26: PLACA DE IDENTIFICAÇÃO PARA OBRA | E26: m² | F26: 4.5 | G26: 904.27 | H26: 1117.13 | I26: 5027.08 | J26: 0.00098738192
A27: 5.10 | B27: AD 20.20.0100 | C27: SCO | D27: Instalacao e ligacao provisoria de obra de agua e esgoto a rede publica. | E27: un | F27: 1 | G27: 2188.31 | H27: 2703.43 | I27: 2703.43 | J27: 0.00053098775
A28: 5.11 | B28: AD 20.20.0050 | C28: SCO | D28: Instalacao e ligacao provisorias de alimentacao de energia eletrica, em baixa tensao (BT), para canteiro de obras, exclusive o fornecimento do medidor. | E28: un | F28: 1 | G28: 2332.07 | H28: 2881.03 | I28: 2881.03 | J28: 0.00056587063
A29: 5.12 | B29: 16.80.089 | C29: FDE | D29: LIMPEZA DE CAIXA D'AGUA ATE 1000 LITROS | E29: UN | F29: 4 | G29: 66.99 | H29: 82.75 | I29: 331 | J29: 6.5012575e-05
A30: 5.13 | B30: 101909 | C30: SINAPI | D30: EXTINTOR DE INCÊNDIO PORTÁTIL COM CARGA DE PQS DE 6 KG, CLASSE BC - FORNECIMENTO E INSTALAÇÃO. AF_10/2020_PE | E30: UN | F30: 3 | G30: 283.05 | H30: 349.67 | I30: 1049.01 | J30: 0.00020603879
A31: 5.14 | B31: 101905 | C31: SINAPI | D31: EXTINTOR DE INCÊNDIO PORTÁTIL COM CARGA DE ÁGUA PRESSURIZADA DE 10 L, CLASSE A - FORNECIMENTO E INSTALAÇÃO. AF_10/2020_PE | E31: UN | F31: 3 | G31: 250.59 | H31: 309.57 | I31: 928.71 | J31: 0.00018241036
A32: 5.15 | B32: ED-14457 | C32: SETOP | D32: PORTÃO PARA TAPUME FIXO DE PROTEÇÃO COM FECHAMENTO DE OBRA EM TELHA METÁLICA GALVANIZADA, TIPO TRAPEZOIDAL ESP. 0,5MM, COM MÓDULO NA DIMENSÃO DE (300X220)CM, EXCLUSIVE PINTURA ESMALTE | E32: m² | F32: 16 | G32: 146.15 | H32: 180.55 | I32: 2888.8 | J32: 0.00056739676
A33: 5.16 | B33: 190711 | C33: SBC | D33: BEBEDOURO ELETRICO MAX PREMIUN OPTIMAR | E33: UN | F33: 1 | G33: 1140.68 | H33: 1409.19 | I33: 1409.19 | J33: 0.00027678269
A34: 5.17 | B34: 012212 | C34: SBC | D34: BARRACAO PARA DEPOSITO EM CHAPA DE MADEIRA COMPENSADA | E34: m² | F34: 56 | G34: 819.75 | H34: 1012.71 | I34: 56711.76 | J34: 0.011138905
A35: 5.18 | B35: 012209 | C35: SBC | D35: BARRACAO PARA OFICINAS EM CHAPAS DE COMPENSADO | E35: m² | F35: 56 | G35: 860.53 | H35: 1063.09 | I35: 59533.04 | J35: 0.01169304
A36: 5.19 | B36: 91935 | C36: SINAPI | D36: CABO DE COBRE FLEXÍVEL ISOLADO, 16 MM², ANTI-CHAMA 0,6/1,0 KV, PARA CIRCUITOS TERMINAIS - FORNECIMENTO E INSTALAÇÃO. AF_03/2023 | E36: M | F36: 14.42 | G36: 26.07 | H36: 32.2 | I36: 464.32 | J36: 9.1198304e-05
... A42: 5.25 | B42: IT 30.20.0600 | C42: SCO | D42: Refletor, incluindo lampada halogena de 300W, referencia PT-87, Wetzel ou similar. Fornecimento e instalacao. | E42: un | F42: 3 | G42: 132.07 | H42: 163.15 | I42: 489.45 | J42: 9.6134153e-05
A43: 6 | D43: SERVIÇOS PRELIMINARES | F43: 1 | H43: 85251.35 | I43: 85251.35 | J43: 0.01674444
A44: 6.1 | D44: ELABORAÇÃO DE PROJETOS EXECUTIVOS | F44: 1 | H44: 85251.35 | I44: 85251.35 | J44: 0.01674444
A45: 6.1.1 | B45: COMP-000114 | C45: Próprio | D45: REVISÃO DE PROJETO EXECUTIVO DE ESTRUTURA METÁLICA | E45: UND | F45: 1 | G45: 13782.74 | H45: 17027.19 | I45: 17027.19 | J45: 0.0033443549
A46: 6.1.2 | B46: COMP-000116 | C46: Próprio | D46: REVISÃO DE PROJETO EXECUTIVO DE INSTALAÇÃO ELÉTRICA, CABEAMENTO ESTRUTURADO E SPDA | E46: UND | F46: 1 | G46: 17757.68 | H46: 21937.83 | I46: 21937.83 | J46: 0.0043088665
A47: 6.1.3 | B47: COMP-000117 | C47: Próprio | D47: REVISÃO DE PROJETO EXECUTIIVO DE INSTALAÇÕES HIDROSSANITÁRIA E PLUVIAL | E47: UND | F47: 1 | G47: 24224.76 | H47: 29927.26 | I47: 29927.26 | J47: 0.0058780913
A48: 6.1.4 | B48: COMP-000119 | C48: Próprio | D48: REVISÃO DE PROJETO EXECUTIVO DE COMUNICAÇÃO VISUAL | E48: UND | F48: 1 | G48: 1249.02 | H48: 1543.03 | I48: 1543.03 | J48: 0.00030307055
A49: 6.1.5 | B49: COMP-000120 | C49: Próprio | D49: REVISÃO DE PROJETO EXECUTIVO DE PAISAGISMO | E49: UND | F49: 1 | G49: 2772.24 | H49: 3424.82 | I49: 3424.82 | J49: 0.00067267784
A50: 6.1.6 | B50: COMP-000118 | C50: Próprio | D50: REVISÃO E APROVAÇÃO DE PROJETO EXECUTIVO DE PSCIP | E50: UND | F50: 1 | G50: 9220.68 | H50: 11391.22 | I50: 11391.22 | J50: 0.0022373793
A51: 7 | D51: DEMOLIÇÕES E RETIRADAS | F51: 1 | H51: 155212.89 | I51: 155212.89 | J51: 0.030485769
A52: 7.1 | B52: 104789 | C52: SINAPI | D52: DEMOLIÇÃO DE PISO DE CONCRETO SIMPLES, DE FORMA MANUAL, SEM REAPROVEITAMENTO. AF_09/2023 | E52: m³ | F52: 170.06 | G52: 201.59 | H52: 249.04 | I52: 42351.74 | J52: 0.0083184159
A53: 7.2 | B53: 97635 | C53: SINAPI | D53: REMOÇÃO DE PISO DE BLOCO INTERTRAVADO OU DE PEDRA PORTUGUESA, DE FORMA MANUAL, COM REAPROVEITAMENTO. AF_09/2023 | E53: m² | F53: 346.04 | G53: 16.59 | H53: 20.49 | I53: 7090.35 | J53: 0.0013926342
A54: 7.3 | B54: 97647 | C54: SINAPI | D54: REMOÇÃO DE TELHAS DE FIBROCIMENTO METÁLICA E CERÂMICA, DE FORMA MANUAL, SEM REAPROVEITAMENTO. AF_09/2023 | E54: m² | F54: 311.563 | G54: 3.57 | H54: 4.41 | I54: 1373.99 | J54: 0.00026986897
A55: 7.4 | B55: 97650 | C55: SINAPI | D55: REMOÇÃO DE TRAMA DE MADEIRA PARA COBERTURA, DE FORMA MANUAL, SEM REAPROVEITAMENTO. AF_09/2023 | E55: m² | F55: 578.97 | G55: 7.72 | H55: 9.53 | I55: 5517.58 | J55: 0.0010837223
A56: 7.5 | B56: C2210 | C56: SEINFRA | D56: RETIRADA DE PORTAS E JANELAS, INCLUSIVE BATENTES | E56: m² | F56: 305.91 | G56: 18.34 | H56: 22.65 | I56: 6928.86 | J56: 0.0013609155
A57: 7.6 | B57: 97640 | C57: SINAPI | D57: REMOÇÃO DE FORROS DE DRYWALL, PVC E FIBROMINERAL, DE FORMA MANUAL, SEM REAPROVEITAMENTO. AF_09/2023 | E57: m² | F57: 44.08 | G57: 2.04 | H57: 2.52 | I57: 111.08 | J57: 2.1817513e-05
A58: 7.7 | B58: 97622 | C58: SINAPI | D58: DEMOLIÇÃO DE ALVENARIA DE BLOCO FURADO, DE FORMA MANUAL, SEM REAPROVEITAMENTO. AF_09/2023 | E58: m³ | F58: 159.32 | G58: 57.28 | H58: 70.76 | I58: 11273.48 | J58: 0.0022142537
A59: 7.8 | B59: 97626 | C59: SINAPI | D59: DEMOLIÇÃO DE PILARES E VIGAS EM CONCRETO ARMADO, DE FORMA MANUAL, SEM REAPROVEITAMENTO. AF_09/2023 | E59: m³ | F59: 19.37 | G59: 575.69 | H59: 711.2 | I59: 13775.94 | J59: 0.0027057684
A60: 7.9 | B60: 10.50.001 | C60: FDE | D60: DEMOLIÇÃO DE FORRO DE ESTUQUE OU MADEIRA, INCLUSIVE ENTARUGAMENTO | E60: m² | F60: 270.1 | G60: 3.57 | H60: 4.41 | I60: 1191.14 | J60: 0.00023395492
A61: 7.10 | B61: 97629 | C61: SINAPI | D61: DEMOLIÇÃO DE LAJES, EM CONCRETO ARMADO, DE FORMA MECANIZADA COM MARTELETE, SEM REAPROVEITAMENTO. AF_09/2023 | E61: m³ | F61: 39.74 | G61: 89.34 | H61: 110.37 | I61: 4386.1 | J61: 0.00086148536
A62: 7.11 | B62: 13.50.019 | C62: FDE | D62: DEMOLICAO GUARDA-CORPOS EM GERAL INCLUSIVE ARGAMASSA ASSENTAMENTO | E62: M | F62: 9.11 | G62: 2.67 | H62: 3.29 | I62: 29.97 | J62: 5.886486e-06
A63: 7.12 | B63: 04.50.010 | C63: FDE | D63: DEMOLIÇÃO DE DIVISÓRIAS DE MADEIRA INCLUINDO ENTARUGAMENTO | E63: m² | F63: 131 | G63: 6.69 | H63: 8.26 | I63: 1082.06 | J63: 0.00021253023
... A82: 7.31 | B82: 95877 | C82: SINAPI | D82: TRANSPORTE COM CAMINHÃO BASCULANTE DE 18 M³, EM VIA URBANA PAVIMENTADA, DMT ATÉ 30 KM (UNIDADE: M3XKM). AF_07/2020 | E82: M3XKM | F82: 7179.75 | G82: 1.83 | H82: 2.26 | I82: 16226.23 | J82: 0.0031870362
A83: 8 | D83: ALVENARIA | F83: 1 | H83: 35752.14 | I83: 35752.14 | J83: 0.0070221712
A84: 8.1 | B84: COMP-000102 | C84: Próprio | D84: BALAÚSTRE - FORNECIMENTO E INSTALAÇÃO | E84: UN | F84: 4 | G84: 116.89 | H84: 144.4 | I84: 577.6 | J84: 0.00011344793
A85: 8.2 | B85: 101159 | C85: SINAPI | D85: ALVENARIA DE VEDAÇÃO DE BLOCOS CERÂMICOS MACIÇOS DE 5X10X20CM (ESPESSURA 10CM) E ARGAMASSA DE ASSENTAMENTO COM PREPARO EM BETONEIRA. AF_05/2020 | E85: m² | F85: 4.49 | G85: 138.34 | H85: 170.9 | I85: 767.34 | J85: 0.00015071525
A86: 8.3 | B86: 15.01.04 | C86: EMBASA | D86: ALVENARIA DE VEDACAO C/ BLOCO CERAMICO FURADO C/ e=15cm | E86: m² | F86: 182.01 | G86: 84.11 | H86: 103.9 | I86: 18910.83 | J86: 0.0037143255
A87: 8.4 | B87: 15.01.07 | C87: EMBASA | D87: ALVENARIA DE VEDACAO C/ BLOCO CERAMICO FURADO C/ e=20cm | E87: m² | F87: 17.88 | G87: 111.83 | H87: 138.15 | I87: 2470.12 | J87: 0.00048516272
A88: 8.5 | B88: COMP-000085 | C88: Próprio | D88: ALVENARIA DE VEDAÇÃO DE BLOCOS CERÂMICOS FURADOS e=12cm | E88: m² | F88: 1.68 | G88: 86.68 | H88: 107.08 | I88: 179.89 | J88: 3.5332665e-05
A89: 8.6 | B89: COMP-000086 | C89: Próprio | D89: ALVENARIA DE VEDAÇÃO DE BLOCOS CERÂMICOS FURADOS e=25cm | E89: m² | F89: 68.64 | G89: 69.81 | H89: 86.24 | I89: 5919.51 | J89: 0.0011626664
A90: 8.7 | B90: COMP-000087 | C90: Próprio | D90: ALVENARIA DE VEDAÇÃO DE BLOCOS CERÂMICOS FURADOS e=32cm | E90: m² | F90: 3.4 | G90: 78.14 | H90: 96.53 | I90: 328.2 | J90: 6.446262e-05
A91: 8.8 | B91: COMP-000143 | C91: Próprio | D91: GUARDA-CORPO BALAUSTRADO | E91: m³ | F91: 1.3125 | G91: 411.49 | H91: 508.35 | I91: 667.2 | J91: 0.0001310465
A92: 8.9 | B92: 12.016.0022-A | C92: EMOP | D92: PAREDE DRYWALL ESP.73MM,C/MONTANTES AUTOPORTANTES 48MM,ESPAC ADOS ENTRE SI A CADA 400MM,GUIAS HORIZONTAIS 48MM,AMBOS ACO GALV.ESP.0,5MM,C/1 CHAPA GESSO ACARTONADO STANDARD E UMA RU( RESIST.UMIDADE),ADICAO LA MINERAL,ESP.12,5MM,LARG.1200MM,TRA TAMENTO JUNTAS C/MASSA E FITA P/UNIF.DA SUPERF.DAS CHAPAS DE GESSO ACARTONADO.APLIC.EM AREA SECA E UMIDA.FORN.E COLOC. .5MM, 1200X2400MM (LXC) 5MM, 1200X2400MM (LXC) ROPILENO, EM ROLO, DENSIDADE DE 32KGM3, ESP=50MM NTAS DE CHAPA DE GESSO PARA DRYWALL PIDA,P/TRAT. DE JUNTAS DE CHAPA DE GESSO(C/ADICAO DE AGUA) E DRYWALL, ESP=0,5MM, 48X3000MM (LXC) PAREDE DRYWALL, ESP=0,5MM, 48X3000MM (LXC) PONTA AGULHA (TA), COMPRIMENTO 25MM RIMENTO DE HASTE=27MM (ACAO INDIRETA) , INCLUSIVE ENCARGOS SOCIAIS DESONERADOS GOS SOCIAIS DESONERADOS | E92: m² | F92: 17.93 | G92: 118.11 | H92: 145.91 | I92: 2616.16 | J92: 0.00051384682
A93: 8.10 | B93: COMP-000144 | C93: Próprio | D93: PAREDE DE DRYWALL ACÚSTICA (RU E RU) | E93: m² | F93: 16.55 | G93: 162.15 | H93: 200.32 | I93: 3315.29 | J93: 0.00065116477
A94: 9 | D94: COBERTURAS | F94: 1 | H94: 228257.71 | I94: 228257.71 | J94: 0.044832693
A95: 9.1 | B95: COMP-000082 | C95: Próprio | D95: EXECUÇÃO DE ESTRUTURA METALICA PARA COBERTURA INLCUINDO A CONFECÇÃO DE PEÇAS SOLDADAS E MONTAGEM EM COBERTURA DE ATÉ 1 PAVIMENTO SEM A UTILIZAÇÃO DE EQUIPAMENTOS DE ELEVAÇÃO; INCLUSO AINDA PINTURA COM FUNDO ATIOXIDANTE- CONSUMO CONF PROJETO DE 4.246,99 KG | E95: UN | F95: 1 | G95: 118062.91 | H95: 145854.91 | I95: 145854.91 | J95: 0.028647744
A96: 9.2 | B96: 94216 | C96: SINAPI | D96: TELHAMENTO COM TELHA METÁLICA TERMOACÚSTICA E = 30 MM, COM ATÉ 2 ÁGUAS, INCLUSO IÇAMENTO. AF_07/2019 | E96: m² | F96: 270.35 | G96: 184.02 | H96: 227.33 | I96: 61458.66 | J96: 0.012071256
A97: 9.3 | B97: 94231 | C97: SINAPI | D97: RUFO EM CHAPA DE AÇO GALVANIZADO NÚMERO 24, CORTE DE 25 CM, INCLUSO TRANSPORTE VERTICAL. AF_07/2019 | E97: M | F97: 103.78 | G97: 46.03 | H97: 56.86 | I97: 5900.93 | J97: 0.0011590171
A98: 9.4 | B98: 94228 | C98: SINAPI | D98: CALHA EM CHAPA DE AÇO GALVANIZADO NÚMERO 24, DESENVOLVIMENTO DE 50 CM, INCLUSO TRANSPORTE VERTICAL. AF_07/2019 | E98: M | F98: 71.08 | G98: 76.17 | H98: 94.1 | I98: 6688.62 | J98: 0.0013137293
A99: 9.5 | B99: COMP-000124 | C99: Próprio | D99: CHAPIM (RUFO CAPA) EM AÇO GALVANIZADO, CORTE 36 a 43 | E99: M | F99: 94.11 | G99: 43.41 | H99: 53.62 | I99: 5046.17 | J99: 0.00099113143
A100: 9.6 | B100: COMP-000125 | C100: Próprio | D100: CHAPIM (RUFO CAPA) EM AÇO GALVANIZADO, CORTE 26 a 31 | E100: M | F100: 7.4 | G100: 38.06 | H100: 47.01 | I100: 347.87 | J100: 6.8326056e-05
A101: 9.7 | B101: 4283 | C101: ORSE | D101: Ralo hemisférico em fº fº, tipo abacaxi Ø 100mm | E101: un | F101: 13 | G101: 42.55 | H101: 52.56 | I101: 683.28 | J101: 0.00013420481
A102: 9.8 | B102: COMP-000126 | C102: Próprio | D102: PLATIBANDA DE CHAPA METÁLICA COM FECHAMENTOS DE VENEZIANA VENTILADA. | E102: m² | F102: 6.49 | G102: 284.03 | H102: 350.89 | I102: 2277.27 | J102: 0.00044728455
A103: 10 | D103: ESQUADRIAS | F103: 1 | H103: 295720.43 | I103: 295720.43 | J103: 0.058083222
A104: 10.1 | D104: ESQUADRIAS DE MADEIRA | F104: 1 | H104: 167383.68 | I104: 167383.68 | J104: 0.032876266
A105: 10.1.1 | B105: 190105 | C105: AGETOP CIVIL | D105: VIDRO MINI-BOREAL - COLOCADO | E105: m² | F105: 62.38 | G105: 184.95 | H105: 228.48 | I105: 14252.58 | J105: 0.0027993865
A106: 10.1.2 | B106: COMP-000155 | C106: Próprio | D106: Execução de réplicas de esquadrias em madeira de lei, almofadada, inclusive batente, dobradiças e fechadura | E106: m² | F106: 256.13 | G106: 465.84 | H106: 575.49 | I106: 147400.25 | J106: 0.028951268
A107: 10.1.3 | B107: 100683 | C107: SINAPI | D107: KIT DE PORTA DE MADEIRA PARA VERNIZ, SEMI-OCA (LEVE OU MÉDIA), PADRÃO MÉDIO, 80X210CM, ESPESSURA DE 3,5CM, ITENS INCLUSOS: DOBRADIÇAS, MONTAGEM E INSTALAÇÃO DE BATENTE, FECHADURA COM EXECUÇÃO DO FURO - FORNECIMENTO E INSTALAÇÃO. AF_12/2019 | E107: UN | F107: 3 | G107: 1189.51 | H107: 1469.52 | I107: 4408.56 | J107: 0.00086589679
A108: 10.1.4 | B108: 91016 | C108: SINAPI | D108: KIT DE PORTA DE MADEIRA PARA VERNIZ, SEMI-OCA (LEVE OU MÉDIA), PADRÃO MÉDIO, 90X210CM, ESPESSURA DE 3,5CM, ITENS INCLUSOS: DOBRADIÇAS, MONTAGEM E INSTALAÇÃO DO BATENTE, SEM FECHADURA - FORNECIMENTO E INSTALAÇÃO. AF_12/2019 | E108: UN | F108: 1 | G108: 1070.34 | H108: 1322.29 | I108: 1322.29 | J108: 0.00025971443
A109: 10.2 | D109: ESQUADRIAS METÁLICAS | F109: 1 | H109: 128336.75 | I109: 128336.75 | J109: 0.025206956
A110: 10.2.1 | B110: 99855 | C110: SINAPI | D110: CORRIMÃO SIMPLES, DIÂMETRO EXTERNO = 1 1/2", EM AÇO GALVANIZADO PINTADO. AF_04/2019_PS | E110: M | F110: 84.81 | G110: 113.39 | H110: 140.08 | I110: 11880.18 | J110: 0.0023334172
A111: 10.2.2 | B111: COMP-000100 | C111: Próprio | D111: PORTAO DE CORRER AÇO GALV. E TELA DE AÇO GAÇV., FIO 12, MALHA 3X3CM, INCLUSIVE PINTURA - FORNECIMENTO E INSTALACAO | E111: M² | F111: 19.276 | G111: 740.59 | H111: 914.92 | I111: 17635.99 | J111: 0.0034639309
A112: 10.2.3 | B112: 13.40.83 | C112: SUDECAP | D112: GUARDA CORPO MODELO “TUBOS VERTICAIS”, COM MONTANTES D=2”, FIXAÇÃO A CADA 144CM, TUBOS VERTICAIS INTERMEDIÁRIOS D= 1 1/4", CORRIMÃO DUPLO, TUBO INDUSTRIAL CHAPA 16 - 1,50MM | E112: M | F112: 9.96 | G112: 468.72 | H112: 579.05 | I112: 5767.33 | J112: 0.0011327764
A113: 10.2.4 | B113: 13.40.85 | C113: SUDECAP | D113: GUARDA-CORPO MODELO “TIPO TELA”, COM MONTANTES D=2”, A CADA 100CM E FECHAMENTO EM TELA DE ARAME ONDULADO GALVANIZADO FIO Nº 12, FIXADA COM CANTONEIRAS E BARRAS CHATAS, CORRIMÃO DUPLO, TUBO INDUSTRIAL CHAPA 16 - 1,50MM | E113: M | F113: 21.8 | G113: 386.76 | H113: 477.8 | I113: 10416.04 | J113: 0.0020458416
A114: 10.2.5 | B114: 13.40.84 | C114: SUDECAP | D114: GUARDA-CORPO MODELO “TIPO TELA”, COM MONTANTES D=2”, A CADA 100CM E FECHAMENTO EM TELA DE ARAME ONDULADO GALVANIZADO FIO Nº 12, FIXADA COM CANTONEIRAS E BARRAS CHATAS, TUBO INDUSTRIAL CHAPA 16 - 1,50MM | E114: M | F114: 5.61 | G114: 320.29 | H114: 395.68 | I114: 2219.76 | J114: 0.00043598886
A115: 10.2.6 | B115: C1516 | C115: SEINFRA | D115: JANELA DE ALUMÍNIO, TIPO VENEZIANA | E115: m² | F115: 14.62 | G115: 668.68 | H115: 826.08 | I115: 12077.28 | J115: 0.0023721301
A116: 10.2.7 | B116: COMP - 000169 | C116: Próprio | D116: Copia da SINAPI (91341) - PORTA EM ALUMÍNIO DE ABRIR TIPO VENEZIANA COM GUARNIÇÃO, FIXAÇÃO COM PARAFUSOS - FORNECIMENTO E INSTALAÇÃO. AF_10/2025 | E116: m² | F116: 28.06 | G116: 951.14 | H116: 1175.03 | I116: 32971.34 | J116: 0.006475987
A117: 10.2.8 | B117: 100874 | C117: SINAPI | D117: PUXADOR PARA PCD, FIXADO NA PORTA - FORNECIMENTO E INSTALAÇÃO. AF_01/2020 | E117: UN | F117: 8 | G117: 315.64 | H117: 389.94 | I117: 3119.52 | J117: 0.00061271307
A118: 10.2.9 | B118: COMP - 000168 | C118: Próprio | D118: Porta em aço galvanizado e tela de aço glavanizado plastificado fio 12 (1,42 x 2,10m) | E118: un | F118: 1 | G118: 3344.32 | H118: 4131.57 | I118: 4131.57 | J118: 0.00081149246
A119: 10.2.10 | B119: ED-50923 | C119: SETOP | D119: ALÇAPÃO (60X60)CM COM QUADRO DE CANTONEIRA METÁLICA 1"X 1/8", TAMPA EM CANTONEIRA 7/8"X 1/8" E CHAPA METÁLICA Nº18 VINCADA, INCLUSIVE FERROLHO, CADEADO E PINTURA ANTICORROSIVA | E119: un | F119: 1 | G119: 375.69 | H119: 464.12 | I119: 464.12 | J119: 9.1159022e-05
A120: 10.2.11 | B120: COMP - 000159 | C120: Próprio | D120: JANELA FIXA DE FERRO 1,2X1,56M (PARA VIDRO) COM PINTURA ESMALTE SINTÉTICO | E120: m² | F120: 1.87 | G120: 1254.55 | H120: 1549.87 | I120: 2898.25 | J120: 0.00056925286
A121: 10.2.12 | B121: C4830 | C121: SEINFRA | D121: JANELA BASCULANTE EM ALUMÍNIO ANODIZADO NATURAL, EXCLUSIVE VIDRO | E121: m² | F121: 2.4 | G121: 538.24 | H121: 664.94 | I121: 1595.85 | J121: 0.00031344507
... A124: 10.2.15 | B124: 11201 | C124: ORSE | D124: Gradil com quadro em tubo de ferro galvanizado 1 1/4" e tela galvanizada malha 2" | E124: m² | F124: 59 | G124: 281.85 | H124: 348.19 | I124: 20543.21 | J124: 0.0040349456
A125: 11 | D125: REVESTIMENTOS | F125: 1 | H125: 676208.94 | I125: 676208.94 | J125: 0.13281596
...

Sheet Memória
D1: Obra | E1: Bancos | G1: B.D.I. | I1: Encargos Sociais
D2: Restauração do Prédio da Antiga Prefeitura, em Corumbá/MS | E2: SINAPI - 09/2025 - Mato Grosso do Sul SBC - 09/2025 - Mato Grosso do Sul SICRO3 - 07/2025 - Mato Grosso do Sul ORSE - 08/2025 - Sergipe SEDOP - 10/2025 - Pará SEINFRA - 028 - Ceará SETOP - 07/2025 - Minas Gerais IOPES - 07/2025 - Espírito Santo SIURB - 01/2025 - São Paulo SIURB INFRA - 01/2025 - São Paulo SUDECAP - 07/2025 - Minas Gerais CPOS/CDHU - 09/2025 - São Paulo FDE - 07/2025 - São Paulo AGESUL - 06/2025 - Mato Grosso do Sul AGETOP CIVIL - 06/2025 - Goiás EMBASA - 06/2025 - sem_encargos CAERN - 07/2025 - Rio Grande do Norte EMOP - 09/2025 - Rio de Janeiro SCO - 09/2025 - Rio de Janeiro | G2: 23,54% | I2: Não Desonerado: Horista: 107,52% Mensalista: 64,80%
A3: Orçamento Sintético
A4: Item | B4: Código | C4: Banco | D4: Descrição | E4: Und | F4: Quant. | G4: Valor Unit | H4: Valor Unit com BDI | I4: Total | J4: Peso (%)
A5: 1 | D5: ADMINISTRAÇÃO LOCAL | F5: 1 | H5: 1126104.1 | I5: 1126104.1 | J5: 0.22118105
A6: 1.1 | B6: COMP-000019 | C6: Próprio | D6: ADMINISTRAÇÃO LOCAL | E6: und | F6: 1 | G6: 911529.96 | H6: 1126104.1 | I6: 1126104.1 | J6: 0.22118105
A7: 2 | D7: PLANOS, PROGRAMAS E MANUAIS | F7: 1 | H7: 17190.64 | I7: 17190.64 | J7: 0.0033764585
A8: 2.1 | B8: 01.12.04 | C8: SUDECAP | D8: VISTORIA CAUTELAR - 501M2 < ÁREA CONSTRUÍDA <= 2000M2 | E8: UN | F8: 1 | G8: 951.16 | H8: 1175.06 | I8: 1175.06 | J8: 0.0002307966
A9: 2.2 | B9: 0130042026 | C9: Próprio | D9: ELABORAÇÃO E IMPLANTAÇÃO DO PLANO DE GERENCIAMENTO DE RISCOS (PGR) | E9: UN | F9: 1 | G9: 3452.83 | H9: 4265.62 | I9: 4265.62 | J9: 0.00083782157
A10: 2.3 | B10: CO-19622 | C10: SETOP | D10: ELABORAÇÃO DO PLANO DE GERENCIAMENTO DE RESÍDUOS DE CONSTRUÇÃO CIVIL (PGRCC) | E10: un | F10: 1 | G10: 8508.48 | H10: 10511.37 | I10: 10511.37 | J10: 0.0020645656
A11: 2.4 | B11: 000128 | C11: SBC | D11: CONTROLE TECNOLOGICO DE CONCRETOS | E11: m³ | F11: 1 | G11: 102.59 | H11: 126.73 | I11: 126.73 | J11: 2.489137e-05
A12: 2.5 | B12: 016691 | C12: SBC | D12: ATESTADO PCMSO (NR7)- ANUAL | E12: UN | F12: 1 | G12: 900 | H12: 1111.86 | I12: 1111.86 | J12: 0.00021838333
A13: 3 | D13: TAXAS. LICENÇAS E EMOLUMENTOS | F13: 1 | H13: 412.03 | I13: 412.03 | J13: 8.0927889e-05
A14: 3.1 | B14: 02080425 | C14: Próprio | D14: ANOTAÇÃO DE RESPONSABILIDADE TÉCNICA (ART) PARA CONTRATO, OBRA OU SERVIÇO DE VALOR SUPERIOR A R$ 15.000,00, DE ACORDO COM TABELA VIGENTE CREA-MS; | E14: UN | F14: 1 | G14: 333.52 | H14: 412.03 | I14: 412.03 | J14: 8.0927889e-05
A15: 4 | D15: MOBILIZAÇÃO E DESMOBILIZAÇÃO | F15: 1 | H15: 49292.4 | I15: 49292.4 | J15: 0.0096816491
A16: 4.1 | B16: COMP-000018 | C16: Próprio | D16: MOBILIZAÇÃO E DESMOBILIZAÇÃO | E16: und | F16: 2 | G16: 19949.98 | H16: 24646.2 | I16: 49292.4 | J16: 0.0096816491
A17: 5 | D17: CANTEIRO DE OBRAS | F17: 1 | H17: 208944.49 | I17: 208944.49 | J17: 0.041039333
A18: 5.1 | B18: 102607 | C18: SINAPI | D18: CAIXA D´ÁGUA EM POLIETILENO, 1000 LITROS - FORNECIMENTO E INSTALAÇÃO. AF_06/2021 | E18: UN | F18: 1 | G18: 474.26 | H18: 585.9 | I18: 585.9 | J18: 0.00011507815
A19: Local | D19: Descrição | E19: Fórmula | I19: Quantidade
D20: Para atender o periodo de duração da obra | E20: 1 | I20: 1
A21: 5.2 | B21: 98461 | C21: SINAPI | D21: ESTRUTURA DE MADEIRA PROVISÓRIA PARA SUPORTE DE CAIXA DÁGUA ELEVADA DE 1000 LITROS. AF_03/2024 | E21: UN | F21: 1 | G21: 6517.38 | H21: 8051.57 | I21: 8051.57 | J21: 0.0015814299
A22: 5.3 | B22: 98459 | C22: SINAPI | D22: TAPUME COM TELHA METÁLICA. AF_03/2024 | E22: m² | F22: 130.88 | G22: 80.88 | H22: 99.91 | I22: 13076.22 | J22: 0.0025683345
A23: Local | D23: Descrição | E23: Fórmula | I23: Quantidade
D24: Projeto Canteiro de obras - Tabela "Instalações gerais" | E24: 130,88 | I24: 130.88
A25: 5.4 | B25: 97062 | C25: SINAPI | D25: COLOCAÇÃO DE TELA EM ANDAIME FACHADEIRO. AF_03/2024 | E25: m² | F25: 72 | G25: 6.36 | H25: 7.85 | I25: 565.2 | J25: 0.00011101241
A26: Local | D26: Descrição | E26: Fórmula | I26: Quantidade
D27: CONFORME MEMÓRIA DE CÁLCULO NO PROJETO DE CANTEIRO DE OBRAS | E27: 72 | I27: 72
A28: 5.5 | B28: 02.05.212 | C28: CPOS/CDHU | D28: ANDAIME TUBULAR FACHADEIRO COM PISO METÁLICO E SAPATAS AJUSTÁVEIS | E28: m²xmês | F28: 720 | G28: 25.22 | H28: 29,07 (BDI 15,28%) | I28: 20930.4 | J28: 0.0041109946
A29: Local | D29: Descrição | E29: Fórmula | I29: Quantidade
D30: CONFORME MEMÓRIA DE CÁLCULO NO PROJETO DE CANTEIRO DE OBRAS | E30: 720 | I30: 720
A31: 5.6 | B31: 97063 | C31: SINAPI | D31: MONTAGEM E DESMONTAGEM DE ANDAIME MODULAR FACHADEIRO, COM PISO METÁLICO, PARA EDIFÍCIOS COM MULTIPLOS PAVIMENTOS (EXCLUSIVE ANDAIME E LIMPEZA). AF_03/2024 | E31: m² | F31: 1003.6 | G31: 20.24 | H31: 25 | I31: 25090 | J31: 0.0049279925
A32: Local | D32: Descrição | E32: Fórmula | I32: Quantidade
D33: CONFORME MEMÓRIA DE CÁLCULO NO PROJETO DE CANTEIRO DE OBRAS | E33: 1003,6 | I33: 1003.6
A34: 5.7 | B34: 02.05.202 | C34: CPOS/CDHU | D34: ANDAIME TORRE METÁLICO (1,5 X 1,5 M) COM PISO METÁLICO | E34: mxmês | F34: 36.44 | G34: 28.8 | H34: 33,20 (BDI 15,28%) | I34: 1209.8 | J34: 0.00023761998
A35: Local | D35: Descrição | E35: Fórmula | I35: Quantidade
D36: CONFORME MEMÓRIA DE CÁLCULO NO PROJETO DE CANTEIRO DE OBRAS | E36: 36,44 | I36: 36.44
A37: 5.8 | B37: 97064 | C37: SINAPI | D37: MONTAGEM E DESMONTAGEM DE ANDAIME TUBULAR TIPO "TORRE" (EXCLUSIVE ANDAIME E LIMPEZA). AF_03/2024 | E37: M | F37: 42.02 | G37: 28.02 | H37: 34.61 | I37: 1454.31 | J37: 0.00028564483
A38: Local | D38: Descrição | E38: Fórmula | I38: Quantidade
D39: CONFORME MEMÓRIA DE CÁLCULO NO PROJETO DE CANTEIRO DE OBRAS | E39: 42,02 | I39: 42.02
A40: 5.9 | B40: 02.08.020 | C40: CPOS/CDHU | D40: PLACA DE IDENTIFICAÇÃO PARA OBRA | E40: m² | F40: 4.5 | G40: 904.27 | H40: 1117.13 | I40: 5027.08 | J40: 0.00098738192
A41: Local | D41: Descrição | E41: Fórmula | I41: Quantidade
D42: Proporção PAC 1:2 | E42: 1,5*3 | I42: 4.5
A43: 5.10 | B43: AD 20.20.0100 | C43: SCO | D43: Instalacao e ligacao provisoria de obra de agua e esgoto a rede publica. | E43: un | F43: 1 | G43: 2188.31 | H43: 2703.43 | I43: 2703.43 | J43: 0.00053098775
A44: 5.11 | B44: AD 20.20.0050 | C44: SCO | D44: Instalacao e ligacao provisorias de alimentacao de energia eletrica, em baixa tensao (BT), para canteiro de obras, exclusive o fornecimento do medidor. | E44: un | F44: 1 | G44: 2332.07 | H44: 2881.03 | I44: 2881.03 | J44: 0.00056587063
A45: 5.12 | B45: 16.80.089 | C45: FDE | D45: LIMPEZA DE CAIXA D'AGUA ATE 1000 LITROS | E45: UN | F45: 4 | G45: 66.99 | H45: 82.75 | I45: 331 | J45: 6.5012575e-05
A46: Local | D46: Descrição | E46: Fórmula | I46: Quantidade
D47: Projeto Canteiro de obras: A CAIXA D´ÁGUA PROVISÓRIA DEVERÁ SER HIGIENIZADA A CADA 3 MESES | E47: 12/3 | I47: 4
A48: 5.13 | B48: 101909 | C48: SINAPI | D48: EXTINTOR DE INCÊNDIO PORTÁTIL COM CARGA DE PQS DE 6 KG, CLASSE BC - FORNECIMENTO E INSTALAÇÃO. AF_10/2020_PE | E48: UN | F48: 3 | G48: 283.05 | H48: 349.67 | I48: 1049.01 | J48: 0.00020603879
A49: Local | D49: Descrição | E49: Fórmula | I49: Quantidade
D50: Projeto Canteiro de obras - Tabela "Instalações gerais" | E50: 3 | I50: 3
A51: 5.14 | B51: 101905 | C51: SINAPI | D51: EXTINTOR DE INCÊNDIO PORTÁTIL COM CARGA DE ÁGUA PRESSURIZADA DE 10 L, CLASSE A - FORNECIMENTO E INSTALAÇÃO. AF_10/2020_PE | E51: UN | F51: 3 | G51: 250.59 | H51: 309.57 | I51: 928.71 | J51: 0.00018241036
A52: Local | D52: Descrição | E52: Fórmula | I52: Quantidade
D53: Projeto Canteiro de obras - Tabela "Instalações gerais" | E53: 3 | I53: 3
A54: 5.15 | B54: ED-14457 | C54: SETOP | D54: PORTÃO PARA TAPUME FIXO DE PROTEÇÃO COM FECHAMENTO DE OBRA EM TELHA METÁLICA GALVANIZADA, TIPO TRAPEZOIDAL ESP. 0,5MM, COM MÓDULO NA DIMENSÃO DE (300X220)CM, EXCLUSIVE PINTURA ESMALTE | E54: m² | F54: 16 | G54: 146.15 | H54: 180.55 | I54: 2888.8 | J54: 0.00056739676
A55: Local | D55: Descrição | E55: Fórmula | I55: Quantidade
D56: Projeto Canteiro de obras - Tabela "Instalações gerais" | E56: 4*2*2 | I56: 16
A57: 5.16 | B57: 190711 | C57: SBC | D57: BEBEDOURO ELETRICO MAX PREMIUN OPTIMAR | E57: UN | F57: 1 | G57: 1140.68 | H57: 1409.19 | I57: 1409.19 | J57: 0.00027678269
A58: Local | D58: Descrição | E58: Fórmula | I58: Quantidade
D59: Projeto Canteiro de obras - Tabela "Instalações gerais" | E59: 1 | I59: 1
A60: 5.17 | B60: 012212 | C60: SBC | D60: BARRACAO PARA DEPOSITO EM CHAPA DE MADEIRA COMPENSADA | E60: m² | F60: 56 | G60: 819.75 | H60: 1012.71 | I60: 56711.76 | J60: 0.011138905
A61: Local | D61: Descrição | E61: Fórmula | I61: Quantidade
D62: Projeto Canteiro de obras - Tabela "Instalações gerais" | E62: 2*28 | I62: 56
A63: 5.18 | B63: 012209 | C63: SBC | D63: BARRACAO PARA OFICINAS EM CHAPAS DE COMPENSADO | E63: m² | F63: 56 | G63: 860.53 | H63: 1063.09 | I63: 59533.04 | J63: 0.01169304
A64: Local | D64: Descrição | E64: Fórmula | I64: Quantidade
D65: Projeto Canteiro de obras - Tabela "Instalações gerais" | E65: 2*28 | I65: 56
A66: 5.19 | B66: 91935 | C66: SINAPI | D66: CABO DE COBRE FLEXÍVEL ISOLADO, 16 MM², ANTI-CHAMA 0,6/1,0 KV, PARA CIRCUITOS TERMINAIS - FORNECIMENTO E INSTALAÇÃO. AF_03/2023 | E66: M | F66: 14.42 | G66: 26.07 | H66: 32.2 | I66: 464.32 | J66: 9.1198304e-05
A67: Local | D67: Descrição | E67: Fórmula | I67: Quantidade
D68: Projeto Canteiro de obras - Tabela "Instalações gerais" | E68: 12,92+1,50 | I68: 14.42
A69: 5.20 | B69: 104790 | C69: SINAPI | D69: DEMOLIÇÃO DE PISO DE CONCRETO SIMPLES, DE FORMA MECANIZADA COM MARTELETE, SEM REAPROVEITAMENTO. AF_09/2023 | E69: m³ | F69: 1.06 | G69: 108.64 | H69: 134.21 | I69: 142.26 | J69: 2.7941658e-05
A70: Local | D70: Descrição | E70: Fórmula | I70: Quantidade
D71: Projeto Canteiro de obras - Tabela "Instalações gerais": 3,52*0,3 | E71: 1,06 | I71: 1.06
A72: 5.21 | B72: 93358 | C72: SINAPI | D72: ESCAVAÇÃO MANUAL DE VALA. AF_09/2024 | E72: m³ | F72: 1.05 | G72: 85.91 | H72: 106.13 | I72: 111.43 | J72: 2.1886257e-05
A73: Local | D73: Descrição | E73: Fórmula | I73: Quantidade
D74: Projeto Canteiro de obras - Tabela "Instalações gerais" | E74: 1,05 | I74: 1.05
A75: 5.22 | B75: 93382 | C75: SINAPI | D75: REATERRO MANUAL DE VALAS, COM COMPACTADOR DE SOLOS DE PERCUSSÃO. AF_08/2023 | E75: m³ | F75: 1.05 | G75: 26.05 | H75: 32.18 | I75: 33.78 | J75: 6.6348181e-06
A76: Local | D76: Descrição | E76: Fórmula | I76: Quantidade
D77: Projeto Canteiro de obras - Tabela "Instalações gerais" | E77: 1,05 | I77: 1.05
A78: 5.23 | B78: 86902 | C78: SINAPI | D78: LAVATÓRIO LOUÇA BRANCA COM COLUNA, *44 X 35,5* CM, PADRÃO POPULAR - FORNECIMENTO E INSTALAÇÃO. AF_01/2020 | E78: UN | F78: 4 | G78: 331.18 | H78: 409.13 | I78: 1636.52 | J78: 0.00032143317
A79: Local | D79: Descrição | E79: Fórmula | I79: Quantidade
D80: Projeto Canteiro de obras - Tabela "Instalações gerais" | E80: 4 | I80: 4
A81: 5.24 | B81: 190224 | C81: SEDOP | D81: Caixa de descarga plastica - externa | E81: un | F81: 6 | G81: 221.29 | H81: 273.38 | I81: 1640.28 | J81: 0.00032217168
A82: Local | D82: Descrição | E82: Fórmula | I82: Quantidade
D83: Projeto Canteiro de obras - Tabela "Instalações gerais" | E83: 6 | I83: 6
A84: 5.25 | B84: IT 30.20.0600 | C84: SCO | D84: Refletor, incluindo lampada halogena de 300W, referencia PT-87, Wetzel ou similar. Fornecimento e instalacao. | E84: un | F84: 3 | G84: 132.07 | H84: 163.15 | I84: 489.45 | J84: 9.6134153e-05
A85: Local | D85: Descrição | E85: Fórmula | I85: Quantidade
D86: Projeto Canteiro de obras - Tabela "Instalações gerais" | E86: 3 | I86: 3
A87: 6 | D87: SERVIÇOS PRELIMINARES | F87: 1 | H87: 85251.35 | I87: 85251.35 | J87: 0.01674444
A88: 6.1 | D88: ELABORAÇÃO DE PROJETOS EXECUTIVOS | F88: 1 | H88: 85251.35 | I88: 85251.35 | J88: 0.01674444
A89: 6.1.1 | B89: COMP-000114 | C89: Próprio | D89: REVISÃO DE PROJETO EXECUTIVO DE ESTRUTURA METÁLICA | E89: UND | F89: 1 | G89: 13782.74 | H89: 17027.19 | I89: 17027.19 | J89: 0.0033443549
A90: 6.1.2 | B90: COMP-000116 | C90: Próprio | D90: REVISÃO DE PROJETO EXECUTIVO DE INSTALAÇÃO ELÉTRICA, CABEAMENTO ESTRUTURADO E SPDA | E90: UND | F90: 1 | G90: 17757.68 | H90: 21937.83 | I90: 21937.83 | J90: 0.0043088665
A91: 6.1.3 | B91: COMP-000117 | C91: Próprio | D91: REVISÃO DE PROJETO EXECUTIIVO DE INSTALAÇÕES HIDROSSANITÁRIA E PLUVIAL | E91: UND | F91: 1 | G91: 24224.76 | H91: 29927.26 | I91: 29927.26 | J91: 0.0058780913
A92: 6.1.4 | B92: COMP-000119 | C92: Próprio | D92: REVISÃO DE PROJETO EXECUTIVO DE COMUNICAÇÃO VISUAL | E92: UND | F92: 1 | G92: 1249.02 | H92: 1543.03 | I92: 1543.03 | J92: 0.00030307055
A93: 6.1.5 | B93: COMP-000120 | C93: Próprio | D93: REVISÃO DE PROJETO EXECUTIVO DE PAISAGISMO | E93: UND | F93: 1 | G93: 2772.24 | H93: 3424.82 | I93: 3424.82 | J93: 0.00067267784
A94: 6.1.6 | B94: COMP-000118 | C94: Próprio | D94: REVISÃO E APROVAÇÃO DE PROJETO EXECUTIVO DE PSCIP | E94: UND | F94: 1 | G94: 9220.68 | H94: 11391.22 | I94: 11391.22 | J94: 0.0022373793
A95: 7 | D95: DEMOLIÇÕES E RETIRADAS | F95: 1 | H95: 155212.89 | I95: 155212.89 | J95: 0.030485769
A96: 7.1 | B96: 104789 | C96: SINAPI | D96: DEMOLIÇÃO DE PISO DE CONCRETO SIMPLES, DE FORMA MANUAL, SEM REAPROVEITAMENTO. AF_09/2023 | E96: m³ | F96: 170.06 | G96: 201.59 | H96: 249.04 | I96: 42351.74 | J96: 0.0083184159
A97: Local | D97: Descrição | E97: Fórmula | I97: Quantidade
D98: Arquivo: 04 - Memória de Cálculo 01 - Antiga Prefeitura.xls ou pdf | E98: 106,12+11,07+52,87 | I98: 170.06
A99: 7.2 | B99: 97635 | C99: SINAPI | D99: REMOÇÃO DE PISO DE BLOCO INTERTRAVADO OU DE PEDRA PORTUGUESA, DE FORMA MANUAL, COM REAPROVEITAMENTO. AF_09/2023 | E99: m² | F99: 346.04 | G99: 16.59 | H99: 20.49 | I99: 7090.35 | J99: 0.0013926342
A100: Local | D100: Descrição | E100: Fórmula | I100: Quantidade
...

Sheet CPUs
C1: Composições Analíticas com Preço Unitário | E1: Bancos | G1: B.D.I. | I1: Encargos Sociais
C2: Restauração do Prédio da Antiga Prefeitura, em Corumbá/MS | E2: SINAPI - 09/2025 - Mato Grosso do Sul SBC - 09/2025 - Mato Grosso do Sul SICRO3 - 07/2025 - Mato Grosso do Sul ORSE - 08/2025 - Sergipe SEDOP - 10/2025 - Pará SEINFRA - 028 - Ceará SETOP - 07/2025 - Minas Gerais IOPES - 07/2025 - Espírito Santo SIURB - 01/2025 - São Paulo SIURB INFRA - 01/2025 - São Paulo SUDECAP - 07/2025 - Minas Gerais CPOS/CDHU - 09/2025 - São Paulo FDE - 07/2025 - São Paulo AGESUL - 06/2025 - Mato Grosso do Sul AGETOP CIVIL - 06/2025 - Goiás EMBASA - 06/2025 - sem_encargos CAERN - 07/2025 - Rio Grande do Norte EMOP - 09/2025 - Rio de Janeiro SCO - 09/2025 - Rio de Janeiro | G2: 23,54% | I2: Não Desonerado: Horista: 107,52% Mensalista: 64,80%
A3: Composições Analíticas com Preço Unitário
A4: Composições Principais
A5: 1.1 | B5: Código | C5: Banco | D5: Descrição | E5: Tipo | G5: Und | H5: Quant. | I5: Porcent. | J5: Valor Unit | K5: Total
A6: Composição | B6: COMP-000019 | C6: Próprio | D6: ADMINISTRAÇÃO LOCAL | E6: CANT - CANTEIRO DE OBRAS | G6: und | H6: 1 | J6: 911529.96 | K6: 911529.96
A7: Composição Auxiliar | B7: 100534 | C7: SINAPI | D7: TECNICO DE EDIFICACOES COM ENCARGOS COMPLEMENTARES | E7: Livro SINAPI: Cálculos e Parâmetros | G7: MES | H7: 12 | I7: 0 | J7: 4294.83 | K7: 51537.96
A8: Composição Auxiliar | B8: 100289 | C8: SINAPI | D8: VIGIA DIURNO COM ENCARGOS COMPLEMENTARES | E8: Livro SINAPI: Cálculos e Parâmetros | G8: H | H8: 2640 | I8: 0 | J8: 21.47 | K8: 56680.8
A9: Composição Auxiliar | B9: 88326 | C9: SINAPI | D9: VIGIA NOTURNO COM ENCARGOS COMPLEMENTARES | E9: SEDI - SERVIÇOS DIVERSOS | G9: H | H9: 2640 | I9: 0 | J9: 24.62 | K9: 64996.8
A10: Composição Auxiliar | B10: 93570 | C10: SINAPI | D10: ARQUITETO PLENO COM ENCARGOS COMPLEMENTARES | E10: Livro SINAPI: Cálculos e Parâmetros | G10: MES | H10: 12 | I10: 0 | J10: 22683.68 | K10: 272204.16
A11: Composição Auxiliar | B11: 93567 | C11: SINAPI | D11: ENGENHEIRO CIVIL DE OBRA PLENO COM ENCARGOS COMPLEMENTARES | E11: Livro SINAPI: Cálculos e Parâmetros | G11: MES | H11: 12 | I11: 0 | J11: 23134.16 | K11: 277609.92
A12: Composição Auxiliar | B12: 100321 | C12: SINAPI | D12: TÉCNICO EM SEGURANÇA DO TRABALHO COM ENCARGOS COMPLEMENTARES | E12: Livro SINAPI: Cálculos e Parâmetros | G12: MES | H12: 12 | I12: 0 | J12: 6097.42 | K12: 73169.04
A13: Composição Auxiliar | B13: 93563 | C13: SINAPI | D13: ALMOXARIFE COM ENCARGOS COMPLEMENTARES | E13: Livro SINAPI: Cálculos e Parâmetros | G13: MES | H13: 12 | I13: 0 | J13: 4312.14 | K13: 51745.68
A14: Composição Auxiliar | B14: 93572 | C14: SINAPI | D14: ENCARREGADO GERAL DE OBRAS COM ENCARGOS COMPLEMENTARES | E14: Livro SINAPI: Cálculos e Parâmetros | G14: MES | H14: 12 | I14: 0 | J14: 5298.8 | K14: 63585.6
F15: MO sem LS => | G15: 502190.44 | H15: LS => | I15: 343805 | J15: MO com LS => | K15: 845995.44
F16: Valor do BDI => | G16: 214574.15 | H16: Valor com BDI => | K16: 1126104.1
A18: 2.1 | B18: Código | C18: Banco | D18: Descrição | E18: Tipo | G18: Und | H18: Quant. | I18: Porcent. | J18: Valor Unit | K18: Total
A19: Composição | B19: 01.12.04 | C19: SUDECAP | D19: VISTORIA CAUTELAR - 501M2 < ÁREA CONSTRUÍDA <= 2000M2 | E19: 1.12 | G19: UN | H19: 1 | J19: 951.16 | K19: 951.16
A20: Insumo | B20: 94.11.01 | C20: SUDECAP | D20: ENCADERNAÇÃO A4 ACETATO, PVC/CROMICOTE, COM ESPIRAL | E20: Material | G20: UN | H20: 1 | I20: 0 | J20: 4.5 | K20: 4.5
A21: Insumo | B21: 94.09.11 | C21: SUDECAP | D21: XEROX COLORIDO FORMATO A4 | E21: Material | G21: UN | H21: 20 | I21: 0 | J21: 2 | K21: 40
A22: Insumo | B22: 55.20.05 | C22: SUDECAP | D22: ENGENHEIRO INTERMEDIÁRIO (CARGA HORÁRIA 8H/DIA) | E22: Mão de Obra | G22: MES | H22: 0.031892 | I22: 0 | J22: 23949.65 | K22: 763.8
A23: Insumo | B23: 94.12.02 | C23: SUDECAP | D23: PLOTAGEM SULFITE FORMATO A3 MÍNIMO 75G/M2 | E23: Material | G23: UN | H23: 8 | I23: 0 | J23: 2.6 | K23: 20.8
A24: Insumo | B24: 94.07.01 | C24: SUDECAP | D24: XEROX PRETO/BRANCO - FORMATO A4 | E24: Material | G24: UN | H24: 80 | I24: 0 | J24: 0.1 | K24: 8
A25: Insumo | B25: 55.15.07 | C25: SUDECAP | D25: TÉCNICO INTERMEDIÁRIO | E25: Mão de Obra | G25: H | H25: 2.6 | I25: 0 | J25: 31.2 | K25: 81.12
A26: Insumo | B26: 68.01.03 | C26: SUDECAP | D26: ETANOL | E26: Material | G26: L | H26: 1 | I26: 0 | J26: 3.82 | K26: 3.82
A27: Insumo | B27: 54.40.06 | C27: SUDECAP | D27: LOCAÇÃO VEÍCULO POPULAR MOTOR 1.0 COM AR E SEGURO | E27: Equipamento | G27: MES | H27: 0.01 | I27: 0 | J27: 2912.05 | K27: 29.12
F28: MO sem LS => | G28: 502.56 | H28: LS => | I28: 342.36 | J28: MO com LS => | K28: 844.92
F29: Valor do BDI => | G29: 223.9 | H29: Valor com BDI => | K29: 1175.06
A31: 2.2 | B31: Código | C31: Banco | D31: Descrição | E31: Tipo | G31: Und | H31: Quant. | I31: Porcent. | J31: Valor Unit | K31: Total
A32: Composição | B32: 0130042026 | C32: Próprio | D32: ELABORAÇÃO E IMPLANTAÇÃO DO PLANO DE GERENCIAMENTO DE RISCOS (PGR) | E32: SERT - SERVIÇOS TÉCNICOS | G32: UN | H32: 1 | J32: 3452.83 | K32: 3452.83
A33: Composição Auxiliar | B33: 100309 | C33: SINAPI | D33: TÉCNICO EM SEGURANÇA DO TRABALHO COM ENCARGOS COMPLEMENTARES | E33: Livro SINAPI: Cálculos e Parâmetros | G33: H | H33: 20 | I33: 0 | J33: 34.82 | K33: 696.4
A34: Composição Auxiliar | B34: 90778 | C34: SINAPI | D34: ENGENHEIRO CIVIL DE OBRA PLENO COM ENCARGOS COMPLEMENTARES | E34: Livro SINAPI: Cálculos e Parâmetros | G34: H | H34: 20 | I34: 0 | J34: 132.67 | K34: 2653.4
A35: Insumo | B35: 02150425 | C35: Próprio | D35: ANOTAÇÃO DE RESPONSABILIDADE TÉCNICA (ART) PARA CONTRATO, OBRA OU SERVIÇO DE VALOR ATÉ R$15.000,00, DE ACORDO COM A TABELA VIGENTE CREA/MS; - decisão plenária n. 615/2024 do Confea | E35: Taxas | G35: UN | H35: 1 | I35: 0 | J35: 103.03 | K35: 103.03
F36: MO sem LS => | G36: 1569.19 | H36: LS => | I36: 1687.21 | J36: MO com LS => | K36: 3256.4
F37: Valor do BDI => | G37: 812.79 | H37: Valor com BDI => | K37: 4265.62
A39: 2.3 | B39: Código | C39: Banco | D39: Descrição | E39: Tipo | G39: Und | H39: Quant. | I39: Valor Unit | J39: Total
A40: Composição | B40: CO-19622 | C40: SETOP | D40: ELABORAÇÃO DO PLANO DE GERENCIAMENTO DE RESÍDUOS DE CONSTRUÇÃO CIVIL (PGRCC) | E40: CO- | G40: un | H40: 1 | I40: 8508.48 | J40: 8508.48
F41: Custo Horário da Execução (A) + (B) + (C) | J41: 0
F42: (D) Produção de Equipe | J42: 1
F43: (E) Custo Unitário da Execução [(A) + (B) + (C)] / (D) | J43: 0
A44: G | B44: Código | C44: Banco | D44: Serviços | E44: Quantidade | F44: Unidade | G44: Preço Unitário | J44: Custo Horário
A45: Composição | B45: CO-27498 | C45: SETOP | D45: TÉCNICO DE NÍVEL MÉDIO, INCLUSIVE ENCARGOS COMPLEMENTARES | E45: 48 | F45: hora | G45: 38,93 | J45: 1.868,64
A46: Composição | B46: CO-33081 | C46: SETOP | D46: ENGENHEIRO AMBIENTAL, NÍVEL PLENO, INCLUSIVE ENCARGOS COMPLEMENTARES | E46: 48 | F46: hora | G46: 138,33 | J46: 6.639,84
F47: (G)Total: | J47: 8508.48
E48: MO sem LS => | F48: 0 | G48: LS => | H48: 8160.96 | I48: MO com LS => | J48: 8160.9648
E49: Valor do BDI => | F49: 2002.89 | H49: Valor com BDI => | J49: 10511.37
A51: 2.4 | B51: Código | C51: Banco | D51: Descrição | E51: Tipo | G51: Und | H51: Quant. | I51: Porcent. | J51: Valor Unit | K51: Total
A52: Composição | B52: 000128 | C52: SBC | D52: CONTROLE TECNOLOGICO DE CONCRETOS | E52: PROJETOS | G52: m³ | H52: 1 | J52: 102.59 | K52: 102.59
A53: Insumo | B53: 008823 | C53: SBC | D53: ENSAIO - ENSAIO DE RESISTENCIA A COMPRESSAO SIMPLES - CONCRETO | E53: Material | G53: UN | H53: 1 | I53: 0 | J53: 100.69 | K53: 100.69
A54: Insumo | B54: 099237 | C54: SBC | D54: ENGENHEIRO CIVIL PLENO (220HORAS) | E54: Mão de Obra | G54: H | H54: 0.009 | I54: 0 | J54: 121.71048 | K54: 1.09
A55: Insumo | B55: 099311 | C55: SBC | D55: ENCARREGADO DE TURMA | E55: Mão de Obra | G55: H | H55: 0.037 | I55: 0 | J55: 21.99712 | K55: 0.81
F56: MO sem LS => | G56: 0.91 | H56: LS => | I56: 0.99 | J56: MO com LS => | K56: 1.9
F57: Valor do BDI => | G57: 24.14 | H57: Valor com BDI => | K57: 126.73
A59: 2.5 | B59: Código | C59: Banco | D59: Descrição | E59: Tipo | G59: Und | H59: Quant. | I59: Porcent. | J59: Valor Unit | K59: Total
A60: Composição | B60: 016691 | C60: SBC | D60: ATESTADO PCMSO (NR7)- ANUAL | E60: DESPESAS LEGAIS | G60: UN | H60: 1 | J60: 900 | K60: 900
A61: Insumo | B61: 087756 | C61: SBC | D61: ATESTADO - NR-7 PCMSO ANUAL | E61: Material | G61: UN | H61: 1 | I61: 0 | J61: 900 | K61: 900
F62: MO sem LS => | G62: 0 | H62: LS => | I62: 0 | J62: MO com LS => | K62: 0
F63: Valor do BDI => | G63: 211.86 | H63: Valor com BDI => | K63: 1111.86
A65: 3.1 | B65: Código | C65: Banco | D65: Descrição | E65: Tipo | G65: Und | H65: Quant. | I65: Porcent. | J65: Valor Unit | K65: Total
A66: Composição | B66: 02080425 | C66: Próprio | D66: ANOTAÇÃO DE RESPONSABILIDADE TÉCNICA (ART) PARA CONTRATO, OBRA OU SERVIÇO DE VALOR SUPERIOR A R$ 15.000,00, DE ACORDO COM TABELA VIGENTE CREA-MS; | E66: SEDI - SERVIÇOS DIVERSOS | G66: UN | H66: 1 | J66: 333.52 | K66: 333.52
A67: Insumo | B67: 0230042025 | C67: Próprio | D67: ANOTAÇÃO DE RESPONSABILIDADE TÉCNICA (ART) PARA CONTRATO, OBRA OU SERVIÇO DE VALOR SUPERIOR A R$ 15.000,00, DE ACORDO COM TABELA VIGENTE CREA-MS; | E67: Taxas | G67: UN | H67: 1 | I67: 0 | J67: 333.52 | K67: 333.52
F68: MO sem LS => | G68: 0 | H68: LS => | I68: 0 | J68: MO com LS => | K68: 0
F69: Valor do BDI => | G69: 78.51 | H69: Valor com BDI => | K69: 412.03
A71: 4.1 | B71: Código | C71: Banco | D71: Descrição | E71: Tipo | G71: Und | H71: Quant. | I71: Porcent. | J71: Valor Unit | K71: Total
A72: Composição | B72: COMP-000018 | C72: Próprio | D72: MOBILIZAÇÃO E DESMOBILIZAÇÃO | E72: CANT - CANTEIRO DE OBRAS | G72: und | H72: 1 | J72: 19949.98 | K72: 19949.98
A73: Composição Auxiliar | B73: 91634 | C73: SINAPI | D73: GUINDAUTO HIDRÁULICO, CAPACIDADE MÁXIMA DE CARGA 6500 KG, MOMENTO MÁXIMO DE CARGA 5,8 TM, ALCANCE MÁXIMO HORIZONTAL 7,60 M, INCLUSIVE CAMINHÃO TOCO PBT 9.700 KG, POTÊNCIA DE 160 CV - CHP DIURNO. AF_08/2015 | E73: Custos Horários Produtivo e Improdutivo dos Equipamentos | G73: CHP | H73: 30 | I73: 0 | J73: 232.61 | K73: 6978.3
A74: Composição Auxiliar | B74: 88309 | C74: SINAPI | D74: PEDREIRO COM ENCARGOS COMPLEMENTARES | E74: Livro SINAPI: Cálculos e Parâmetros | G74: H | H74: 40 | I74: 0 | J74: 27.11 | K74: 1084.4
A75: Composição Auxiliar | B75: 88267 | C75: SINAPI | D75: ENCANADOR OU BOMBEIRO HIDRÁULICO COM ENCARGOS COMPLEMENTARES | E75: Livro SINAPI: Cálculos e Parâmetros | G75: H | H75: 12 | I75: 0 | J75: 26.39 | K75: 316.68
A76: Composição Auxiliar | B76: 88316 | C76: SINAPI | D76: SERVENTE COM ENCARGOS COMPLEMENTARES | E76: Livro SINAPI: Cálculos e Parâmetros | G76: H | H76: 40 | I76: 0 | J76: 21.72 | K76: 868.8
A77: Composição Auxiliar | B77: 88264 | C77: SINAPI | D77: ELETRICISTA COM ENCARGOS COMPLEMENTARES | E77: Livro SINAPI: Cálculos e Parâmetros | G77: H | H77: 12 | I77: 0 | J77: 29.75 | K77: 357
A78: Composição Auxiliar | B78: 91031 | C78: SINAPI | D78: CAMINHÃO TRUCADO (C/ TERCEIRO EIXO) ELETRÔNICO - POTÊNCIA 231CV - PBT = 22000KG - DIST. ENTRE EIXOS 5170 MM - INCLUI CARROCERIA FIXA ABERTA DE MADEIRA - CHP DIURNO. AF_06/2015 | E78: Custos Horários Produtivo e Improdutivo dos Equipamentos | G78: CHP | H78: 40 | I78: 0 | J78: 258.62 | K78: 10344.8
F79: MO sem LS => | G79: 1675.66 | H79: LS => | I79: 1801.68 | J79: MO com LS => | K79: 3477.34
F80: Valor do BDI => | G80: 4696.22 | H80: Valor com BDI => | K80: 24646.2
A82: 5.1 | B82: Código | C82: Banco | D82: Descrição | E82: Tipo | G82: Und | H82: Quant. | I82: Porcent. | J82: Valor Unit | K82: Total
A83: Composição | B83: 102607 | C83: SINAPI | D83: CAIXA D´ÁGUA EM POLIETILENO, 1000 LITROS - FORNECIMENTO E INSTALAÇÃO. AF_06/2021 | E83: Caixas de Água para Edificações | G83: UN | H83: 1 | J83: 474.26 | K83: 474.26
A84: Composição Auxiliar | B84: 88267 | C84: SINAPI | D84: ENCANADOR OU BOMBEIRO HIDRÁULICO COM ENCARGOS COMPLEMENTARES | E84: Livro SINAPI: Cálculos e Parâmetros | G84: H | H84: 0.151 | I84: 0 | J84: 26.39 | K84: 3.98
A85: Composição Auxiliar | B85: 88248 | C85: SINAPI | D85: AUXILIAR DE ENCANADOR OU BOMBEIRO HIDRÁULICO COM ENCARGOS COMPLEMENTARES | E85: Livro SINAPI: Cálculos e Parâmetros | G85: H | H85: 0.151 | I85: 0 | J85: 21.7 | K85: 3.27
A86: Insumo | B86: 00034636 | C86: SINAPI | D86: CAIXA D'AGUA / RESERVATORIO EM POLIETILENO, 1000 LITROS, COM TAMPA | E86: Material | G86: UN | H86: 1 | I86: 0 | J86: 467.01 | K86: 467.01
F87: MO sem LS => | G87: 2.68 | H87: LS => | I87: 2.89 | J87: MO com LS => | K87: 5.57
F88: Valor do BDI => | G88: 111.64 | H88: Valor com BDI => | K88: 585.9
A90: 5.2 | B90: Código | C90: Banco | D90: Descrição | E90: Tipo | G90: Und | H90: Quant. | I90: Porcent. | J90: Valor Unit | K90: Total
A91: Composição | B91: 98461 | C91: SINAPI | D91: ESTRUTURA DE MADEIRA PROVISÓRIA PARA SUPORTE DE CAIXA DÁGUA ELEVADA DE 1000 LITROS. AF_03/2024 | E91: Instalações para Canteiros de Obras | G91: UN | H91: 1 | J91: 6517.38 | K91: 6517.38
A92: Composição Auxiliar | B92: 88239 | C92: SINAPI | D92: AJUDANTE DE CARPINTEIRO COM ENCARGOS COMPLEMENTARES | E92: Livro SINAPI: Cálculos e Parâmetros | G92: H | H92: 24.263 | I92: 0 | J92: 22.08 | K92: 535.72
A93: Composição Auxiliar | B93: 91692 | C93: SINAPI | D93: SERRA CIRCULAR DE BANCADA COM MOTOR ELÉTRICO POTÊNCIA DE 5HP, COM COIFA PARA DISCO 10" - CHP DIURNO. AF_08/2015 | E93: Custos Horários Produtivo e Improdutivo dos Equipamentos | G93: CHP | H93: 0.1263 | I93: 0 | J93: 30.44 | K93: 3.84
A94: Composição Auxiliar | B94: 88262 | C94: SINAPI | D94: CARPINTEIRO DE FORMAS COM ENCARGOS COMPLEMENTARES | E94: Livro SINAPI: Cálculos e Parâmetros | G94: H | H94: 36.331 | I94: 0 | J94: 26.69 | K94: 969.67
A95: Composição Auxiliar | B95: 91693 | C95: SINAPI | D95: SERRA CIRCULAR DE BANCADA COM MOTOR ELÉTRICO POTÊNCIA DE 5HP, COM COIFA PARA DISCO 10" - CHI DIURNO. AF_08/2015 | E95: Custos Horários Produtivo e Improdutivo dos Equipamentos | G95: CHI | H95: 0.5075 | I95: 0 | J95: 28.9 | K95: 14.66
A96: Insumo | B96: 00004491 | C96: SINAPI | D96: PONTALETE *7,5 X 7,5* CM EM PINUS, MISTA OU EQUIVALENTE DA REGIAO - BRUTA | E96: Material | G96: M | H96: 25.96 | I96: 0 | J96: 7.04 | K96: 182.75
A97: Insumo | B97: 00006194 | C97: SINAPI | D97: TABUA *2,5 X 15 CM EM PINUS, MISTA OU EQUIVALENTE DA REGIAO - BRUTA | E97: Material | G97: M | H97: 17.6 | I97: 0 | J97: 5.02 | K97: 88.35
A98: Insumo | B98: 00001347 | C98: SINAPI | D98: CHAPA/PAINEL DE MADEIRA COMPENSADA PLASTIFICADA (MADEIRITE PLASTIFICADO) PARA FORMA DE CONCRETO, DE 2200 X 1100 MM, E = 12 MM | E98: Material | G98: m² | H98: 4.2 | I98: 0 | J98: 62.48 | K98: 262.41
A99: Insumo | B99: 00006212 | C99: SINAPI | D99: TABUA *2,5 X 30 CM EM PINUS, MISTA OU EQUIVALENTE DA REGIAO - BRUTA | E99: Material | G99: M | H99: 89.1 | I99: 0 | J99: 11.67 | K99: 1039.79
A100: Insumo | B100: 00005061 | C100: SINAPI | D100: PREGO DE ACO POLIDO COM CABECA 18 X 27 (2 1/2 X 10) | E100: Material | G100: KG | H100: 1.292 | I100: 0 | J100: 19.4 | K100: 25.06
A101: Insumo | B101: 00002747 | C101: SINAPI | D101: MOURAO ROLICO DE MADEIRA TRATADA, D = 16 A 20 CM, H = 2,20 M, EM EUCALIPTO OU EQUIVALENTE DA REGIAO (PARA CERCA) | E101: Material | G101: M | H101: 59.4 | I101: 0 | J101: 49.62 | K101: 2947.42
A102: Insumo | B102: 00034492 | C102: SINAPI | D102: CONCRETO USINADO BOMBEAVEL, CLASSE DE RESISTENCIA C20, COM BRITA 0 E 1, SLUMP = 100 +/- 20 MM, EXCLUI SERVICO DE BOMBEAMENTO (NBR 8953) | E102: Material | G102: m³ | H102: 0.8291 | I102: 0 | J102: 540 | K102: 447.71
F103: MO sem LS => | G103: 557.46 | H103: LS => | I103: 599.39 | J103: MO com LS => | K103: 1156.85
F104: Valor do BDI => | G104: 1534.19 | H104: Valor com BDI => | K104: 8051.57
A106: 5.3 | B106: Código | C106: Banco | D106: Descrição | E106: Tipo | G106: Und | H106: Quant. | I106: Porcent. | J106: Valor Unit | K106: Total
A107: Composição | B107: 98459 | C107: SINAPI | D107: TAPUME COM TELHA METÁLICA. AF_03/2024 | E107: Instalações para Canteiros de Obras | G107: m² | H107: 1 | J107: 80.88 | K107: 80.88
A108: Composição Auxiliar | B108: 88262 | C108: SINAPI | D108: CARPINTEIRO DE FORMAS COM ENCARGOS COMPLEMENTARES | E108: Livro SINAPI: Cálculos e Parâmetros | G108: H | H108: 0.735 | I108: 0 | J108: 26.69 | K108: 19.61
A109: Composição Auxiliar | B109: 91693 | C109: SINAPI | D109: SERRA CIRCULAR DE BANCADA COM MOTOR ELÉTRICO POTÊNCIA DE 5HP, COM COIFA PARA DISCO 10" - CHI DIURNO. AF_08/2015 | E109: Custos Horários Produtivo e Improdutivo dos Equipamentos | G109: CHI | H109: 0.0264 | I109: 0 | J109: 28.9 | K109: 0.76
A110: Composição Auxiliar | B110: 88239 | C110: SINAPI | D110: AJUDANTE DE CARPINTEIRO COM ENCARGOS COMPLEMENTARES | E110: Livro SINAPI: Cálculos e Parâmetros | G110: H | H110: 0.492 | I110: 0 | J110: 22.08 | K110: 10.86
...

Sheet Mapa de cotações
A1: COTAÇÕES DE MERCADO
A2: MENOR | B2: > QUANDO A MENOR COTAÇÃO FOR MAIOR QUE 85% DA MÉDIA DAS COTAÇÕES, ADOTAMOS A MENOR COTAÇÃO;
A3: MÉDIA | B3: > QUANDO A MENOR COTAÇÃO FOR MAIOR QUE 70% E MENOR QUE 85% DA MÉDIA DAS COTAÇÕES, ADOTAMOS A MÉDIA DAS COTAÇÕES;
A4: MEDIANA | B4: > QUANDO A MENOR COTAÇÃO FOR MENOR QUE 70% DA MÉDIA DAS COTAÇÕES, ADOTAMOS A COTAÇÃO MEDIANA.
A6: INS-15243373 | B6: BALAUSTRE DE CONCRETO
A7: EMPRESA 01 | B7: EMPRESA 02 | C7: EMPRESA 03 | D7: MET. CÁLCULO | E7: VALOR ADOTADO
A8: Artefatos de Concreto Tubolar LTDA | CNPJ: 75.116.962/0001-00 | B8: Creative Materiais Para Construcao LTDA CNPJ: 45.917.453/0001-15 | C8: REQUINTE LAZER (WILLY CORREA SOARES ME) | CNPJ: 08.340.318/0001-23 | D8: MÉDIA | E8: =IF(SUM(A12:C12)>0,AVERAGE(A12:C12),0) -> 32.333333
A9: https://tubolaronline.com.br/produto/balaustres/?attribute_modelo=B7 | B9: https://www.creativelazerpedras.com.br/construcao/balaustres/balaustre-0-60-m-de-altura-fofaozinho-unidade | C9: https://www.requintelazer.com.br/balaustres/balaustre-perna-de-moca-0-60-m-de-altura?parceiro=6192&srsltid=AfmBOorzC_C_HoL6GHPjCzLTDina3TPuhNaBH3G0Vip8brkqt9VWNxx-PhI | D9: MENOR | E9: =MIN(A12:C12) -> 27
A10: Contato: (41) 9 9653-0909 | B10: Contato: (11) 94776-2423 | C10: Contato: (11) 91205-4722 | D10: PORCENTAGEM | E10: =IFERROR(E9*100/E8,"") -> 83.505155
A11: 45965 | B11: 45965 | C11: 45965 | E11: =IF(E10>=85,$A$2,(IF(AND(E10>70,E10<85),$A$3,$A$4))) -> MÉDIA
A12: =135/5 -> 27 | B12: 35 | C12: 35 | E12: =SUM(A12:C12)/3 -> 32.333333
A14: INS-15243374 | B14: FONTE BLINDADA
A15: EMPRESA 01 | B15: EMPRESA 02 | C15: EMPRESA 03 | D15: MET. CÁLCULO | E15: VALOR ADOTADO
A16: Ilumisul - Materiais elétricos e iluminação / CNPJ: 80.655.053/0001-80 | B16: Leroy Merlin Cia Brasileira de Bricolagem / CNPJ: 01.438.784/0001-05 | C16: J J Comunicação Visual Ltda - CNPJ: 06.321.705/0001-97 | D16: MÉDIA | E16: =IF(SUM(A20:C20)>0,AVERAGE(A20:C20),0) -> 239.86667
A17: https://www.ilumisul.com.br/ProdutoId_11181,92/Iluminacao/Fontes--Transformadores/Fonte-Blindada-IP67-12V-83A-100W-Bivolt---Nordecor.html?srsltid=AfmBOorcRhKkM3laC8QaFmk-eEXR4VDFOkoqN3ir8ruIYq5_ErqAfRHMkTg | B17: https://www.leroymerlin.com.br/fonte-driver-200w-48v-4a-ip65-blindada-para-trilho-magnetico_1571923555?region=outros | C17: https://www.ledmaisled.com.br/produtos/fonte-blindada-360w-30a-12vdc-220v/?variant=741676962&pf=mc | D17: MENOR | E17: =MIN(A20:C20) -> 202.9
A18: Contato: (47) 3263-0340 | B18: Contato: 0800 020 5376 | C18: Contato: (15) 3228-6470 | D18: PORCENTAGEM | E18: =IFERROR(E17*100/E16,"") -> 84.58866
A19: 45966 | B19: 45966 | C19: 45966 | E19: =IF(E18>=85,$A$2,(IF(AND(E18>70,E18<85),$A$3,$A$4))) -> MÉDIA
A20: 266.7 | B20: 250 | C20: 202.9 | E20: =SUM(A20:C20)/3 -> 239.86667
A22: INS-15243375 | B22: LAJOTA CERÂMICA
A23: EMPRESA 01 | B23: EMPRESA 02 | C23: EMPRESA 03 | D23: MET. CÁLCULO | E23: VALOR ADOTADO
A24: BMB Material de Construcao S.A. - CNPJ: 23.476.033/0001-08 | B24: Temfer Material de Construção Ltda CNPJ: 63.022.024/0001-61 | C24: Sodimac (Construdecor S.A.) / CNPJ: 03.439.316/0001-72 | D24: MÉDIA | E24: =IF(SUM(A28:C28)>0,AVERAGE(A28:C28),0) -> 3.2366667
A25: https://www.obramax.com.br/lajota-ceramica-h6-89429333/p?idsku=6718&srsltid=AfmBOoqlFrSAeE35hNP2f742OOsKoA_Ue2vSqyR013fQX946Ed30dHrvlRs | B25: https://www.temfer.com.br/material-basico/concreto/lajes/lajota-ceramica-para-laje-h-08?parceiro=7542&srsltid=AfmBOop-VGasZLIaUIqGyQIbICPwg-DGlm6HxxOsXugL4oYj9_PvS6t0YM4 | C25: https://www.sodimac.com.br/sodimac-br/product/1799139/lajota-ceramica-p-laje-h6-6x20x33cm-mta/1799139/?srsltid=AfmBOornVLniaA_ODi9DYxluvIud5PEICjHAWaCA6GkEsUztqbsc70D- | D25: MENOR | E25: =MIN(A28:C28) -> 2.12
A26: Contato: (11) 3003-3400 | B26: Contato: 11 5033-5500 | C26: Contato: 0800-7634622 | D26: PORCENTAGEM | E26: =IFERROR(E25*100/E24,"") -> 65.499485
A27: 45968 | B27: 45968 | C27: 45968 | E27: =IF(E26>=85,$A$2,(IF(AND(E26>70,E26<85),$A$3,$A$4))) -> MEDIANA
A28: 2.12 | B28: 5.1 | C28: 2.49 | E28: 2.49
A30: INS-15243376 | B30: VASO PARA PLANTIO DA PALMEIRA RHAPIS
A31: EMPRESA 01 | B31: EMPRESA 02 | C31: EMPRESA 03 | D31: MET. CÁLCULO | E31: VALOR ADOTADO
A32: ARTE DECORE IND COM LTDA - CNPJ: 38.023.367/0001-01 | B32: VASAP INDUSTRIA COMERCIO E DISTRIBUIÇÃO LTDA - CNPJ: 06.271.056/0001-67 | C32: A & A - INDUSTRIA DE ROTOMOLDAGEM DO BRASIL EIRELI - CNPJ: 27.730.876/0001-40 | D32: MÉDIA | E32: =IF(SUM(A36:C36)>0,AVERAGE(A36:C36),0) -> 252.94333
A33: https://www.artedecorebae.com.br/produtos/vaso-para-plantas-polietileno-decorativo-redondo-grande-n32/ | B33: https://www.vasap.com.br/vietnamita-70/p?idsku=549 | C33: https://www.verdegarden.com.br/vaso-alto-de-polietileno-para-plantas-area-interna-e-externa | D33: MENOR | E33: =MIN(A36:C36) -> 164.9
A34: Contato: (35)98428-4813 | B34: Contato: (62) 98423-8305 | C34: Contato: (19) 98920-5300 | D34: PORCENTAGEM | E34: =IFERROR(E33*100/E32,"") -> 65.192467
A35: 45983 | B35: 45983 | C35: 45983 | E35: =IF(E34>=85,$A$2,(IF(AND(E34>70,E34<85),$A$3,$A$4))) -> MEDIANA
A36: 164.9 | B36: 313.93 | C36: 280 | E36: 280

Sheet Curva ABC de Insumos
D1: Obra | E1: Bancos | H1: Encargos Sociais
D2: Restauração do Prédio da Antiga Prefeitura, em Corumbá/MS | E2: SINAPI - 09/2025 - Mato Grosso do Sul SBC - 09/2025 - Mato Grosso do Sul SICRO3 - 07/2025 - Mato Grosso do Sul ORSE - 08/2025 - Sergipe SEDOP - 10/2025 - Pará SEINFRA - 028 - Ceará SETOP - 07/2025 - Minas Gerais IOPES - 07/2025 - Espírito Santo SIURB - 01/2025 - São Paulo SIURB INFRA - 01/2025 - São Paulo SUDECAP - 07/2025 - Minas Gerais CPOS/CDHU - 09/2025 - São Paulo FDE - 07/2025 - São Paulo AGESUL - 06/2025 - Mato Grosso do Sul AGETOP CIVIL - 06/2025 - Goiás EMBASA - 06/2025 - sem_encargos CAERN - 07/2025 - Rio Grande do Norte EMOP - 09/2025 - Rio de Janeiro SCO - 09/2025 - Rio de Janeiro | H2: Não Desonerado: Horista: 107,52% Mensalista: 64,80%
A3: Curva ABC de Insumos
A4: Código | B4: Banco | C4: Grupo | D4: Descrição | E4: Tipo | F4: Und | G4: Quantidade | I4: Valor Unitário | K4: Total | N4: Peso | O4: Valor Acumulado | P4: Peso Acumulado
H5: Improdutiva | I5: Operativa | J5: Improdutiva | K5: Operativa | L5: Improdutiva | M5: Geral
A6: 00040813 | B6: SINAPI | D6: ENGENHEIRO CIVIL DE OBRA PLENO (MENSALISTA) | E6: Mão de Obra | F6: MES | G6: 12,1334400 | I6: 22.450,20 | K6: 272.398,15 | M6: 272398.15 | N6: 6,57% | O6: 272398.15 | P6: 6,57%
A7: 00040816 | B7: SINAPI | D7: ARQUITETO PLENO (MENSALISTA) | E7: Mão de Obra | F7: MES | G7: 12,0751200 | I7: 22.110,95 | K7: 266.992,37 | M7: 266992.37 | N7: 6,44% | O7: 539390.53 | P7: 13,01%
A8: 00010497 | B8: SINAPI | D8: VIDRO COMUM LAMINADO, LISO, INCOLOR, TRIPLO, ESPESSURA TOTAL 12 MM (CADA CAMADA E= 4 MM) - COLOCADO | E8: Serviços | F8: m² | G8: 151,7200000 | I8: 1.737,44 | K8: 263.604,40 | M8: 263604.4 | N8: 6,36% | O8: 802994.93 | P8: 19,37%
A9: 00006111 | B9: SINAPI | D9: SERVENTE DE OBRAS (HORISTA) | E9: Mão de Obra | F9: H | G9: 8.943,8348839 | I9: 15,27 | K9: 136.572,36 | M9: 136572.36 | N9: 3,29% | O9: 939567.28 | P9: 22,67%
A10: 00042419 | B10: SINAPI | D10: AR CONDICIONADO SPLIT INVERTER, PISO TETO, 36000 BTU/H, CICLO FRIO, 60HZ, CLASSIFICACAO ENERGETICA A OU B (SELO PROCEL), GAS HFC, CONTROLE S/FIO | E10: Equipamento para Aquisição Permanente | F10: UN | G10: 9,0000000 | I10: 11.526,24 | K10: 103.736,16 | M10: 103736.16 | N10: 2,50% | O10: 1043303.4 | P10: 25,17%
A11: 14323 | B11: ORSE | D11: Elevador social para 08 passageiros ou 600 kg com acionamento convencional sem casa de máquinas no fosso, 03 paradas - dist. 11,27m, dim. cabine 1100x1400x2200mm, velocidade de 0,75m/s, 01 entrada, acabamento em aço inox. Obra - Complexo de Glória | E11: Serviços | F11: un | G11: 1,0000000 | I11: 98.680,00 | K11: 98.680,00 | M11: 98680 | N11: 2,38% | O11: 1141983.4 | P11: 27,55%
A12: 00042420 | B12: SINAPI | D12: AR CONDICIONADO SPLIT INVERTER, PISO TETO, 48000 BTU/H, CICLO FRIO, 60HZ, CLASSIFICACAO ENERGETICA A OU B (SELO PROCEL), GAS HFC, CONTROLE S/FIO | E12: Equipamento para Aquisição Permanente | F12: UN | G12: 6,0000000 | I12: 15.841,97 | K12: 95.051,82 | M12: 95051.82 | N12: 2,29% | O12: 1237035.3 | P12: 29,84%
A13: 8966 | B13: ORSE | D13: Porta em madeira de lei muiracatiara com almofadas | E13: Material | F13: m² | G13: 153,6780000 | I13: 454,14 | K13: 69.791,33 | M13: 69791.327 | N13: 1,68% | O13: 1306826.6 | P13: 31,52%
A14: 00040944 | B14: SINAPI | D14: TECNICO EM SEGURANCA DO TRABALHO (MENSALISTA) | E14: Mão de Obra | F14: MES | G14: 12,1624800 | I14: 5.571,34 | K14: 67.761,31 | M14: 67761.311 | N14: 1,63% | O14: 1374587.9 | P14: 33,16%
A15: 00004750 | B15: SINAPI | D15: PEDREIRO (HORISTA) | E15: Mão de Obra | F15: H | G15: 3.219,8872761 | I15: 20,46 | K15: 65.878,89 | M15: 65878.894 | N15: 1,59% | O15: 1440466.8 | P15: 34,75%
A16: 00004783 | B16: SINAPI | D16: PINTOR (HORISTA) | E16: Mão de Obra | F16: H | G16: 2.805,6005194 | I16: 20,46 | K16: 57.402,59 | M16: 57402.587 | N16: 1,38% | O16: 1497869.4 | P16: 36,13%
A17: 00040818 | B17: SINAPI | D17: ENCARREGADO GERAL DE OBRAS (MENSALISTA) | E17: Mão de Obra | F17: MES | G17: 12,1916400 | I17: 4.680,64 | K17: 57.064,68 | M17: 57064.678 | N17: 1,38% | O17: 1554934.1 | P17: 37,51%
... A129: 00043494 | B129: SINAPI | D129: EPI - FAMILIA ALMOXARIFE - MENSALISTA (ENCARGOS COMPLEMENTARES - COLETADO CAIXA) | E129: Material | F129: MES | G129: 36,0000000 | I129: 153,54 | K129: 5.527,44 | M129: 5527.44 | N129: 0,13% | O129: 3414869.3 | P129: 82,38%
A130: INS-15243374 | B130: Próprio | D130: FONTE BLINDADA | E130: Equipamento | F130: UN | G130: 23,0000000 | H130: 0,0000000 | I130: 239,87 | J130: 239,87 | K130: 5.517,01 | L130: 0,00 | M130: 5517.01 | N130: 0,13% | O130: 3420386.3 | P130: 82,51%
A131: 6641 | B131: ORSE | D131: Chapa de alumínio 1mm - dimensão 2,00 x 1,00 m | E131: Material | F131: m² | G131: 47,2185000 | I131: 116,84 | K131: 5.517,01 | M131: 5517.0095 | N131: 0,13% | O131: 3425903.3 | P131: 82,64%
A132: 00038877 | B132: SINAPI | D132: MASSA PREMIUM PARA TEXTURA LISA DE BASE ACRILICA, USO INTERNO E EXTERNO | E132: Material | F132: KG | G132: 810,2402840 | I132: 6,67 | K132: 5.404,30 | M132: 5404.3027 | N132: 0,13% | O132: 3431307.6 | P132: 82,77%
A133: 00004230 | B133: SINAPI | D133: OPERADOR DE MAQUINAS E TRATORES DIVERSOS - TERRAPLANAGEM (HORISTA) | E133: Mão de Obra | F133: H | G133: 229,5126175 | I133: 23,47 | K133: 5.386,66 | M133: 5386.6611 | N133: 0,13% | O133: 3436694.3 | P133: 82,90%
A134: 55.10.88 | B134: SUDECAP | D134: SERVENTE DE OBRAS | E134: Mão de Obra | F134: H | G134: 270,0314283 | I134: 19,24 | K134: 5.195,40 | M134: 5195.4047 | N134: 0,13% | O134: 3441889.7 | P134: 83,03%
A135: MOED-20151 | B135: SETOP | D135: PINTOR (MODALIDADE: HORISTA|ENCARGOS SOCIAIS: INCLUSO) | E135: Mão de Obra | F135: H | G135: 209,9227174 | I135: 24,13 | K135: 5.065,16 | M135: 5065.1623 | N135: 0,12% | O135: 3446954.8 | P135: 83,15%
A136: 099300 | B136: SBC | D136: ARMADOR ou FERREIRO | E136: Mão de Obra | F136: H | G136: 264,6717000 | I136: 19,11 | K136: 5.058,56 | M136: 5058.5622 | N136: 0,12% | O136: 3452013.4 | P136: 83,27%
A137: 00006111/SINAPI | B137: ORSE | D137: Servente de obras (horista) | E137: Mão de Obra | F137: h | G137: 346,6173250 | I137: 14,58 | K137: 5.055,01 | M137: 5055.0116 | N137: 0,12% | O137: 3457068.4 | P137: 83,39%
A138: 00039665 | B138: SINAPI | D138: TUBO DE COBRE FLEXIVEL, D = 5/8", E = 0,79 MM, PARA AR-CONDICIONADO/ INSTALACOES GAS RESIDENCIAIS E COMERCIAIS | E138: Material | F138: M | G138: 94,2136112 | I138: 53,49 | K138: 5.039,49 | M138: 5039.4861 | N138: 0,12% | O138: 3462107.9 | P138: 83,52%
A139: 00000998 | B139: SINAPI | D139: CABO DE COBRE, FLEXIVEL, CLASSE 4 OU 5, ISOLACAO EM PVC/A, ANTICHAMA BWF-B, COBERTURA PVC-ST1, ANTICHAMA BWF-B, 1 CONDUTOR, 0,6/1 KV, SECAO NOMINAL 95 MM2 | E139: Material | F139: M | G139: 52,1415000 | I139: 95,01 | K139: 4.953,96 | M139: 4953.9639 | N139: 0,12% | O139: 3467061.8 | P139: 83,64%
A140: 00004015 | B140: SINAPI | D140: MANTA ASFALTICA ELASTOMERICA EM POLIESTER 4 MM, TIPO III, CLASSE B, ACABAMENTO PP (NBR 9952) | E140: Material | F140: m² | G140: 71,1965100 | I140: 69,20 | K140: 4.926,80 | M140: 4926.7985 | N140: 0,12% | O140: 3471988.6 | P140: 83,75%
A141: MAT103201 | B141: SCO | D141: Planta - Especie vegetal de (2,50 a 3,50)m, Palmeira Syagrus Romanzoffiana (Baba-de-Boi / Geriva) ou similar | E141: Material | F141: un | G141: 25,0000000 | I141: 193,80 | K141: 4.845,00 | M141: 4845 | N141: 0,12% | O141: 3476833.6 | P141: 83,87%
A142: 00000626 | B142: SINAPI | D142: MANTA LIQUIDA DE BASE ASFALTICA MODIFICADA COM A ADICAO DE ELASTOMEROS DILUIDOS EM SOLVENTE ORGANICO, APLICACAO A FRIO (MEMBRANA DE EMULSAO ASFALTICA PARA IMPERMEABILIZACAO FLEXIVEL) | E142: Material | F142: KG | G142: 269,8650000 | I142: 17,77 | K142: 4.795,50 | M142: 4795.501 | N142: 0,12% | O142: 3481629.1 | P142: 83,99%
... A173: 00001381 | B173: SINAPI | D173: ARGAMASSA COLANTE AC I PARA CERAMICAS | E173: Material | F173: KG | G173: 3.735,3970030 | I173: 0,90 | K173: 3.361,86 | M173: 3361.8573 | N173: 0,08% | O173: 3605547.5 | P173: 86,98%
A174: INS-15243376 | B174: Próprio | D174: VASO PARA PLANTIO DA PALMEIRA RHAPIS | E174: Equipamento | F174: UN | G174: 12,0000000 | H174: 0,0000000 | I174: 280,00 | J174: 280,00 | K174: 3.360,00 | L174: 0,00 | M174: 3360 | N174: 0,08% | O174: 3608907.5 | P174: 87,06%
A175: 00041679 | B175: SINAPI | D175: MEIO-FIO OU GUIA DE CONCRETO PRE-MOLDADO, COMP 1 M, *20 X 12/15* CM (H X L1/L2) | E175: Material | F175: UN | G175: 115,8061500 | I175: 28,91 | K175: 3.347,96 | M175: 3347.9558 | N175: 0,08% | O175: 3612255.4 | P175: 87,14%
A176: 008652 | B176: SBC | D176: ACABAMENTO PARA VALVULA DE DESCARGA PARA PCD ECO CONFORTO 4900CCONF HYDRA | E176: Material | F176: UN | G176: 6,0000000 | I176: 555,70 | K176: 3.334,20 | M176: 3334.2 | N176: 0,08% | O176: 3615589.6 | P176: 87,22%
A177: 033838 | B177: SBC | D177: ARGAMASSA PORCELANATO INTERNO E EXTERNO BRANCA AXTON (5 kg/ | E177: Material | F177: KG | G177: 1.442,0500000 | I177: 2,30 | K177: 3.316,72 | M177: 3316.715 | N177: 0,08% | O177: 3618906.3 | P177: 87,30%
A178: 00000995 | B178: SINAPI | D178: CABO DE COBRE, FLEXIVEL, CLASSE 4 OU 5, ISOLACAO EM PVC/A, ANTICHAMA BWF-B, COBERTURA PVC-ST1, ANTICHAMA BWF-B, 1 CONDUTOR, 0,6/1 KV, SECAO NOMINAL 16 MM2 | E178: Material | F178: M | G178: 204,4398280 | I178: 16,14 | K178: 3.299,66 | M178: 3299.6588 | N178: 0,08% | O178: 3622206 | P178: 87,38%
A179: 00013279 | B179: SINAPI | D179: CHUMBADOR DE ACO TIPO PARABOLT, * 5/8" X 200* MM, COM PORCA E ARRUELA | E179: Material | F179: KG | G179: 140,9100000 | I179: 23,24 | K179: 3.274,75 | M179: 3274.7484 | N179: 0,08% | O179: 3625480.7 | P179: 87,46%
A180: 00001333 | B180: SINAPI | D180: CHAPA DE ACO GROSSA, ASTM A36, E = 1/2" (12,70 MM) 99,59 KG/M2 | E180: Material | F180: KG | G180: 405,4365000 | I180: 7,93 | K180: 3.215,11 | M180: 3215.1114 | N180: 0,08% | O180: 3628695.9 | P180: 87,54%
A181: B010000091 | B181: EMBASA | D181: PEDREIRO / ENCANADOR / ARTIFICE | E181: Mão de Obra | F181: H | G181: 309,6690000 | I181: 10,29 | K181: 3.186,49 | M181: 3186.494 | N181: 0,08% | O181: 3631882.4 | P181: 87,61%
A182: 00037553 | B182: SINAPI | D182: ARGAMASSA INDUSTRIALIZADA PARA CHAPISCO COLANTE | E182: Material | F182: KG | G182: 1.726,4091600 | I182: 1,84 | K182: 3.176,59 | M182: 3176.5929 | N182: 0,08% | O182: 3635058.9 | P182: 87,69%
A183: 099550 | B183: SBC | D183: PINTOR | E183: Mão de Obra | F183: H | G183: 165,9957000 | I183: 19,11 | K183: 3.172,61 | M183: 3172.6081 | N183: 0,08% | O183: 3638231.6 | P183: 87,77%
A184: N.04.000.020357 | B184: CPOS/CDHU | D184: PLACA PARA IDENTIFICAÇÃO DA OBRA, EM CHAPA DE AÇO N° 18, GALVANIZADO COM TRATAMENTO ANTICORROSIVO PADRÃO | E184: Material | F184: m² | G184: 4,5000000 | I184: 704,11 | K184: 3.168,50 | M184: 3168.495 | N184: 0,08% | O184: 3641400 | P184: 87,84%
A185: 00001114 | B185: SINAPI | D185: RUFO INTERNO DE CHAPA DE ACO GALVANIZADA NUM 26, CORTE 50 CM | E185: Material | F185: M | G185: 108,2265000 | I185: 28,97 | K185: 3.135,32 | M185: 3135.3217 | N185: 0,08% | O185: 3644535.4 | P185: 87,92%
A186: 00004759 | B186: SINAPI | D186: CALCETEIRO / RASTELEIRO (HORISTA) | E186: Mão de Obra | F186: H | G186: 168,5410347 | I186: 18,53 | K186: 3.123,07 | M186: 3123.0654 | N186: 0,08% | O186: 3647658.4 | P186: 87,99%
... A635: 1682 | B635: AGESUL | D635: ARMACAO DE PILAR OU VIGA DE ESTRUTURA UTILIZANDO ACO CA-50, MEDIA, DIAM. 8,0MM - FORNECIMENTO, CORTE, DOBRA E COLOCACAO (C/ PERDA DE 11%) (COMP. 0601002165) | E635: Material | F635: KG | G635: 15,8400000 | I635: 12,47 | K635: 197,52 | M635: 197.5248 | N635: 0,00% | O635: 4120042.6 | P635: 99,39%
A636: 11249 | B636: ORSE | D636: Serra circular eletrica portatil | E636: Equipamento | F636: un | G636: 0,2015776 | H636: 0,0000000 | I636: 979,65 | J636: 0,00 | K636: 197,48 | L636: 0,00 | M636: 197.4755 | N636: 0,00% | O636: 4120240.1 | P636: 99,39%
A637: 008383 | B637: SBC | D637: GESSO PARA REVESTIMENTO QUALIGESSO 60 LAFARGE GYPSUM | E637: Material | F637: KG | G637: 77,5920000 | I637: 2,50 | K637: 193,98 | M637: 193.98 | N637: 0,00% | O637: 4120434.1 | P637: 99,40%
A638: P9822 | B638: SICRO3 | D638: Pintor | E638: Mão de Obra | F638: h | G638: 5,6932000 | I638: 33,88 | K638: 192,88 | M638: 192.88049 | N638: 0,00% | O638: 4120627 | P638: 99,40%
A639: 00002682 | B639: SINAPI | D639: ELETRODUTO DE PVC RIGIDO ROSCAVEL DE 2 1/2", SEM LUVA | E639: Material | F639: M | G639: 6,6000000 | I639: 28,85 | K639: 190,41 | M639: 190.41 | N639: 0,00% | O639: 4120817.4 | P639: 99,41%
A640: 00007334 | B640: SINAPI | D640: ADITIVO ADESIVO LIQUIDO PARA ARGAMASSAS DE REVESTIMENTOS CIMENTICIOS | E640: Material | F640: L | G640: 13,2090000 | I640: 14,39 | K640: 190,08 | M640: 190.07751 | N640: 0,00% | O640: 4121007.5 | P640: 99,41%
A641: 00011253 | B641: SINAPI | D641: CAIXA DE PASSAGEM/ LUZ / TELEFONIA, DE EMBUTIR, EM CHAPA DE ACO GALVANIZADO, DIMENSOES 60 X 60 X *12* CM (PADRAO CONCESSIONARIA LOCAL) | E641: Material | F641: UN | G641: 1,0000000 | I641: 189,57 | K641: 189,57 | M641: 189.57 | N641: 0,00% | O641: 4121197 | P641: 99,42%
A642: 4898 | B642: ORSE | D642: Perfil Aço, Cantoneira abas iguais - 2" x 3/16" (3,63 kg/m) | E642: Material | F642: kg | G642: 15,2460000 | I642: 12,39 | K642: 188,90 | M642: 188.89794 | N642: 0,00% | O642: 4121385.9 | P642: 99,42%
A643: 00007568 | B643: SINAPI | D643: BUCHA DE NYLON SEM ABA S10, COM PARAFUSO DE 6,10 X 65 MM EM ACO ZINCADO COM ROSCA SOBERBA, CABECA CHATA E FENDA PHILLIPS | E643: Material | F643: UN | G643: 524,4069260 | I643: 0,36 | K643: 188,79 | M643: 188.78649 | N643: 0,00% | O643: 4121574.7 | P643: 99,42%
A644: MATED-15971 | B644: SETOP | D644: BARRA ROSCADA DE AÇO (DIÂMETRO DA SEÇÃO: 5/16"[8MM]) | E644: Material | F644: m | G644: 38,7878784 | I644: 4,85 | K644: 188,12 | M644: 188.12121 | N644: 0,00% | O644: 4121762.8 | P644: 99,43%
A645: 9915 | B645: ORSE | D645: Tela de aço galvanizado, fio 12 bwg, malha 2", ondulada, com revestimento | E645: Material | F645: m² | G645: 1,2100000 | I645: 154,59 | K645: 187,05 | M645: 187.0539 | N645: 0,00% | O645: 4121949.9 | P645: 99,43%
A646: 11083 | B646: ORSE | D646: Placa de proibição de acesso e elevadores em acrílico | E646: Material | F646: Un | G646: 2,0000000 | I646: 93,38 | K646: 186,76 | M646: 186.76 | N646: 0,00% | O646: 4122136.6 | P646: 99,44%
A647: 12624 | B647: ORSE | D647: Planta - Flor ave do paraíso (strelitzia reginae) | E647: Material | F647: un | G647: 3,0000000 | I647: 62,03 | K647: 186,09 | M647: 186.09 | N647: 0,00% | O647: 4122322.7 | P647: 99,44%
A648: B.04.000.020503 | B648: CPOS/CDHU | D648: AREIA MÉDIA LAVADA (A GRANEL CAÇAMBA FECHADA) | E648: Material | F648: m³ | G648: 1,0888950 | I648: 170,49 | K648: 185,65 | M648: 185.64571 | N648: 0,00% | O648: 4122508.4 | P648: 99,45%
... A694: 6347 | B694: AGESUL | D694: CONCRETO USINADO BOMBEAVEL, CLASSE DE RESISTENCIA C20, COM BRITA 0 E 1, SLUMP = 100 +/- 20 MM, EXCLUI SERVICO DE BOMBEAMENTO (NBR 8953) - SINAPI -00034492 | E694: Material | F694: m³ | G694: 0,2426000 | I694: 540,00 | K694: 131,00 | M694: 131.004 | N694: 0,00% | O694: 4129747.9 | P694: 99,62%
A695: EQED-17995 | B695: SETOP | D695: PISTOLA DE FIXAÇÃO FINCA PINO (SITEMA DE FIXAÇÃO: PÓLVORA|CALIBRE: .27|OPERADOR: NÃO INCLUSO) | E695: Equipamento | F695: H | G695: 94,8368421 | H695: 0,0000000 | I695: 1,37 | J695: 0,58 | K695: 129,84 | L695: 0,00 | M695: 129.84112 | N695: 0,00% | O695: 4129877.7 | P695: 99,63%
A696: 1530 | B696: AGESUL | D696: CANTONEIRA AUXILIAR BRACO TIPO C | E696: Material | F696: UN | G696: 1,0000000 | I696: 129,75 | K696: 129,75 | M696: 129.75 | N696: 0,00% | O696: 4130007.5 | P696: 99,63%
A697: INS-15243373 | B697: Próprio | D697: BALAÚSTRE CONCRETO 0,60M | E697: Equipamento | F697: UN | G697: 4,0000000 | H697: 0,0000000 | I697: 32,33 | J697: 32,33 | K697: 129,32 | L697: 0,00 | M697: 129.32 | N697: 0,00% | O697: 4130136.8 | P697: 99,63%
A698: J.02.000.037528 | B698: CPOS/CDHU | D698: TINTA ACRÍLICA PARA SINALIZAÇÃO VISUAL DE PISOS, COM ACABAMENTO FOSCO, VÁRIAS CORES, REF. INTERLIGHT DA INDUTIL OU EQUIVALENTE | E698: Material | F698: l | G698: 4,3500000 | I698: 29,67 | K698: 129,06 | M698: 129.0645 | N698: 0,00% | O698: 4130265.8 | P698: 99,63%
A699: 6.55.07 | B699: FDE | D699: CABIDE DE LOUCA C/2 GANCHOS BRANCO | E699: Material | F699: UN | G699: 13,7144000 | I699: 9,38 | K699: 128,64 | M699: 128.64107 | N699: 0,00% | O699: 4130394.5 | P699: 99,64%
A700: 94061 | B700: SIURB | D700: TRATOR SOBRE ESTEIRAS KOMATSU MOD D-51 EX22 C/ LÂMINA 2,9M3 | E700: Equipamento | F700: H | G700: 0,4170000 | I700: 308,24 | K700: 128,54 | M700: 128.53608 | N700: 0,00% | O700: 4130523 | P700: 99,64%
A701: 7045 | B701: AGESUL | D701: LACO PREFORMADO PARA CABO 2 AWG | E701: Material | F701: UN | G701: 12,0000000 | I701: 10,69 | K701: 128,28 | M701: 128.28 | N701: 0,00% | O701: 4130651.3 | P701: 99,64%
A702: 01999 | B702: EMOP | D702: MAO-DE-OBRA DE SERVENTE DA CONSTRUCAO CI VIL, INCLUSIVE ENCARGOS SOCIAIS | E702: Mão de Obra | F702: H | G702: 5,9693135 | I702: 21,30 | K702: 127,15 | M702: 127.14638 | N702: 0,00% | O702: 4130778.4 | P702: 99,65%
A703: 6314 | B703: AGESUL | D703: PINTURA LATEX ACRILICA PREMIUM, APLICACAO MANUAL EM PAREDES, DUAS DEMAOS. AF_04/2023 - SINAPI -88489 | E703: Material | F703: m² | G703: 10,5600000 | I703: 11,98 | K703: 126,51 | M703: 126.5088 | N703: 0,00% | O703: 4130905 | P703: 99,65%
A704: MAT119150 | B704: SCO | D704: Registro de derivacao em bronze, sem virola, diametro nominal de 3/4" | E704: Material | F704: un | G704: 1,0000000 | I704: 124,53 | K704: 124,53 | M704: 124.53 | N704: 0,00% | O704: 4131029.5 | P704: 99,65%
A705: MOED-20129 | B705: SETOP | D705: AJUDANTE DE CARPINTEIRO (MODALIDADE: HORISTA|ENCARGOS SOCIAIS: INCLUSO) | E705: Mão de Obra | F705: H | G705: 6,7650672 | I705: 18,23 | K705: 123,34 | M705: 123.34071 | N705: 0,00% | O705: 4131152.8 | P705: 99,66%
A706: 064045 | B706: IOPES | D706: VALVULA DE ESCOAMENTO P/ PIA AMERICANA 3.1/2' CROMADA | E706: Material | F706: UN | G706: 2,0000000 | I706: 61,62 | K706: 123,24 | M706: 123.24 | N706: 0,00% | O706: 4131276.1 | P706: 99,66%
A707: 00011731/SINAPI | B707: ORSE | D707: Grelha fixa, em pvc branca, quadrada, 150 x 150 mm, para ralos e caixas | E707: Material | F707: un | G707: 16,0000000 | I707: 7,69 | K707: 123,04 | M707: 123.04 | N707: 0,00% | O707: 4131399.1 | P707: 99,66%
A708: 6603 | B708: AGESUL | D708: ESPACADOR LOSANGULAR 15 KV - 50MM2 | E708: Material | F708: UN | G708: 3,0000000 | I708: 40,95 | K708: 122,85 | M708: 122.85 | N708: 0,00% | O708: 4131522 | P708: 99,66%
A709: 00003528 | B709: SINAPI | D709: JOELHO PVC, SOLDAVEL, PB, 45 GRAUS, DN 100 MM, PARA ESGOTO PREDIAL | E709: Material | F709: UN | G709: 12,0000000 | I709: 10,16 | K709: 121,92 | M709: 121.92 | N709: 0,00% | O709: 4131643.9 | P709: 99,67%
... A836: 02992 | B836: EMOP | D836: TINTA A BASE DE RESINA ACRILICA, PARA SI NALIZACAO HORIZONTAL, P/2 ANOS DE DURACA O, EM BALDES DE 18 LITROS | E836: Material | F836: UN | G836: 0,1098000 | I836: 463,50 | K836: 50,89 | M836: 50.8923 | N836: 0,00% | O836: 4142293.4 | P836: 99,92%
A837: EQED-20769 | B837: SETOP | D837: MÁQUINA DE CORTE PARA MÁRMORE/GRANITO (TIPO: ELÉTRICA|CORTE 45 GRAUS: SIM|POTÊNCIA: 2200W*|TENSÃO: 220V|PROFUNDIDADE MÁXIMA DE CORTE: 1200MM*|LARGURA MÁXIMA DE CORTE: 3000MM*|CONSUMO: 2,2KWH|OPERADOR: NÃO INCLUSO)*VALORES APROXIMADOS | E837: Equipamento | F837: H | G837: 7,7703704 | H837: 0,0000000 | I837: 6,48 | J837: 1,45 | K837: 50,37 | L837: 0,00 | M837: 50.374534 | N837: 0,00% | O837: 4142343.8 | P837: 99,93%
A838: H725 | B838: AGETOP CIVIL | D838: PLACA DE SINALIZAÇÃO EM ALUMÍNIO 35 X 25 CM - "PERIGO - GÁS INFLAMÁVEL - PROIBIDO FUMAR" | E838: Material | F838: un | G838: 1,0000000 | I838: 50,00 | K838: 50,00 | M838: 50 | N838: 0,00% | O838: 4142393.8 | P838: 99,93%
A839: 11248 | B839: ORSE | D839: Furadeira e Parafusadeira eletrica Bosch ou Similar profissional | E839: Equipamento | F839: un | G839: 0,2015776 | H839: 0,0000000 | I839: 246,00 | J839: 0,00 | K839: 49,59 | L839: 0,00 | M839: 49.58809 | N839: 0,00% | O839: 4142443.4 | P839: 99,93%
A840: 00001585/SINAPI | B840: ORSE | D840: Terminal metalico a pressao para 1 cabo de 16 mm2, com 1 furo de fixacao | E840: Material | F840: un | G840: 10,0000000 | I840: 4,93 | K840: 49,30 | M840: 49.3 | N840: 0,00% | O840: 4142492.7 | P840: 99,93%
A841: 099661 | B841: SBC | D841: AJUDANTE ESPECIALIZADO - VIDRACEIRO | E841: Mão de Obra | F841: H | G841: 3,1508400 | I841: 15,46 | K841: 48,71 | M841: 48.712743 | N841: 0,00% | O841: 4142541.4 | P841: 99,93%
A842: 00002692 | B842: SINAPI | D842: DESMOLDANTE PROTETOR PARA FORMAS DE MADEIRA, DE BASE OLEOSA EMULSIONADA EM AGUA | E842: Material | F842: L | G842: 7,0650116 | I842: 6,87 | K842: 48,54 | M842: 48.53663 | N842: 0,00% | O842: 4142589.9 | P842: 99,93%
A843: 00002593 | B843: SINAPI | D843: CONDULETE DE ALUMINIO TIPO LR, PARA ELETRODUTO ROSCAVEL DE 3/4", COM TAMPA CEGA | E843: Material | F843: UN | G843: 4,0000000 | I843: 12,08 | K843: 48,32 | M843: 48.32 | N843: 0,00% | O843: 4142638.2 | P843: 99,93%
A844: 00006155 | B844: SINAPI | D844: VALVULA EM PLASTICO CROMADO TIPO AMERICANA PARA PIA DE COZINHA 3.1/2" X 1.1/2", SEM ADAPTADOR | E844: Material | F844: UN | G844: 2,0000000 | I844: 23,93 | K844: 47,86 | M844: 47.86 | N844: 0,00% | O844: 4142686.1 | P844: 99,93%
A845: 1524 | B845: AGESUL | D845: BUCHA EM ALUMINIO, COM ROSCA, DE 4", PARA ELETRODUTO - SINAPI -00039182 | E845: Material | F845: UN | G845: 4,0000000 | I845: 11,90 | K845: 47,60 | M845: 47.6 | N845: 0,00% | O845: 4142733.7 | P845: 99,94%
A846: 00013246 | B846: SINAPI | D846: PARAFUSO DE ACO ZINCADO, SEXTAVADO, COM ROSCA INTEIRA, DIAMETRO 5/16", COMPRIMENTO 3/4", COM PORCA E ARRUELA LISA LEVE | E846: Material | F846: UN | G846: 92,0000000 | I846: 0,50 | K846: 46,00 | M846: 46 | N846: 0,00% | O846: 4142779.7 | P846: 99,94%
A847: 00004238 | B847: SINAPI | D847: OPERADOR DE ROLO COMPACTADOR (HORISTA) | E847: Mão de Obra | F847: H | G847: 2,1762128 | I847: 21,12 | K847: 45,96 | M847: 45.961615 | N847: 0,00% | O847: 4142825.7 | P847: 99,94%
A848: 00007129 | B848: SINAPI | D848: TE DE REDUCAO, PVC, SOLDAVEL, 90 GRAUS, 50 MM X 25 MM, PARA AGUA FRIA PREDIAL | E848: Material | F848: UN | G848: 4,0000000 | I848: 11,35 | K848: 45,40 | M848: 45.4 | N848: 0,00% | O848: 4142871.1 | P848: 99,94%
A849: 00037752 | B849: SINAPI | D849: CAMINHAO TOCO, PESO BRUTO TOTAL 16000 KG, CARGA UTIL MAXIMA 11030 KG, DISTANCIA ENTRE EIXOS 5,41 M, POTENCIA 185 CV (INCLUI CABINE E CHASSI, NAO INCLUI CARROCERIA) | E849: Equipamento para Aquisição Permanente | F849: UN | G849: 0,0000788 | I849: 571.483,76 | K849: 45,02 | M849: 45.024542 | N849: 0,00% | O849: 4142916.1 | P849: 99,94%
A850: 8214 | B850: ORSE | D850: Rebite de alumínio ead 440 Ø 1/8" | E850: Material | F850: un | G850: 449,7000000 | I850: 0,10 | K850: 44,97 | M850: 44.97 | N850: 0,00% | O850: 4142961.1 | P850: 99,94%
A851: MAT026250 | B851: SCO | D851: Caixa de sobrepor em chapa de aco esmaltado, de: (15x15)cm | E851: Material | F851: un | G851: 1,0000000 | I851: 44,90 | K851: 44,90 | M851: 44.9 | N851: 0,00% | O851: 4143006 | P851: 99,94%
... A865: 94.09.11 | B865: SUDECAP | D865: XEROX COLORIDO FORMATO A4 | E865: Material | F865: UN | G865: 20,0000000 | I865: 2,00 | K865: 40,00 | M865: 40 | N865: 0,00% | O865: 4143594.7 | P865: 99,96%
A866: 010692 | B866: IOPES | D866: Argamassa traço 1:3 de cimento e areia média, preparo mecânico com betoneira 400 l | E866: Material | F866: 0 | G866: 0,0894960 | I866: 446,32 | K866: 39,94 | M866: 39.943855 | N866: 0,00% | O866: 4143634.6 | P866: 99,96%
A867: 7025 | B867: AGESUL | D867: ELO FUSIVEL PARA PROTECAO DE TRANSFORMADOR 5 H | E867: Material | F867: UN | G867: 3,0000000 | I867: 13,28 | K867: 39,84 | M867: 39.84 | N867: 0,00% | O867: 4143674.5 | P867: 99,96%
A868: 00001581 | B868: SINAPI | D868: TERMINAL A COMPRESSAO EM COBRE ESTANHADO PARA CABO 120 MM2, 1 FURO E 1 COMPRESSAO, PARA PARAFUSO DE FIXACAO M12 | E868: Material | F868: UN | G868: 3,0000000 | I868: 13,21 | K868: 39,63 | M868: 39.63 | N868: 0,00% | O868: 4143714.1 | P868: 99,96%
A869: 54840 | B869: SIURB | D869: CAIXA DE PAS. TAMP. PARAF. - 20X20X10CM | E869: Material | F869: Un | G869: 1,0000000 | I869: 39,53 | K869: 39,53 | M869: 39.53 | N869: 0,00% | O869: 4143753.6 | P869: 99,96%
A870: MOI000050 | B870: SCO | D870: Ajudante (inclusive encargos sociais e encargos complementares) | E870: Mão de Obra | F870: h | G870: 1,5000000 | I870: 25,93 | K870: 38,90 | M870: 38.895 | N870: 0,00% | O870: 4143792.5 | P870: 99,96%
A871: 1522 | B871: AGESUL | D871: ARRUELA EM ALUMINIO, COM ROSCA, DE 4", PARA ELETRODUTO - SINAPI -00039216 | E871: Material | F871: UN | G871: 4,0000000 | I871: 9,62 | K871: 38,48 | M871: 38.48 | N871: 0,00% | O871: 4143831 | P871: 99,96%
A872: MOED-20136 | B872: SETOP | D872: AJUDANTE ESPECIALIZADO (MODALIDADE: HORISTA|ENCARGOS SOCIAIS: INCLUSO) | E872: Mão de Obra | F872: H | G872: 1,9336963 | I872: 19,75 | K872: 38,19 | M872: 38.189536 | N872: 0,00% | O872: 4143869.2 | P872: 99,96%
A873: EVE000050 | B873: SCO | D873: 3% incidente sobre mao de obra direta com Encargos Sociais para cobrir despesas relativa a equipamentos de protecao individual, uniformes e ferramentas | E873: Verba | F873: % | G873: 37,9255000 | I873: 1,00 | K873: 37,93 | M873: 37.9255 | N873: 0,00% | O873: 4143907.1 | P873: 99,96%
...

Sheet Curva ABC de Serviços
C1: Obra | D1: Bancos | E1: B.D.I. | H1: Encargos Sociais
C2: Restauração do Prédio da Antiga Prefeitura, em Corumbá/MS | D2: SINAPI - 09/2025 - Mato Grosso do Sul SBC - 09/2025 - Mato Grosso do Sul SICRO3 - 07/2025 - Mato Grosso do Sul ORSE - 08/2025 - Sergipe SEDOP - 10/2025 - Pará SEINFRA - 028 - Ceará SETOP - 07/2025 - Minas Gerais IOPES - 07/2025 - Espírito Santo SIURB - 01/2025 - São Paulo SIURB INFRA - 01/2025 - São Paulo SUDECAP - 07/2025 - Minas Gerais CPOS/CDHU - 09/2025 - São Paulo FDE - 07/2025 - São Paulo AGESUL - 06/2025 - Mato Grosso do Sul AGETOP CIVIL - 06/2025 - Goiás EMBASA - 06/2025 - sem_encargos CAERN - 07/2025 - Rio Grande do Norte EMOP - 09/2025 - Rio de Janeiro SCO - 09/2025 - Rio de Janeiro | E2: 23,54% | H2: Não Desonerado: Horista: 107,52% Mensalista: 64,80%
A3: Curva ABC de Serviços
A4: Código | B4: Banco | C4: Descrição | D4: Tipo | E4: Und | F4: Quant. | G4: Valor Unit | H4: Total | I4: Peso (%) | J4: Peso Acumulado (%)
A5: COMP-000019 | B5: Próprio | C5: ADMINISTRAÇÃO LOCAL | D5: CANT - CANTEIRO DE OBRAS | E5: und | F5: 1,0 | G5: 911.529,96 | H5: 911.529,96 | I5: 21,99 | J5: 21,99
A6: 102177 | B6: SINAPI | C6: INSTALAÇÃO DE VIDRO LAMINADO, E = 12 MM (4+4+4), ENCAIXADO EM PERFIL U. AF_01/2021_PS | D6: Vidros e Espelhos | E6: m² | F6: 151,72 | G6: 1.920,13 | H6: 291.322,12 | I6: 7,03 | J6: 29,02
A7: COMP-000110 | B7: Próprio | C7: AR CONDICIONADO SPLIT INVERTER, PISO TETO, 45000 BTU/H, CICLO FRIO - FORNECIMENTO | D7: Instalações de ar condicionado | E7: UN | F7: 6,0 | G7: 27.453,39 | H7: 164.720,34 | I7: 3,97 | J7: 32,99
A8: COMP-000155 | B8: Próprio | C8: Execução de réplicas de esquadrias em madeira de lei, almofadada, inclusive batente, dobradiças e fechadura | D8: 113 | E8: m² | F8: 256,13 | G8: 465,84 | H8: 119.315,59 | I8: 2,88 | J8: 35,87
A9: COMP-000082 | B9: Próprio | C9: EXECUÇÃO DE ESTRUTURA METALICA PARA COBERTURA INLCUINDO A CONFECÇÃO DE PEÇAS SOLDADAS E MONTAGEM EM COBERTURA DE ATÉ 1 PAVIMENTO SEM A UTILIZAÇÃO DE EQUIPAMENTOS DE ELEVAÇÃO; INCLUSO AINDA PINTURA COM FUNDO ATIOXIDANTE- CONSUMO CONF PROJETO DE 4.246,99 KG | D9: COBE - COBERTURA | E9: UN | F9: 1,0 | G9: 118.062,91 | H9: 118.062,91 | I9: 2,85 | J9: 38,72
A10: COMP-000081 | B10: Próprio | C10: Estrutura Metálica incluso pintura anti corrosivo - Fornecimento e Instalação | D10: FUES - FUNDAÇÕES E ESTRUTURAS | E10: UN | F10: 1,0 | G10: 98.987,78 | H10: 98.987,78 | I10: 2,39 | J10: 41,10
A11: 13584 | B11: ORSE | C11: Elevador social para 08 passageiros ou 600 kg com acionamento convencional sem casa de máquinas no fosso, 03 paradas - dist. 11,27m, dim. cabine 1100x1400x2200mm, velocidade de 0,75m/s, 01 entrada, acabamento em aço inox. Obra - Complexo de Glória | D11: Provisórios | E11: un | F11: 1,0 | G11: 98.680,00 | H11: 98.680,00 | I11: 2,38 | J11: 43,48
A12: COMP-000098 | B12: Próprio | C12: ESTRUTURA METALICA DE REFORÇO DA LAJE DO 1º PAVIMENTO - CONSUMO CONF PROJETO | D12: ASTU - ASSENTAMENTO DE TUBOS E PECAS | E12: UN | F12: 1,0 | G12: 77.628,06 | H12: 77.628,06 | I12: 1,87 | J12: 45,36
A13: 103913 | B13: SINAPI | C13: EXECUÇÃO DE PISO INDUSTRIAL DE CONCRETO ARMADO, FCK = 20 MPA, ESPESSURA DE 12,0 CM. AF_04/2022 | D13: Pavimento Rígido de Concreto | E13: m² | F13: 589,79 | G13: 124,72 | H13: 73.558,60 | I13: 1,77 | J13: 47,13
A14: 120366 | B14: SBC | C14: PORCELANATO 58,4x58,4cm RETIFICADO YORK SOFT GRAY PORTINARI | D14: REVESTIMENTOS INTERNOS | E14: m² | F14: 288,41 | G14: 232,63 | H14: 67.092,81 | I14: 1,62 | J14: 48,75
A15: COMP-000111 | B15: Próprio | C15: SOTÉIA - TETO | D15: REVE - REVESTIMENTO E TRATAMENTO DE SUPERFÍCIES | E15: UN | F15: 1,0 | G15: 63.222,64 | H15: 63.222,64 | I15: 1,53 | J15: 50,28
A16: 1201008014 | B16: AGESUL | C16: POSTO DE TRANSFORMACAO AO TEMPO DE 112,5KVA, CLASSE 15KV, P/ FINS DE ATENDIMENTO DE UMA UNIDADE CONSUMIDORA EM BT, PROVIDO DE DUTOS, PROTECAO, POSTES E ISOLADORES (REDE PROTEGIDA), INCL. MURETA EM ALV. DE 1 1/2 VEZ(2,20X2,20)M, REVES. E PINTADA | D16: 12 | E16: UN | F16: 1,0 | G16: 61.099,97 | H16: 61.099,97 | I16: 1,47 | J16: 51,75
A17: COMP-000108 | B17: Próprio | C17: AR CONDICIONADO SPLIT INVERTER, PISO TETO, 30000 BTU/H, CICLO FRIO - FORNECIMENTO | D17: Instalações de ar condicionado | E17: UN | F17: 3,0 | G17: 18.110,42 | H17: 54.331,26 | I17: 1,31 | J17: 53,06
A18: 16.02.056 | B18: FDE | C18: LADRILHO HIDRAULICO 20X20CM LISO 1 COR | D18: Pisos | E18: m² | F18: 419,63 | G18: 124,72 | H18: 52.336,25 | I18: 1,26 | J18: 54,32
A19: 14006 | B19: ORSE | C19: Restauro - Emassamento com massa a base de silicato de potássio e minerais inertes, específica para paredes de edifícios tombados e patrimônios históricos | D19: Tratamentos de Superfícies | E19: m² | F19: 1.191,92 | G19: 43,09 | H19: 51.359,83 | I19: 1,24 | J19: 55,56
A20: 94216 | B20: SINAPI | C20: TELHAMENTO COM TELHA METÁLICA TERMOACÚSTICA E = 30 MM, COM ATÉ 2 ÁGUAS, INCLUSO IÇAMENTO. AF_07/2019 | D20: Telhamento para Cobertura | E20: m² | F20: 270,35 | G20: 184,02 | H20: 49.749,80 | I20: 1,20 | J20: 56,76
A21: 012209 | B21: SBC | C21: BARRACAO PARA OFICINAS EM CHAPAS DE COMPENSADO | D21: INSTALACOES PROVISORIAS | E21: m² | F21: 56,0 | G21: 860,53 | H21: 48.189,68 | I21: 1,16 | J21: 57,92
A22: COMP-000028 | B22: Próprio | C22: RESTAURO DE LADRILHO HIDRÁULICO | D22: PISO - PISOS | E22: M² | F22: 378,59 | G22: 123,48 | H22: 46.748,29 | I22: 1,13 | J22: 59,05
A23: 012212 | B23: SBC | C23: BARRACAO PARA DEPOSITO EM CHAPA DE MADEIRA COMPENSADA | D23: INSTALACOES PROVISORIAS | E23: m² | F23: 56,0 | G23: 819,75 | H23: 45.906,00 | I23: 1,11 | J23: 60,16
A24: 98671 | B24: SINAPI | C24: PISO EM GRANITO APLICADO EM AMBIENTES INTERNOS. AF_09/2020 | D24: Pisos | E24: m² | F24: 93,64 | G24: 459,04 | H24: 42.984,50 | I24: 1,04 | J24: 61,20
A25: 87777 | B25: SINAPI | C25: EMBOÇO OU MASSA ÚNICA EM ARGAMASSA TRAÇO 1:2:8, PREPARO MANUAL, APLICADA MANUALMENTE EM PANOS DE FACHADA COM PRESENÇA DE VÃOS, ESPESSURA DE 25 MM. AF_08/2022 | D25: Massa Única Externa | E25: m² | F25: 729,56 | G25: 57,91 | H25: 42.248,81 | I25: 1,02 | J25: 62,22
A26: COMP-000018 | B26: Próprio | C26: MOBILIZAÇÃO E DESMOBILIZAÇÃO | D26: CANT - CANTEIRO DE OBRAS | E26: und | F26: 2,0 | G26: 19.949,98 | H26: 39.899,96 | I26: 0,96 | J26: 63,18
A27: 98575 | B27: SINAPI | C27: TRATAMENTO DE JUNTA DE DILATAÇÃO, COM TARUGO DE POLIETILENO E SELANTE PU, INCLUSO PREENCHIMENTO COM ESPUMA EXPANSIVA PU. AF_09/2023 | D27: Impermeabilização, Proteção Mecânica e Tratamento de Junta | E27: M | F27: 567,98 | G27: 67,88 | H27: 38.554,48 | I27: 0,93 | J27: 64,11
A28: COMP-000128 | B28: Próprio | C28: Pintura de acabamento com aplicação de 02 demãos de tinta mineral. | D28: 147 | E28: m² | F28: 2.057,87 | G28: 16,92 | H28: 34.819,16 | I28: 0,84 | J28: 64,95
A29: 104789 | B29: SINAPI | C29: DEMOLIÇÃO DE PISO DE CONCRETO SIMPLES, DE FORMA MANUAL, SEM REAPROVEITAMENTO. AF_09/2023 | D29: Demolições e Remoções | E29: m³ | F29: 170,06 | G29: 201,59 | H29: 34.282,39 | I29: 0,83 | J29: 65,77
A30: 92415 | B30: SINAPI | C30: MONTAGEM E DESMONTAGEM DE FÔRMA DE PILARES RETANGULARES E ESTRUTURAS SIMILARES, PÉ-DIREITO SIMPLES, EM CHAPA DE MADEIRA COMPENSADA RESINADA, 2 UTILIZAÇÕES. AF_09/2020 | D30: Fôrmas para Estruturas de Concreto Armado | E30: m² | F30: 197,18 | G30: 142,90 | H30: 28.177,02 | I30: 0,68 | J30: 66,45
A31: 4783 | B31: ORSE | C31: Reboco externo, de parede, com argamassa traço 1:4 (cal / areia), espessura 2,5 cm | D31: Argamassas | E31: m² | F31: 729,56 | G31: 36,87 | H31: 26.898,87 | I31: 0,65 | J31: 67,10
A32: COMP - 000169 | B32: Próprio | C32: Copia da SINAPI (91341) - PORTA EM ALUMÍNIO DE ABRIR TIPO VENEZIANA COM GUARNIÇÃO, FIXAÇÃO COM PARAFUSOS - FORNECIMENTO E INSTALAÇÃO. AF_10/2025 | D32: Esquadrias - Portas | E32: m² | F32: 28,06 | G32: 951,14 | H32: 26.688,98 | I32: 0,64 | J32: 67,75
A33: 210023 | B33: SBC | C33: LIMPEZA FINAL DE OBRAS | D33: LIMPEZA | E33: m² | F33: 930,37 | G33: 26,60 | H33: 24.747,84 | I33: 0,60 | J33: 68,34
A34: 92452 | B34: SINAPI | C34: MONTAGEM E DESMONTAGEM DE FÔRMA DE VIGA, ESCORAMENTO METÁLICO, PÉ-DIREITO SIMPLES, EM CHAPA DE MADEIRA RESINADA, 2 UTILIZAÇÕES. AF_09/2020 | D34: Fôrmas para Estruturas de Concreto Armado | E34: m² | F34: 124,33 | G34: 198,29 | H34: 24.653,39 | I34: 0,59 | J34: 68,94
A35: 91926 | B35: SINAPI | C35: CABO DE COBRE FLEXÍVEL ISOLADO, 2,5 MM², ANTI-CHAMA 450/750 V, PARA CIRCUITOS TERMINAIS - FORNECIMENTO E INSTALAÇÃO. AF_03/2023 | D35: Instalações Elétricas - Eletrodutos Embutidos, Cabos, Caixas, Tomadas e Interruptores | E35: M | F35: 5.500,0 | G35: 4,44 | H35: 24.420,00 | I35: 0,59 | J35: 69,53
A36: COMP-000117 | B36: Próprio | C36: REVISÃO DE PROJETO EXECUTIIVO DE INSTALAÇÕES HIDROSSANITÁRIA E PLUVIAL | D36: SERT - SERVIÇOS TÉCNICOS | E36: UND | F36: 1,0 | G36: 24.224,76 | H36: 24.224,76 | I36: 0,58 | J36: 70,11
A37: COMP-000156 | B37: Próprio | C37: REVESTIMENTO CERÂMICO PARA PISO COM PLACAS TIPO ESMALTADA DE DIMENSÕES 20X20 CM - APLICADO | D37: Revestimentos Cerâmicos Internos | E37: m² | F37: 397,03 | G37: 58,96 | H37: 23.408,88 | I37: 0,56 | J37: 70,68
A38: 92269 | B38: SINAPI | C38: FABRICAÇÃO DE FÔRMA PARA PILARES E ESTRUTURAS SIMILARES, EM MADEIRA SERRADA, E=25 MM. AF_09/2020 | D38: Fôrmas para Estruturas de Concreto Armado | E38: m² | F38: 197,18 | G38: 115,46 | H38: 22.766,40 | I38: 0,55 | J38: 71,23
A39: COMP-000084 | B39: Próprio | C39: Fornecimento e instalação de eletrocalha lisa, galvanizada à fogo,150 x 150 x 3000 mm | D39: INEL - INSTALAÇÃO ELÉTRICA/ELETRIFICAÇÃO E ILUMINAÇÃO EXTERNA | E39: un | F39: 65,0 | G39: 344,63 | H39: 22.400,95 | I39: 0,54 | J39: 71,77
A40: 92270 | B40: SINAPI | C40: FABRICAÇÃO DE FÔRMA PARA VIGAS, COM MADEIRA SERRADA, E = 25 MM. AF_09/2020 | D40: Fôrmas para Estruturas de Concreto Armado | E40: m² | F40: 124,33 | G40: 172,31 | H40: 21.423,30 | I40: 0,52 | J40: 72,28
... A44: 96533 | B44: SINAPI | C44: FABRICAÇÃO, MONTAGEM E DESMONTAGEM DE FÔRMA PARA VIGA BALDRAME, EM MADEIRA SERRADA, E=25 MM, 2 UTILIZAÇÕES. AF_01/2024 | D44: Fundações Rasas (Blocos, Sapatas, Vigas Baldrame) | E44: m² | F44: 213,91 | G44: 85,00 | H44: 18.182,35 | I44: 0,44 | J44: 74,18
A45: 02.05.212 | B45: CPOS/CDHU | C45: ANDAIME TUBULAR FACHADEIRO COM PISO METÁLICO E SAPATAS AJUSTÁVEIS | D45: 2.05 | E45: m²xmês | F45: 720,0 | G45: 25,22 | H45: 18.158,40 | I45: 0,44 | J45: 74,62
A46: COMP-000116 | B46: Próprio | C46: REVISÃO DE PROJETO EXECUTIVO DE INSTALAÇÃO ELÉTRICA, CABEAMENTO ESTRUTURADO E SPDA | D46: SERT - SERVIÇOS TÉCNICOS | E46: UND | F46: 1,0 | G46: 17.757,68 | H46: 17.757,68 | I46: 0,43 | J46: 75,05
A47: 11201 | B47: ORSE | C47: Gradil com quadro em tubo de ferro galvanizado 1 1/4" e tela galvanizada malha 2" | D47: Esquadrias de Ferro | E47: m² | F47: 59,0 | G47: 281,85 | H47: 16.629,15 | I47: 0,40 | J47: 75,45
A48: 15.01.04 | B48: EMBASA | C48: ALVENARIA DE VEDACAO C/ BLOCO CERAMICO FURADO C/ e=15cm | D48: 1501 | E48: m² | F48: 182,01 | G48: 84,11 | H48: 15.308,86 | I48: 0,37 | J48: 75,82
A49: ED-14789 | B49: SETOP | C49: PREPARAÇÃO PARA EMASSAMENTO OU PINTURA MINERAL EM PAREDE, INCLUSIVE UMA (1) DEMÃO DE FUNDO PREPARADOR MINERAL | D49: ED- | E49: m² | F49: 2.057,87 | G49: 7,41 | H49: 15.248,81 | I49: 0,37 | J49: 76,19
A50: 180020 | B50: SBC | C50: PINTURA VERNIZ POLIURETANO 2 MAOS CONCRETO APARENTE C/PREPARO | D50: PINTURAS | E50: m² | F50: 425,63 | G50: 35,73 | H50: 15.207,75 | I50: 0,37 | J50: 76,55
A51: COMP-000107 | B51: Próprio | C51: AR CONDICIONADO SPLIT INVERTER, HI-WALL (PAREDE), 24000 BTU/H, CICLO FRIO - FORNECIMENTO | D51: Instalações de ar condicionado | E51: UN | F51: 3,0 | G51: 4.914,95 | H51: 14.744,85 | I51: 0,36 | J51: 76,91
A52: COMP-000100 | B52: Próprio | C52: PORTAO DE CORRER AÇO GALV. E TELA DE AÇO GAÇV., FIO 12, MALHA 3X3CM, INCLUSIVE PINTURA - FORNECIMENTO E INSTALACAO | D52: SERVICOS COMPLEMENTARES | E52: M² | F52: 19,276 | G52: 740,59 | H52: 14.275,61 | I52: 0,34 | J52: 77,25
A53: 87263 | B53: SINAPI | C53: REVESTIMENTO CERÂMICO PARA PISO COM PLACAS TIPO PORCELANATO DE DIMENSÕES 60X60 CM APLICADA EM AMBIENTES DE ÁREA MAIOR QUE 10 M². AF_02/2023_PE | D53: Revestimentos Cerâmicos Internos | E53: m² | F53: 111,52 | G53: 127,39 | H53: 14.206,53 | I53: 0,34 | J53: 77,60
A54: 062321 | B54: SBC | C54: ELETROCALHA PERFURADA TIPO ""U"" 200X100 CHAPA 20 SEM TAMPA | D54: INSTALACOES ELETRICAS - DUTOS E TOMADAS | E54: M | F54: 168,0 | G54: 84,47 | H54: 14.190,96 | I54: 0,34 | J54: 77,94
A55: 88497 | B55: SINAPI | C55: EMASSAMENTO COM MASSA LÁTEX, APLICAÇÃO EM PAREDE, DUAS DEMÃOS, LIXAMENTO MANUAL. AF_04/2023 | D55: Pintura Interna | E55: m² | F55: 762,14 | G55: 18,40 | H55: 14.023,37 | I55: 0,34 | J55: 78,28
A56: COMP-000114 | B56: Próprio | C56: REVISÃO DE PROJETO EXECUTIVO DE ESTRUTURA METÁLICA | D56: SERT - SERVIÇOS TÉCNICOS | E56: UND | F56: 1,0 | G56: 13.782,74 | H56: 13.782,74 | I56: 0,33 | J56: 78,61
A57: 9713 | B57: ORSE | C57: Escada marinheiro com guarda corpo, L=45cm, executada em barras chata galvanizada 1 1/4" x 5/16", e guarda corpo d=65cm em barra chata galv.d=1"x1/8", sendo degraus em barra red. d=5/8", espaçados de 30cm, inclusive lixamento e pintura, fornec e inst | D57: Diversos | E57: m | F57: 6,47 | G57: 2.128,65 | H57: 13.772,36 | I57: 0,33 | J57: 78,94
A58: 95877 | B58: SINAPI | C58: TRANSPORTE COM CAMINHÃO BASCULANTE DE 18 M³, EM VIA URBANA PAVIMENTADA, DMT ATÉ 30 KM (UNIDADE: M3XKM). AF_07/2020 | D58: Transporte, Carga e Descarga de Materiais | E58: M3XKM | F58: 7.179,75 | G58: 1,83 | H58: 13.138,94 | I58: 0,32 | J58: 79,26
A59: 91927 | B59: SINAPI | C59: CABO DE COBRE FLEXÍVEL ISOLADO, 2,5 MM², ANTI-CHAMA 0,6/1,0 KV, PARA CIRCUITOS TERMINAIS - FORNECIMENTO E INSTALAÇÃO. AF_03/2023 | D59: Instalações Elétricas - Eletrodutos Embutidos, Cabos, Caixas, Tomadas e Interruptores | E59: M | F59: 2.600,0 | G59: 4,99 | H59: 12.974,00 | I59: 0,31 | J59: 79,57
A60: ED-49685 | B60: SETOP | C60: FORRO EM PLACA DE GESSO LISO, DIMENSÃO (60X60)CM, COM FIXAÇÃO DO TIPO ARAMADO, EXCLUSIVE PERFIL TABICA, SANCA E MOLDURA, INCLUSIVE ACESSÓRIOS E FIXAÇÃO | D60: ED- | E60: m² | F60: 180,19 | G60: 69,19 | H60: 12.467,34 | I60: 0,30 | J60: 79,87
... A62: 050205 | B62: IOPES | C62: Divisória sanitária de granito cinza andorinha esp. 3 cm, assentada com argamassa de cimento e areia no traço 1:3 | D62: PLACAS E PAINÉIS DIVISÓRIOS | E62: m² | F62: 27,12 | G62: 429,82 | H62: 11.656,71 | I62: 0,28 | J62: 80,44
A63: 190105 | B63: AGETOP CIVIL | C63: VIDRO MINI-BOREAL - COLOCADO | D63: 1901 | E63: m² | F63: 62,38 | G63: 184,95 | H63: 11.537,18 | I63: 0,28 | J63: 80,72
A64: 2279 | B64: ORSE | C64: Emassamento de superfície, com aplicação de 01 demão de massa acrílica, lixamento e retoques - Rev 03 | D64: Latex PVA | E64: m² | F64: 717,97 | G64: 15,79 | H64: 11.336,74 | I64: 0,27 | J64: 80,99
A65: 97626 | B65: SINAPI | C65: DEMOLIÇÃO DE PILARES E VIGAS EM CONCRETO ARMADO, DE FORMA MANUAL, SEM REAPROVEITAMENTO. AF_09/2023 | D65: Demolições e Remoções | E65: m³ | F65: 19,37 | G65: 575,69 | H65: 11.151,11 | I65: 0,27 | J65: 81,26
A66: 90406 | B66: SINAPI | C66: MASSA ÚNICA, EM ARGAMASSA TRAÇO 1:2:8, PREPARO MECÂNICO, APLICADA MANUALMENTE EM TETO, E = 17,5MM, COM TALISCAS. AF_03/2024 | D66: Massa Única Interna | E66: m² | F66: 254,52 | G66: 42,99 | H66: 10.941,81 | I66: 0,26 | J66: 81,53
A67: 102219 | B67: SINAPI | C67: PINTURA TINTA DE ACABAMENTO (PIGMENTADA) ESMALTE SINTÉTICO ACETINADO EM MADEIRA, 2 DEMÃOS. AF_01/2021 | D67: Pintura em Madeira | E67: m² | F67: 640,325 | G67: 16,71 | H67: 10.699,83 | I67: 0,26 | J67: 81,78
A68: 98459 | B68: SINAPI | C68: TAPUME COM TELHA METÁLICA. AF_03/2024 | D68: Instalações para Canteiros de Obras | E68: m² | F68: 130,88 | G68: 80,88 | H68: 10.585,57 | I68: 0,26 | J68: 82,04
A69: 88488 | B69: SINAPI | C69: PINTURA LÁTEX ACRÍLICA PREMIUM, APLICAÇÃO MANUAL EM TETO, DUAS DEMÃOS. AF_04/2023 | D69: Pintura Interna | E69: m² | F69: 726,78 | G69: 14,55 | H69: 10.574,64 | I69: 0,26 | J69: 82,30
A70: C1516 | B70: SEINFRA | C70: JANELA DE ALUMÍNIO, TIPO VENEZIANA | D70: 0 | E70: m² | F70: 14,62 | G70: 668,68 | H70: 9.776,10 | I70: 0,24 | J70: 82,53
A71: COMP-000135 | B71: Próprio | C71: PALMEIRA RHAPIS | D71: Paisagismo - Plantio | E71: UN | F71: 25,0 | G71: 386,49 | H71: 9.662,25 | I71: 0,23 | J71: 82,76
A72: 99855 | B72: SINAPI | C72: CORRIMÃO SIMPLES, DIÂMETRO EXTERNO = 1 1/2", EM AÇO GALVANIZADO PINTADO. AF_04/2019_PS | D72: Guarda-Corpo, Corrimão e Grade para Esquadrias | E72: M | F72: 84,81 | G72: 113,39 | H72: 9.616,60 | I72: 0,23 | J72: 83,00
A73: 95305 | B73: SINAPI | C73: TEXTURA ACRÍLICA, APLICAÇÃO MANUAL EM PAREDE, UMA DEMÃO. AF_04/2023 | D73: Pintura Interna | E73: m² | F73: 729,04 | G73: 12,92 | H73: 9.419,19 | I73: 0,23 | J73: 83,22
A74: 9552 | B74: ORSE | C74: Testeira metálica em chapa de alumínio pintada | D74: Conversão InfoWOrca | E74: m² | F74: 44,97 | G74: 205,74 | H74: 9.252,12 | I74: 0,22 | J74: 83,45
A75: COMP-000118 | B75: Próprio | C75: REVISÃO E APROVAÇÃO DE PROJETO EXECUTIVO DE PSCIP | D75: SERT - SERVIÇOS TÉCNICOS | E75: UND | F75: 1,0 | G75: 9.220,68 | H75: 9.220,68 | I75: 0,22 | J75: 83,67
A76: 96974 | B76: SINAPI | C76: CORDOALHA DE COBRE NU 50 MM², NÃO ENTERRADA, COM ISOLADOR - FORNECIMENTO E INSTALAÇÃO. AF_08/2023 | D76: Sistema de Proteção contra Descargas Atmosféricas - SPDA | E76: M | F76: 100,0 | G76: 92,17 | H76: 9.217,00 | I76: 0,22 | J76: 83,89
A77: 97622 | B77: SINAPI | C77: DEMOLIÇÃO DE ALVENARIA DE BLOCO FURADO, DE FORMA MANUAL, SEM REAPROVEITAMENTO. AF_09/2023 | D77: Demolições e Remoções | E77: m³ | F77: 159,32 | G77: 57,28 | H77: 9.125,84 | I77: 0,22 | J77: 84,11
A78: 92998 | B78: SINAPI | C78: CABO DE COBRE FLEXÍVEL ISOLADO, 185 MM², ANTI-CHAMA 0,6/1,0 KV, PARA REDE ENTERRADA DE DISTRIBUIÇÃO DE ENERGIA ELÉTRICA - FORNECIMENTO E INSTALAÇÃO. AF_12/2021 | D78: Redes Enterradas de Distribuição Elétrica | E78: M | F78: 45,0 | G78: 198,30 | H78: 8.923,50 | I78: 0,22 | J78: 84,33
A79: 100750 | B79: SINAPI | C79: PINTURA COM TINTA ALQUÍDICA DE ACABAMENTO (ESMALTE SINTÉTICO FOSCO) APLICADA A ROLO OU PINCEL SOBRE SUPERFÍCIES METÁLICAS (EXCETO PERFIL) EXECUTADO EM OBRA (POR DEMÃO). AF_01/2020 | D79: Pintura em Superfícies Metálicas | E79: m² | F79: 354,48 | G79: 24,65 | H79: 8.737,93 | I79: 0,21 | J79: 84,54
A80: CO-19622 | B80: SETOP | C80: ELABORAÇÃO DO PLANO DE GERENCIAMENTO DE RESÍDUOS DE CONSTRUÇÃO CIVIL (PGRCC) | D80: CO- | E80: un | F80: 1,0 | G80: 8.508,48 | H80: 8.508,48 | I80: 0,21 | J80: 84,74
A81: 13.40.85 | B81: SUDECAP | C81: GUARDA-CORPO MODELO “TIPO TELA”, COM MONTANTES D=2”, A CADA 100CM E FECHAMENTO EM TELA DE ARAME ONDULADO GALVANIZADO FIO Nº 12, FIXADA COM CANTONEIRAS E BARRAS CHATAS, CORRIMÃO DUPLO, TUBO INDUSTRIAL CHAPA 16 - 1,50MM | D81: GUARDA-CORPO E CORRIMAO | E81: M | F81: 21,8 | G81: 386,76 | H81: 8.431,36 | I81: 0,20 | J81: 84,95
A82: 95472 | B82: SINAPI | C82: VASO SANITARIO SIFONADO CONVENCIONAL PARA PCD SEM FURO FRONTAL COM LOUÇA BRANCA SEM ASSENTO, INCLUSO CONJUNTO DE LIGAÇÃO PARA BACIA SANITÁRIA AJUSTÁVEL - FORNECIMENTO E INSTALAÇÃO. AF_01/2020 | D82: Louças e Metais | E82: UN | F82: 10,0 | G82: 824,06 | H82: 8.240,60 | I82: 0,20 | J82: 85,14
... A84: 040311 | B84: SBC | C84: ACO CA-50 10,0mm PARA PILAR - CORTE/DOBRA/COLOCACAO EM FORMA | D84: ESTRUTURA | E84: KG | F84: 673,9 | G84: 12,19 | H84: 8.214,84 | I84: 0,20 | J84: 85,54
A85: COMP-000123 | B85: Próprio | C85: PISO DE CHAPA DE AÇO, ACABAMENTO XADREZ | D85: 115 | E85: m² | F85: 7,08 | G85: 1.125,22 | H85: 7.966,55 | I85: 0,19 | J85: 85,73
A86: 93358 | B86: SINAPI | C86: ESCAVAÇÃO MANUAL DE VALA. AF_09/2024 | D86: Escavação de Valas | E86: m³ | F86: 92,162 | G86: 85,91 | H86: 7.917,63 | I86: 0,19 | J86: 85,92
A87: 98295 | B87: SINAPI | C87: CABO ELETRÔNICO CATEGORIA 5E, INSTALADO EM EDIFICAÇÃO INSTITUCIONAL - FORNECIMENTO E INSTALAÇÃO. AF_11/2019 | D87: Redes de Lógica, Telefonia e Imagem | E87: M | F87: 1.000,0 | G87: 7,56 | H87: 7.560,00 | I87: 0,18 | J87: 86,11
A88: 100982 | B88: SINAPI | C88: CARGA, MANOBRA E DESCARGA DE ENTULHO EM CAMINHÃO BASCULANTE 10 M³ - CARGA COM ESCAVADEIRA HIDRÁULICA (CAÇAMBA DE 0,80 M³ / 111 HP) E DESCARGA LIVRE (UNIDADE: M3). AF_07/2020 | D88: Transporte, Carga e Descarga de Materiais | E88: m³ | F88: 815,88 | G88: 9,01 | H88: 7.351,07 | I88: 0,18 | J88: 86,28
A89: 98557 | B89: SINAPI | C89: IMPERMEABILIZAÇÃO DE SUPERFÍCIE COM EMULSÃO ASFÁLTICA, 2 DEMÃOS. AF_09/2023 | D89: Impermeabilização, Proteção Mecânica e Tratamento de Junta | E89: m² | F89: 179,91 | G89: 40,40 | H89: 7.268,36 | I89: 0,18 | J89: 86,46
A90: COMP-000105 | B90: Próprio | C90: AR CONDICIONADO SPLIT INVERTER, HI-WALL (PAREDE), 18000 BTU/H, CICLO FRIO - FORNECIMENTO | D90: Instalações de ar condicionado | E90: UN | F90: 2,0 | G90: 3.574,18 | H90: 7.148,36 | I90: 0,17 | J90: 86,63
A91: 87536 | B91: SINAPI | C91: EMBOÇO, EM ARGAMASSA TRAÇO 1:2:8, PREPARO MANUAL, APLICADO MANUALMENTE EM PAREDES INTERNAS DE AMBIENTES COM ÁREA MAIOR QUE 10M², E = 17,5MM, COM TALISCAS. AF_03/2024 | D91: Massa Única Interna | E91: m² | F91: 193,13 | G91: 36,05 | H91: 6.962,33 | I91: 0,17 | J91: 86,80
A92: C2716 | B92: SEINFRA | C92: DEMOLIÇÃO DE PISO DE LADRILHO | D92: 0 | E92: m² | F92: 333,32 | G92: 20,26 | H92: 6.753,06 | I92: 0,16 | J92: 86,96
A93: 97330 | B93: SINAPI | C93: TUBO EM COBRE FLEXÍVEL, DN 5/8", COM ISOLAMENTO, INSTALADO EM RAMAL DE ALIMENTAÇÃO DE AR-CONDICIONADO - FORNECIMENTO E INSTALAÇÃO. AF_07/2025 | D93: Instalações de ar condicionado em cobre | E93: M | F93: 92,12 | G93: 71,99 | H93: 6.631,71 | I93: 0,16 | J93: 87,12
A94: 1601000113 | B94: AGESUL | C94: JUNTA PAULISTA PARA FORRO DE GESSO - FORNECIMENTO E INSTALACAO | D94: 16 | E94: M | F94: 362,48 | G94: 18,13 | H94: 6.571,76 | I94: 0,16 | J94: 87,28
A95: 98461 | B95: SINAPI | C95: ESTRUTURA DE MADEIRA PROVISÓRIA PARA SUPORTE DE CAIXA DÁGUA ELEVADA DE 1000 LITROS. AF_03/2024 | D95: Instalações para Canteiros de Obras | E95: UN | F95: 1,0 | G95: 6.517,38 | H95: 6.517,38 | I95: 0,16 | J95: 87,44
A96: 91872 | B96: SINAPI | C96: ELETRODUTO RÍGIDO ROSCÁVEL, PVC, DN 32 MM (1"), PARA CIRCUITOS TERMINAIS, INSTALADO EM PAREDE - FORNECIMENTO E INSTALAÇÃO. AF_03/2023 | D96: Instalações Elétricas - Eletrodutos Embutidos, Cabos, Caixas, Tomadas e Interruptores | E96: M | F96: 340,0 | G96: 18,73 | H96: 6.368,20 | I96: 0,15 | J96: 87,59
A97: ED-50505 | B97: SETOP | C97: LIXAMENTO MANUAL EM PAREDE PARA REMOÇÃO DE TINTA | D97: ED- | E97: m² | F97: 1.886,34 | G97: 3,37 | H97: 6.356,96 | I97: 0,15 | J97: 87,75
A98: 97902 | B98: SINAPI | C98: CAIXA ENTERRADA HIDRÁULICA RETANGULAR EM ALVENARIA COM TIJOLOS CERÂMICOS MACIÇOS, DIMENSÕES INTERNAS: 0,6X0,6X0,6 M PARA REDE DE ESGOTO. AF_12/2020 | D98: Caixas Enterradas | E98: UN | F98: 11,0 | G98: 564,63 | H98: 6.210,93 | I98: 0,15 | J98: 87,90
A99: 97633 | B99: SINAPI | C99: DEMOLIÇÃO DE REVESTIMENTO CERÂMICO, DE FORMA MANUAL, SEM REAPROVEITAMENTO. AF_09/2023 | D99: Demolições e Remoções | E99: m² | F99: 268,41 | G99: 23,01 | H99: 6.176,11 | I99: 0,15 | J99: 88,04
A100: 556 | B100: ORSE | C100: Reator de partida rápida p/ lâmpada fluorescente 1 x 40 w | D100: Luminárias Internas | E100: un | F100: 188,0 | G100: 32,62 | H100: 6.132,56 | I100: 0,15 | J100: 88,19
A101: 91930 | B101: SINAPI | C101: CABO DE COBRE FLEXÍVEL ISOLADO, 6 MM², ANTI-CHAMA 450/750 V, PARA CIRCUITOS TERMINAIS - FORNECIMENTO E INSTALAÇÃO. AF_03/2023 | D101: Instalações Elétricas - Eletrodutos Embutidos, Cabos, Caixas, Tomadas e Interruptores | E101: M | F101: 625,0 | G101: 9,61 | H101: 6.006,25 | I101: 0,14 | J101: 88,34
A102: 87905 | B102: SINAPI | C102: CHAPISCO APLICADO EM ALVENARIA (COM PRESENÇA DE VÃOS) E ESTRUTURAS DE CONCRETO DE FACHADA, COM COLHER DE PEDREIRO. ARGAMASSA TRAÇO 1:3 COM PREPARO EM BETONEIRA 400L. AF_10/2022 | D102: Chapisco | E102: m² | F102: 729,56 | G102: 7,96 | H102: 5.807,29 | I102: 0,14 | J102: 88,48
A103: 97635 | B103: SINAPI | C103: REMOÇÃO DE PISO DE BLOCO INTERTRAVADO OU DE PEDRA PORTUGUESA, DE FORMA MANUAL, COM REAPROVEITAMENTO. AF_09/2023 | D103: Demolições e Remoções | E103: m² | F103: 346,04 | G103: 16,59 | H103: 5.740,80 | I103: 0,14 | J103: 88,62
A104: 74064/002 | B104: SINAPI | C104: FUNDO ANTICORROSIVO A BASE DE OXIDO DE FERRO (ZARCAO), UMA DEMAO | D104: PINT - PINTURAS | E104: m² | F104: 320,09 | G104: 17,90 | H104: 5.729,61 | I104: 0,14 | J104: 88,75
A105: 02.10.05 | B105: SUDECAP | C105: DEMOLIÇÃO DE PISO DE PEDRA (MÁRMORE, GRANITO, ARDÓSIA, SÃO TOMÉ, ETC) | D105: DEMOLIÇAO DE PISO INCLUSIVE AFASTAMENTO | E105: m² | F105: 197,8 | G105: 28,55 | H105: 5.647,19 | I105: 0,14 | J105: 88,89
...

Sheet Cronograma
B3: CRONOGRAMA FÍSICO-FINANCEIRO
A12: ITEM | B12: DESCRIÇÃO | C12: R$ VALOR C/BDI | D12: % INCID. | E12: PRAZO DE EXECUÇÃO 12 MESES
E13: MÊS 01 | F13: MÊS 02 | G13: MÊS 03 | H13: MÊS 04 | I13: MÊS 05 | J13: MÊS 06 | K13: MÊS 07 | L13: MÊS 08 | M13: MÊS 09 | N13: MÊS 10 | O13: MÊS 11 | P13: MÊS 12
A14: =[1]Resumo!A5 -> #ERROR! | B14: =Resumo!B5 -> ADMINISTRAÇÃO LOCAL | C14: =Resumo!F5 -> 1126104.1 | D14: =IF(C14<>0,C14/$C$64,) -> 0.22118105 | E14: =(E17+E19+E21+E23+E25+E27+E29+E31+E33+E35+E37+E39+E41+E43+E45+E47+E49+E51+E53+E55+E57+E59+E61+E63)/((SUM($C$14:$C$63)-$C$14)) -> 0.04719175 | F14: =(F17+F19+F21+F23+F25+F27+F29+F31+F33+F35+F37+F39+F41+F43+F45+F47+F49+F51+F53+F55+F57+F59+F61+F63)/((SUM($C$14:$C$63)-$C$14)) -> 0.057229014 | G14: =(G17+G19+G21+G23+G25+G27+G29+G31+G33+G35+G37+G39+G41+G43+G45+G47+G49+G51+G53+G55+G57+G59+G61+G63)/((SUM($C$14:$C$63)-$C$14)) -> 0.058106104 | H14: =(H17+H19+H21+H23+H25+H27+H29+H31+H33+H35+H37+H39+H41+H43+H45+H47+H49+H51+H53+H55+H57+H59+H61+H63)/((SUM($C$14:$C$63)-$C$14)) -> 0.064607098 | I14: =(I17+I19+I21+I23+I25+I27+I29+I31+I33+I35+I37+I39+I41+I43+I45+I47+I49+I51+I53+I55+I57+I59+I61+I63)/((SUM($C$14:$C$63)-$C$14)) -> 0.10980887 | J14: =(J17+J19+J21+J23+J25+J27+J29+J31+J33+J35+J37+J39+J41+J43+J45+J47+J49+J51+J53+J55+J57+J59+J61+J63)/((SUM($C$14:$C$63)-$C$14)) -> 0.12789242 | K14: =(K17+K19+K21+K23+K25+K27+K29+K31+K33+K35+K37+K39+K41+K43+K45+K47+K49+K51+K53+K55+K57+K59+K61+K63)/((SUM($C$14:$C$63)-$C$14)) -> 0.1249484 | L14: =(L17+L19+L21+L23+L25+L27+L29+L31+L33+L35+L37+L39+L41+L43+L45+L47+L49+L51+L53+L55+L57+L59+L61+L63)/((SUM($C$14:$C$63)-$C$14)) -> 0.11315715 | ... P14: =(P17+P19+P21+P23+P25+P27+P29+P31+P33+P35+P37+P39+P41+P43+P45+P47+P49+P51+P53+P55+P57+P59+P61+P63)/((SUM($C$14:$C$63)-$C$14)) -> 0.046815438
E15: =IF(E14<>0,E14*$C14,) -> 53142.823 | F15: =IF(F14<>0,F14*$C14,) -> 64445.827 | G15: =IF(G14<>0,G14*$C14,) -> 65433.522 | H15: =IF(H14<>0,H14*$C14,) -> 72754.318 | I15: =IF(I14<>0,I14*$C14,) -> 123656.22 | J15: =IF(J14<>0,J14*$C14,) -> 144020.17 | K15: =IF(K14<>0,K14*$C14,) -> 140704.91 | L15: =IF(L14<>0,L14*$C14,) -> 127426.73 | ... P15: =IF(P14<>0,P14*$C14,) -> 52719.057
A16: 2 | B16: =Resumo!B6 -> PLANOS, PROGRAMAS E MANUAIS | C16: =Resumo!F6 -> 17190.64 | D16: =IF(C16<>0,C16/$C$64,) -> 0.0033764585 | E16: 1
E17: =IF(E16<>0,E16*$C16,) -> 17190.64
A18: 3 | B18: =Resumo!B7 -> TAXAS. LICENÇAS E EMOLUMENTOS | C18: =Resumo!F7 -> 412.03 | D18: =IF(C18<>0,C18/$C$64,) -> 8.0927889e-05 | E18: 1
E19: =IF(E18<>0,E18*$C18,) -> 412.03
A20: 4 | B20: =Resumo!B8 -> MOBILIZAÇÃO E DESMOBILIZAÇÃO | C20: =Resumo!F8 -> 49292.4 | D20: =IF(C20<>0,C20/$C$64,) -> 0.0096816491 | E20: 0.5 | P20: 0.5
E21: =IF(E20<>0,E20*$C20,) -> 24646.2 | P21: =IF(P20<>0,P20*$C20,) -> 24646.2
A22: 5 | B22: =Resumo!B9 -> CANTEIRO DE OBRAS | C22: =Resumo!F9 -> 208944.49 | D22: =IF(C22<>0,C22/$C$64,) -> 0.041039333 | E22: 0.3 | F22: 0.7
E23: =IF(E22<>0,E22*$C22,) -> 62683.347 | F23: =IF(F22<>0,F22*$C22,) -> 146261.14
A24: 6 | B24: =Resumo!B10 -> SERVIÇOS PRELIMINARES | C24: =Resumo!F10 -> 85251.35 | D24: =IF(C24<>0,C24/$C$64,) -> 0.01674444 | E24: 0.6 | F24: 0.4
E25: =IF(E24<>0,E24*$C24,) -> 51150.81 | F25: =IF(F24<>0,F24*$C24,) -> 34100.54
A26: 7 | B26: =Resumo!B11 -> DEMOLIÇÕES E RETIRADAS | C26: =Resumo!F11 -> 155212.89 | D26: =IF(C26<>0,C26/$C$64,) -> 0.030485769 | E26: 0.2 | F26: 0.3 | G26: 0.5
E27: =IF(E26<>0,E26*$C26,) -> 31042.578 | F27: =IF(F26<>0,F26*$C26,) -> 46563.867 | G27: =IF(G26<>0,G26*$C26,) -> 77606.445
A28: 8 | B28: =Resumo!B12 -> ALVENARIA | C28: =Resumo!F12 -> 35752.14 | D28: =IF(C28<>0,C28/$C$64,) -> 0.0070221712 | G28: 0.4 | H28: 0.2 | I28: 0.2 | J28: 0.2
G29: =IF(G28<>0,G28*$C28,) -> 14300.856 | H29: =IF(H28<>0,H28*$C28,) -> 7150.428 | I29: =IF(I28<>0,I28*$C28,) -> 7150.428 | J29: =IF(J28<>0,J28*$C28,) -> 7150.428
A30: 9 | B30: =Resumo!B13 -> COBERTURAS | C30: =Resumo!F13 -> 228257.71 | D30: =IF(C30<>0,C30/$C$64,) -> 0.044832693 | J30: 0.2 | K30: 0.3 | L30: 0.5
J31: =IF(J30<>0,J30*$C30,) -> 45651.542 | K31: =IF(K30<>0,K30*$C30,) -> 68477.313 | L31: =IF(L30<>0,L30*$C30,) -> 114128.85
A32: 10 | B32: =Resumo!B14 -> ESQUADRIAS | C32: =Resumo!F14 -> 295720.43 | D32: =IF(C32<>0,C32/$C$64,) -> 0.058083222 | L32: 0.2 | M32: 0.25 | N32: 0.4 | O32: 0.15
L33: =IF(L32<>0,L32*$C32,) -> 59144.086 | M33: =IF(M32<>0,M32*$C32,) -> 73930.107 | N33: =IF(N32<>0,N32*$C32,) -> 118288.17 | O33: =IF(O32<>0,O32*$C32,) -> 44358.065
A34: 11 | B34: =Resumo!B15 -> REVESTIMENTOS | C34: =Resumo!F15 -> 676208.94 | D34: =IF(C34<>0,C34/$C$64,) -> 0.13281596 | H34: 0.2 | I34: 0.3 | J34: 0.3 | K34: 0.2
H35: =IF(H34<>0,H34*$C34,) -> 135241.79 | I35: =IF(I34<>0,I34*$C34,) -> 202862.68 | J35: =IF(J34<>0,J34*$C34,) -> 202862.68 | K35: =IF(K34<>0,K34*$C34,) -> 135241.79
A36: 12 | B36: =Resumo!B16 -> PINTURA | C36: =Resumo!F16 -> 256799.06 | D36: =IF(C36<>0,C36/$C$64,) -> 0.050438574 | M36: 0.25 | N36: 0.3 | O36: 0.15 | P36: 0.3
I37: =IF(I36<>0,I36*$C36,) | J37: =IF(J36<>0,J36*$C36,) | K37: =IF(K36<>0,K36*$C36,) | L37: =IF(L36<>0,L36*$C36,) | M37: =IF(M36<>0,M36*$C36,) -> 64199.765 | N37: =IF(N36<>0,N36*$C36,) -> 77039.718 | O37: =IF(O36<>0,O36*$C36,) -> 38519.859 | P37: =IF(P36<>0,P36*$C36,) -> 77039.718
A38: 13 | B38: =Resumo!B17 -> PAVIMENTAÇÃO EXTERNA E MUROS | C38: =Resumo!F17 -> 95587.64 | D38: =IF(C38<>0,C38/$C$64,) -> 0.018774618 | G38: 0.15 | H38: 0.25 | I38: 0.2 | J38: 0.2 | K38: 0.1 | L38: 0.1
G39: =IF(G38<>0,G38*$C38,) -> 14338.146 | H39: =IF(H38<>0,H38*$C38,) -> 23896.91 | I39: =IF(I38<>0,I38*$C38,) -> 19117.528 | J39: =IF(J38<>0,J38*$C38,) -> 19117.528 | K39: =IF(K38<>0,K38*$C38,) -> 9558.764 | L39: =IF(L38<>0,L38*$C38,) -> 9558.764 | M39: =IF(M38<>0,M38*$C38,) | N39: =IF(N38<>0,N38*$C38,) | ... P39: =IF(P38<>0,P38*$C38,)
A40: 14 | B40: =Resumo!B18 -> OBRAS COMPLEMENTARES | C40: =Resumo!F18 -> 31581.8 | D40: =IF(C40<>0,C40/$C$64,) -> 0.0062030639 | M40: 0.1 | N40: 0.2 | O40: 0.2 | P40: 0.5
M41: =IF(M40<>0,M40*$C40,) -> 3158.18 | N41: =IF(N40<>0,N40*$C40,) -> 6316.36 | O41: =IF(O40<>0,O40*$C40,) -> 6316.36 | P41: =IF(P40<>0,P40*$C40,) -> 15790.9
A42: 15 | B42: =Resumo!B19 -> PASSARELA E ELEVADOR | C42: =Resumo!F19 -> 739841.28 | D42: =IF(C42<>0,C42/$C$64,) -> 0.14531416 | I42: 0.2 | J42: 0.3 | K42: 0.3 | L42: 0.2
G43: =IF(G42<>0,G42*$C42,) | H43: =IF(H42<>0,H42*$C42,) | I43: =IF(I42<>0,I42*$C42,) -> 147968.26 | J43: =IF(J42<>0,J42*$C42,) -> 221952.38 | K43: =IF(K42<>0,K42*$C42,) -> 221952.38 | L43: =IF(L42<>0,L42*$C42,) -> 147968.26
A44: 16 | B44: =Resumo!B20 -> ESTRUTURA DE CONCRETO | C44: =Resumo!F20 -> 227338.27 | D44: =IF(C44<>0,C44/$C$64,) -> 0.044652104 | G44: 0.5 | H44: 0.3 | I44: 0.2
G45: =IF(G44<>0,G44*$C44,) -> 113669.13 | H45: =IF(H44<>0,H44*$C44,) -> 68201.481 | I45: =IF(I44<>0,I44*$C44,) -> 45467.654
A46: 17 | B46: =Resumo!B21 -> INSTALAÇÃO DE ÁGUA FRIA | C46: =Resumo!F21 -> 23907.33 | D46: =IF(C46<>0,C46/$C$64,) -> 0.0046957012 | J46: 0.4 | K46: 0.3 | L46: 0.3
J47: =IF(J46<>0,J46*$C46,) -> 9562.932 | K47: =IF(K46<>0,K46*$C46,) -> 7172.199 | L47: =IF(L46<>0,L46*$C46,) -> 7172.199
A48: 18 | B48: =Resumo!B22 -> INSTALAÇÃO ESGOTO SANITÁRIO | C48: =Resumo!F22 -> 40085.76 | D48: =IF(C48<>0,C48/$C$64,) -> 0.0078733489 | G48: 0.2 | H48: 0.5 | I48: 0.3
G49: =IF(G48<>0,G48*$C48,) -> 8017.152 | H49: =IF(H48<>0,H48*$C48,) -> 20042.88 | I49: =IF(I48<>0,I48*$C48,) -> 12025.728
A50: 19 | B50: =Resumo!B23 -> INSTALAÇÃO DE ÁGUAS PLUVIAIS | C50: =Resumo!F23 -> 28314.04 | D50: =IF(C50<>0,C50/$C$64,) -> 0.0055612346 | M50: 0.3 | N50: 0.2 | O50: 0.5
M51: =IF(M50<>0,M50*$C50,) -> 8494.212 | N51: =IF(N50<>0,N50*$C50,) -> 5662.808 | O51: =IF(O50<>0,O50*$C50,) -> 14157.02 | P51: =IF(P50<>0,P50*$C50,)
A52: 20 | B52: =Resumo!B24 -> LOUÇAS E METAIS | C52: =Resumo!F24 -> 71217.45 | D52: =IF(C52<>0,C52/$C$64,) -> 0.013988005 | N52: 0.3 | O52: 0.3 | P52: 0.4
N53: =IF(N52<>0,N52*$C52,) -> 21365.235 | O53: =IF(O52<>0,O52*$C52,) -> 21365.235 | P53: =IF(P52<>0,P52*$C52,) -> 28486.98
A54: 21 | B54: =Resumo!B25 -> PREVENÇÃO E COMBATE A INCENDIO | C54: =Resumo!F25 -> 8238.9 | D54: =IF(C54<>0,C54/$C$64,) -> 0.0016182239 | G54: 0.3 | H54: 0.2 | I54: 0.1 | J54: 0.1 | K54: 0.1 | L54: 0.2
G55: =IF(G54<>0,G54*$C54,) -> 2471.67 | H55: =IF(H54<>0,H54*$C54,) -> 1647.78 | I55: =IF(I54<>0,I54*$C54,) -> 823.89 | J55: =IF(J54<>0,J54*$C54,) -> 823.89 | K55: =IF(K54<>0,K54*$C54,) -> 823.89 | L55: =IF(L54<>0,L54*$C54,) -> 1647.78
A56: 22 | B56: =Resumo!B26 -> INSTALAÇÕES ELÉTRICAS | C56: =Resumo!F26 -> 261106.92 | D56: =IF(C56<>0,C56/$C$64,) -> 0.051284692 | K56: 0.2 | L56: 0.3 | M56: 0.4 | N56: 0.1
K57: =IF(K56<>0,K56*$C56,) -> 52221.384 | L57: =IF(L56<>0,L56*$C56,) -> 78332.076 | M57: =IF(M56<>0,M56*$C56,) -> 104442.77 | N57: =IF(N56<>0,N56*$C56,) -> 26110.692
A58: 23 | B58: =Resumo!B27 -> CLIMATIZAÇÃO | C58: =Resumo!F27 -> 307408.23 | D58: =IF(C58<>0,C58/$C$64,) -> 0.060378854 | L58: 0.1 | M58: 0.2 | N58: 0.2 | O58: 0.5
L59: =IF(L58<>0,L58*$C58,) -> 30740.823 | M59: =IF(M58<>0,M58*$C58,) -> 61481.646 | N59: =IF(N58<>0,N58*$C58,) -> 61481.646 | O59: =IF(O58<>0,O58*$C58,) -> 153704.11
A60: 24 | B60: =Resumo!B28 -> SUBESTAÇÃO | C60: =Resumo!F28 -> 90976.97 | D60: =IF(C60<>0,C60/$C$64,) -> 0.017869024 | M60: 0.4 | N60: 0.2 | O60: 0.3 | P60: 0.1
M61: =IF(M60<>0,M60*$C60,) -> 36390.788 | N61: =IF(N60<>0,N60*$C60,) -> 18195.394 | O61: =IF(O60<>0,O60*$C60,) -> 27293.091 | P61: =IF(P60<>0,P60*$C60,) -> 9097.697
A62: 25 | B62: =Resumo!B29 -> LIMPEZA FINAL | C62: =Resumo!F29 -> 30571.95 | D62: =IF(C62<>0,C62/$C$64,) -> 0.0060047166 | P62: 1
P63: =IF(P62<>0,P62*$C62,) -> 30571.95
B64: VALOR TOTAL | C64: =SUM(C14:C63) -> 5091322.7 | D64: =SUM(D14:D51) -> 0.84885648
E66: =E15+E17+E19+E21+E23+E25+E27+E29+E31+E33+E35+E37+E39+E41+E43+E45+E47+E49+E51+E53+E55+E57+E59+E61+E63 -> 240268.43 | F66: =F15+F17+F19+F21+F23+F25+F27+F29+F31+F33+F35+F37+F39+F41+F43+F45+F47+F49+F51+F53+F55+F57+F59+F61+F63 -> 291371.38 | G66: =G15+G17+G19+G21+G23+G25+G27+G29+G31+G33+G35+G37+G39+G41+G43+G45+G47+G49+G51+G53+G55+G57+G59+G61+G63 -> 295836.93 | H66: =H15+H17+H19+H21+H23+H25+H27+H29+H31+H33+H35+H37+H39+H41+H43+H45+H47+H49+H51+H53+H55+H57+H59+H61+H63 -> 328935.59 | I66: =I15+I17+I19+I21+I23+I25+I27+I29+I31+I33+I35+I37+I39+I41+I43+I45+I47+I49+I51+I53+I55+I57+I59+I61+I63 -> 559072.38 | J66: =J15+J17+J19+J21+J23+J25+J27+J29+J31+J33+J35+J37+J39+J41+J43+J45+J47+J49+J51+J53+J55+J57+J59+J61+J63 -> 651141.56 | K66: =K15+K17+K19+K21+K23+K25+K27+K29+K31+K33+K35+K37+K39+K41+K43+K45+K47+K49+K51+K53+K55+K57+K59+K61+K63 -> 636152.63 | L66: =L15+L17+L19+L21+L23+L25+L27+L29+L31+L33+L35+L37+L39+L41+L43+L45+L47+L49+L51+L53+L55+L57+L59+L61+L63 -> 576119.57 | ... P66: =P15+P17+P19+P21+P23+P25+P27+P29+P31+P33+P35+P37+P39+P41+P43+P45+P47+P49+P51+P53+P55+P57+P59+P61+P63 -> 238352.5
D67: % Mensal | E67: =E66/$C$64 -> 0.04719175 | F67: =F66/$C$64 -> 0.057229014 | G67: =G66/$C$64 -> 0.058106104 | H67: =H66/$C$64 -> 0.064607098 | I67: =I66/$C$64 -> 0.10980887 | J67: =J66/$C$64 -> 0.12789242 | K67: =K66/$C$64 -> 0.1249484 | L67: =L66/$C$64 -> 0.11315715 | ... P67: =P66/$C$64 -> 0.046815438
D69: R$ Acumulado | E69: =E66 -> 240268.43 | F69: =E69+F66 -> 531639.81 | G69: =F69+G66 -> 827476.73 | H69: =G69+H66 -> 1156412.3 | I69: =H69+I66 -> 1715484.7 | J69: =I69+J66 -> 2366626.3 | K69: =J69+K66 -> 3002778.9 | L69: =K69+L66 -> 3578898.5 | M69: =L69+M66 -> 4030990 | ... P69: =O69+P66 -> 5091322.7
D70: % Acumulado | E70: =E67 -> 0.04719175 | F70: =E70+F67 -> 0.10442076 | G70: =F70+G67 -> 0.16252687 | H70: =G70+H67 -> 0.22713396 | I70: =H70+I67 -> 0.33694283 | J70: =I70+J67 -> 0.46483525 | K70: =J70+K67 -> 0.58978365 | L70: =K70+L67 -> 0.7029408 | M70: =L70+M67 -> 0.79173728 | ... P70: =O70+P67 -> 1

Sheet BDI OBRAS
A1: RESTAURAÇÃO DO PRÉDIO DA ANTIGA PREFEITURA - CORUMBÁ/MS
A2: BDI: | B2: =J28 -> 0.23535496
A3: Encargos Sociais Não Desonerados
A5: QUADRO DE COMPOSIÇÃO DO BDI OBRAS
A7: Tipo de Obra (Conforme ao Acórdão 2622/2013 - TCU):
A8: Construção de Edificios (Também para Reformas) | M8: =IF(A8=Q16,"1",IF(A8=Q17,"2",IF(A8=Q18,"3",IF(A8=Q19,"4",IF(A8=Q20,"5",IF(A8=Q21,"6",IF(A8=Q22,"7"))))))) -> 1
A13: ITENS | F13: SIGLAS | G13: (1_x009d_º Quartil) | H13: MÉDIA | I13: (3º Quartil) | J13: Taxas Adotadas - %
M14: limite | N14: Media | O14: limite
M15: inferior | O15: superior | S15: TOTAL | V15: ADM CENTRAL | Y15: DESP FINANC | AB15: RISCO | AE15: SEGURO/GARANTIA | AH15: LUCRO
A16: Taxa de Rateio da Administração Central | F16: AC | G16: =M16 -> 0.03 | H16: =N16 -> 0.04 | I16: =O16 -> 0.055 | J16: 0.04 | L16: =IF(OR(J16<M16,J16>O16),"NÃO","SIM") -> SIM | M16: =IF($M$8="1",V16,IF($M$8="2",V17,IF($M$8="3",V18,IF($M$8="4",V19,IF($M$8="5",V20,IF($M$8="6",V21,IF($M$8="7",V22))))))) -> 0.03 | N16: =IF($M$8="1",W16,IF($M$8="2",W17,IF($M$8="3",W18,IF($M$8="4",W19,IF($M$8="5",W20,IF($M$8="6",W21,IF($M$8="7",W22))))))) -> 0.04 | O16: =IF($M$8="1",X16,IF($M$8="2",X17,IF($M$8="3",X18,IF($M$8="4",X19,IF($M$8="5",X20,IF($M$8="6",X21,IF($M$8="7",X22))))))) -> 0.055 | P16: 1 | Q16: Construção de Edificios (Também para Reformas) | S16: 0.2034 | T16: 0.2212 | U16: 0.25 | V16: 0.03 | W16: 0.04 | X16: 0.055 | Y16: 0.0059 | Z16: 0.0123 | AA16: 0.0139 | AB16: 0.0097 | AC16: 0.0127 | AD16: 0.0127 | AE16: 0.008 | AF16: 0.008 | AG16: 0.01 | AH16: 0.0616 | AI16: 0.074 | AJ16: 0.0896
A17: Taxa de Seguro e Garantia do Empreendimento | F17: S+G | G17: =M17 -> 0.008 | H17: =N17 -> 0.008 | I17: =O17 -> 0.01 | J17: =H17 -> 0.008 | L17: =IF(OR(J17<M17,J17>O17),"NÃO","SIM") -> SIM | M17: =IF($M$8="1",AE16,IF($M$8="2",AE17,IF($M$8="3",AE18,IF($M$8="4",AE19,IF($M$8="5",AE20,IF($M$8="6",AE21,IF($M$8="7",AE22))))))) -> 0.008 | N17: =IF($M$8="1",AF16,IF($M$8="2",AF17,IF($M$8="3",AF18,IF($M$8="4",AF19,IF($M$8="5",AF20,IF($M$8="6",AF21,IF($M$8="7",AF22))))))) -> 0.008 | O17: =IF($M$8="1",AG16,IF($M$8="2",AG17,IF($M$8="3",AG18,IF($M$8="4",AG19,IF($M$8="5",AG20,IF($M$8="6",AG21,IF($M$8="7",AG22))))))) -> 0.01 | P17: 2 | Q17: Construção de Rodovias e Ferrovias (Também para Recapeamento, Pavimentação e Praças) | S17: 0.196 | T17: 0.2097 | U17: 0.2423 | V17: 0.038 | W17: 0.0401 | X17: 0.0467 | Y17: 0.0102 | Z17: 0.0111 | AA17: 0.0121 | AB17: 0.005 | AC17: 0.0056 | AD17: 0.0097 | AE17: 0.0032 | AF17: 0.004 | AG17: 0.0074 | AH17: 0.0664 | AI17: 0.073 | AJ17: 0.0869
A18: Taxa de Risco | F18: R | G18: =M18 -> 0.0097 | H18: =N18 -> 0.0127 | I18: =O18 -> 0.0127 | J18: 0.0127 | L18: =IF(OR(J18<M18,J18>O18),"NÃO","SIM") -> SIM | M18: =IF($M$8="1",AB16,IF($M$8="2",AB17,IF($M$8="3",AB18,IF($M$8="4",AB19,IF($M$8="5",AB20,IF($M$8="6",AB21,IF($M$8="7",AB22))))))) -> 0.0097 | N18: =IF($M$8="1",AC16,IF($M$8="2",AC17,IF($M$8="3",AC18,IF($M$8="4",AC19,IF($M$8="5",AC20,IF($M$8="6",AC21,IF($M$8="7",AC22))))))) -> 0.0127 | O18: =IF($M$8="1",AD16,IF($M$8="2",AD17,IF($M$8="3",AD18,IF($M$8="4",AD19,IF($M$8="5",AD20,IF($M$8="6",AD21,IF($M$8="7",AD22))))))) -> 0.0127 | P18: 3 | Q18: Construção de Redes de Abastecimento de Água, Coleta de Esgoto e Construções Correlatas. | S18: 0.2076 | T18: 0.2418 | U18: 0.2644 | V18: 0.0343 | W18: 0.0493 | X18: 0.0671 | Y18: 0.0094 | Z18: 0.0099 | AA18: 0.0117 | AB18: 0.01 | AC18: 0.0139 | AD18: 0.0174 | AE18: 0.0028 | AF18: 0.0049 | AG18: 0.0075 | AH18: 0.0674 | AI18: 0.0804 | AJ18: 0.094
A19: Taxa de Despesas Financeiras | F19: DF | G19: =M19 -> 0.0059 | H19: =N19 -> 0.0123 | I19: =O19 -> 0.0139 | J19: =H19 -> 0.0123 | L19: =IF(OR(J19<M19,J19>O19),"NÃO","SIM") -> SIM | M19: =IF($M$8="1",Y16,IF($M$8="2",Y17,IF($M$8="3",Y18,IF($M$8="4",Y19,IF($M$8="5",Y20,IF($M$8="6",Y21,IF($M$8="7",Y22))))))) -> 0.0059 | N19: =IF($M$8="1",Z16,IF($M$8="2",Z17,IF($M$8="3",Z18,IF($M$8="4",Z19,IF($M$8="5",Z20,IF($M$8="6",Z21,IF($M$8="7",Z22))))))) -> 0.0123 | O19: =IF($M$8="1",AA16,IF($M$8="2",AA17,IF($M$8="3",AA18,IF($M$8="4",AA19,IF($M$8="5",AA20,IF($M$8="6",AA21,IF($M$8="7",AA22))))))) -> 0.0139 | P19: 4 | Q19: Construção e Manutenção de Estações e Redes de Distribuição de Energia Elétrica | S19: 0.24 | T19: 0.2584 | U19: 0.2786 | V19: 0.0529 | W19: 0.0592 | X19: 0.0793 | Y19: 0.0101 | Z19: 0.0107 | AA19: 0.0111 | AB19: 0.01 | AC19: 0.0148 | AD19: 0.0197 | AE19: 0.0025 | AF19: 0.0051 | AG19: 0.0056 | AH19: 0.08 | AI19: 0.0831 | AJ19: 0.0951
A20: Taxa de Lucro | F20: L | G20: =M20 -> 0.0616 | H20: =N20 -> 0.074 | I20: =O20 -> 0.0896 | J20: 0.074 | L20: =IF(OR(J20<M20,J20>O20),"NÃO","SIM") -> SIM | M20: =IF($M$8="1",AH16,IF($M$8="2",AH17,IF($M$8="3",AH18,IF($M$8="4",AH19,IF($M$8="5",AH20,IF($M$8="6",AH21,IF($M$8="7",AH22))))))) -> 0.0616 | N20: =IF($M$8="1",AI16,IF($M$8="2",AI17,IF($M$8="3",AI18,IF($M$8="4",AI19,IF($M$8="5",AI20,IF($M$8="6",AI21,IF($M$8="7",AI22))))))) -> 0.074 | O20: =IF($M$8="1",AJ16,IF($M$8="2",AJ17,IF($M$8="3",AJ18,IF($M$8="4",AJ19,IF($M$8="5",AJ20,IF($M$8="6",AJ21,IF($M$8="7",AJ22))))))) -> 0.0896 | P20: 5 | Q20: Obras Portuárias, Marítimas e Fluviais | S20: 0.228 | T20: 0.2748 | U20: 0.3095 | V20: 0.04 | W20: 0.0552 | X20: 0.0785 | Y20: 0.0094 | Z20: 0.0102 | AA20: 0.0133 | AB20: 0.0146 | AC20: 0.0232 | AD20: 0.0316 | AE20: 0.0081 | AF20: 0.0122 | AG20: 0.0199 | AH20: 0.0714 | AI20: 0.084 | AJ20: 0.1043
P21: 6 | Q21: Fornecimento de Materiais e Equipamentos (Aquisição Indireta, em Conjunto com Obras). | S21: 0.111 | U21: 0.168 | V21: 0.015 | X21: 0.0449 | Y21: 0.0085 | AA21: 0.0111 | AB21: 0.0056 | AD21: 0.0089 | AE21: 0.003 | AG21: 0.0082 | AH21: 0.035 | AJ21: 0.0622
A22: Taxa de Tributos | C22: PIS (Geralmente 0,65%) | F22: I | J22: 0.0065 | P22: 7 | Q22: Fornecimento de Materiais e Equipamentos (Aquisição Direta). | S22: 0 | U22: 0 | V22: 0 | X22: 0 | Y22: 0 | AA22: 0 | AB22: 0 | AD22: 0 | AE22: 0 | AG22: 0 | AH22: 0 | AJ22: 0
C23: COFINS (Geralmente 3,00%) | J23: 0.03
C24: ISS (Legislação Municipal) | J24: 0.03
C25: CPRB (INSS) | J25: 0
A27: BDI conforme ao Acórdão 2622/2013 TCU | G27: =M27 -> 0.2034 | H27: =N27 -> 0.2212 | I27: =O27 -> 0.25 | J27: =(((1+(J16+J17+J18))*(1+J19)*(1+J20))/(1-SUM(J22:J26)))-1 -> 0.23535496 | L27: =IF(OR(J27<M27,J27>O27),"NÃO","SIM") -> SIM | M27: =IF($M$8="1",S16,IF($M$8="2",S17,IF($M$8="3",S18,IF($M$8="4",S19,IF($M$8="5",S20,IF($M$8="6",S21,IF($M$8="7",S22))))))) -> 0.2034 | N27: =IF($M$8="1",T16,IF($M$8="2",T17,IF($M$8="3",T18,IF($M$8="4",T19,IF($M$8="5",T20,IF($M$8="6",T21,IF($M$8="7",T22))))))) -> 0.2212 | O27: =IF($M$8="1",U16,IF($M$8="2",U17,IF($M$8="3",U18,IF($M$8="4",U19,IF($M$8="5",U20,IF($M$8="6",U21,IF($M$8="7",U22))))))) -> 0.25
A28: BDI RESULTANTE | J28: =(((1+(J16+J17+J18))*(1+J19)*(1+J20))/(1-SUM(J22:J25)))-1 -> 0.23535496
C30: BDI = (( 1 + AC + S + R + G )( 1 + DF )( 1 + L ))
A31: FORMULA UTILIZADA:
C32: ( 1 - I )
A34: =IF(M8="1",Q34,IF(M8="2",Q35,IF(M8="3",Q36,IF(M8="4",Q37,IF(M8="5",Q38,IF(M8="6",Q40,)))))) -> Para o tipo de obra “Construção de Edifícios” enquadram-se a construção e reforma de: edifícios, unidades habitacionais, escolas, hospitais, hotéis, restaurantes, armazéns e depósitos, edifícios para uso agropecuário, estações para trens e metropolitanos, estádios esportivos e quadras cobertas, instalações para embarque e desembarque de passageiros (em aeroportos, rodoviárias, portos, etc.), penitenciarias e presídios, a construção de edifícios industriais (fábricas, oficinas, galpões industriais, etc.), conforme classificação 4120-4 do CNAE 2.0. Também enquadram-se pórticos, mirantes e outros edifícios de finalidade turística. | Q34: Para o tipo de obra “Construção de Edifícios” enquadram-se a construção e reforma de: edifícios, unidades habitacionais, escolas, hospitais, hotéis, restaurantes, armazéns e depósitos, edifícios para uso agropecuário, estações para trens e metropolitanos, estádios esportivos e quadras cobertas, instalações para embarque e desembarque de passageiros (em aeroportos, rodoviárias, portos, etc.), penitenciarias e presídios, a construção de edifícios industriais (fábricas, oficinas, galpões industriais, etc.), conforme classificação 4120-4 do CNAE 2.0. Também enquadram-se pórticos, mirantes e outros edifícios de finalidade turística.
Q35: Para o tipo de obra "Construção de Rodovias e Ferrovias" enquadram-se: a construção e recuperação de: auto-estradas, rodovias e outras vias não-urbanas para passagem de veículos, vias férreas de superfície ou subterrâneas (inclusive para metropolitanos), pistas de aeroportos. Esta classe compreende também: a pavimentação de auto-estradas, rodovias e outras vias não-urbanas; construção de pontes, viadutos e túneis; a instalação de barreiras acústicas; a construção de praças de pedágio; a sinalização com pintura em rodovias e aeroportos; a instalação de placas de sinalização de tráfego e semelhantes, conforme classificação 4211-1 do CNAE 2.0. Também enquadram-se a construção, pavimentação e sinalização de vias urbanas, ruas e locais para estacionamento de veículos; a construção de praças e calçadas para pedestres; elevados, passarelas e ciclovias; metrô e VLT.
Q36: Para o tipo de obra "Construção de Redes de Abastecimento de Água, Coleta de Esgoto e Construções Correlatas" enquadram-se: a construção de sistemas para o abastecimento de água tratada: reservatórios de distribuição, estações elevatórias de bombeamento, linhas principais de adução de longa e média distância e redes de distribuição de água; a construção de redes de coleta de esgoto, inclusive de interceptores, estações de tratamento de esgoto (ETE), estações de bombeamento de esgoto (EBE); a construção de galerias pluviais (obras de micro e macro drenagem). Esta classe compreende também: as obras de irrigação (canais); a manutenção de redes de abastecimento de água tratada; a manutenção de redes de coleta e de sistemas de tratamento de esgoto, conforme classificação 4222-7 do CNAE 2.0. Enquadra-se ainda a construção de estações de tratamento de água (ETA).
Q37: Para o tipo de obra "Construção e Manutenção de Estações e Redes de Distribuição de Energia Elétrica" enquadram-se: a construção de usinas, estações e subestações hidrelétricas, eólicas, nucleares, termoelétricas; a construção de redes de transmissão e distribuição de energia elétrica, inclusive o serviço de eletrificação rural. Esta subclasse compreende também: a construção de redes de eletrificação para ferrovias e metropolitano, conforme classificação 4221-9/02 do CNAE 2.0. Compreende ainda: a manutenção de redes de distribuição de energia elétrica, quando executada por empresa não produtora ou distribuidora de energia elétrica, conforme classificação 4221-9/03 do CNAE 2.0. Enquadram-se também obras de iluminação pública e a construção de barragens e represas para geração de energia elétrica.
Q38: Para o tipo de obra "Portuárias, Marítimas e Fluviais" enquadram-se: as obras marítimas e fluviais, tais como, construção de instalações portuárias; construção de portos e marinas; construção de eclusas e canais de navegação (vias navegáveis); enrocamentos; obras de dragagem; aterro hidráulico; barragens, represas e diques, exceto para energia elétrica; a construção de emissários submarinos; a instalação de cabos submarinos, conforme classificação 4291-0 do CNAE 2.0. Enquadram-se também a construção de piers e outras obras com influência direta de cursos d’água.
Q40: Enquadram-se como "Fornecimento de Materiais e Equipamentos" especificamente o fornecimento de materiais e equipamentos relevantes de natureza específica, como é o caso de: - materiais betuminosos para obras rodoviárias; - tubos de ferro fundido ou PVC para obras de abastecimento de água; - elevadores e escadas rolantes para obras aeroportuárias.

Sheet BDI EQUIPAMENTOS
A1: RESTAURAÇÃO DO PRÉDIO DA ANTIGA PREFEITURA - CORUMBÁ/MS
A2: BDI: | B2: 0.2354
A3: Encargos Sociais Não Desonerados
A5: QUADRO DE COMPOSIÇÃO DO BDI EQUIPAMENTOS
A7: Tipo de Obra (Conforme ao Acórdão 2622/2013 - TCU):
A8: Construção de Edificios (Também para Reformas) | M8: =IF(A8=Q16,"1",IF(A8=Q17,"2",IF(A8=Q18,"3",IF(A8=Q19,"4",IF(A8=Q20,"5",IF(A8=Q21,"6",IF(A8=Q22,"7"))))))) -> 1
A13: ITENS | F13: SIGLAS | G13: (1_x009d_º Quartil) | H13: MÉDIA | I13: (3º Quartil) | J13: Taxas Adotadas - %
M14: limite | N14: Media | O14: limite
M15: inferior | O15: superior | S15: TOTAL | V15: ADM CENTRAL | Y15: DESP FINANC | AB15: RISCO | AE15: SEGURO/GARANTIA | AH15: LUCRO
A16: Taxa de Rateio da Administração Central | F16: AC | G16: 0.015 | H16: 0.0345 | I16: 0.0449 | J16: =H16 -> 0.0345 | L16: =IF(OR(J16<M16,J16>O16),"NÃO","SIM") -> SIM | M16: =IF($M$8="1",V16,IF($M$8="2",V17,IF($M$8="3",V18,IF($M$8="4",V19,IF($M$8="5",V20,IF($M$8="6",V21,IF($M$8="7",V22))))))) -> 0.03 | N16: =IF($M$8="1",W16,IF($M$8="2",W17,IF($M$8="3",W18,IF($M$8="4",W19,IF($M$8="5",W20,IF($M$8="6",W21,IF($M$8="7",W22))))))) -> 0.04 | O16: =IF($M$8="1",X16,IF($M$8="2",X17,IF($M$8="3",X18,IF($M$8="4",X19,IF($M$8="5",X20,IF($M$8="6",X21,IF($M$8="7",X22))))))) -> 0.055 | P16: 1 | Q16: Construção de Edificios (Também para Reformas) | S16: 0.2034 | T16: 0.2212 | U16: 0.25 | V16: 0.03 | W16: 0.04 | X16: 0.055 | Y16: 0.0059 | Z16: 0.0123 | AA16: 0.0139 | AB16: 0.0097 | AC16: 0.0127 | AD16: 0.0127 | AE16: 0.008 | AF16: 0.008 | AG16: 0.01 | AH16: 0.0616 | AI16: 0.074 | AJ16: 0.0896
A17: Taxa de Seguro e Garantia do Empreendimento | F17: S+G | G17: 0.003 | H17: 0.0048 | I17: 0.0082 | J17: =H17 -> 0.0048 | L17: =IF(OR(J17<M17,J17>O17),"NÃO","SIM") -> NÃO | M17: =IF($M$8="1",AE16,IF($M$8="2",AE17,IF($M$8="3",AE18,IF($M$8="4",AE19,IF($M$8="5",AE20,IF($M$8="6",AE21,IF($M$8="7",AE22))))))) -> 0.008 | N17: =IF($M$8="1",AF16,IF($M$8="2",AF17,IF($M$8="3",AF18,IF($M$8="4",AF19,IF($M$8="5",AF20,IF($M$8="6",AF21,IF($M$8="7",AF22))))))) -> 0.008 | O17: =IF($M$8="1",AG16,IF($M$8="2",AG17,IF($M$8="3",AG18,IF($M$8="4",AG19,IF($M$8="5",AG20,IF($M$8="6",AG21,IF($M$8="7",AG22))))))) -> 0.01 | P17: 2 | Q17: Construção de Rodovias e Ferrovias (Também para Recapeamento, Pavimentação e Praças) | S17: 0.196 | T17: 0.2097 | U17: 0.2423 | V17: 0.038 | W17: 0.0401 | X17: 0.0467 | Y17: 0.0102 | Z17: 0.0111 | AA17: 0.0121 | AB17: 0.005 | AC17: 0.0056 | AD17: 0.0097 | AE17: 0.0032 | AF17: 0.004 | AG17: 0.0074 | AH17: 0.0664 | AI17: 0.073 | AJ17: 0.0869
A18: Taxa de Risco | F18: R | G18: 0.0056 | H18: 0.0085 | I18: 0.0089 | J18: 0.0085 | L18: =IF(OR(J18<M18,J18>O18),"NÃO","SIM") -> NÃO | M18: =IF($M$8="1",AB16,IF($M$8="2",AB17,IF($M$8="3",AB18,IF($M$8="4",AB19,IF($M$8="5",AB20,IF($M$8="6",AB21,IF($M$8="7",AB22))))))) -> 0.0097 | N18: =IF($M$8="1",AC16,IF($M$8="2",AC17,IF($M$8="3",AC18,IF($M$8="4",AC19,IF($M$8="5",AC20,IF($M$8="6",AC21,IF($M$8="7",AC22))))))) -> 0.0127 | O18: =IF($M$8="1",AD16,IF($M$8="2",AD17,IF($M$8="3",AD18,IF($M$8="4",AD19,IF($M$8="5",AD20,IF($M$8="6",AD21,IF($M$8="7",AD22))))))) -> 0.0127 | P18: 3 | Q18: Construção de Redes de Abastecimento de Água, Coleta de Esgoto e Construções Correlatas. | S18: 0.2076 | T18: 0.2418 | U18: 0.2644 | V18: 0.0343 | W18: 0.0493 | X18: 0.0671 | Y18: 0.0094 | Z18: 0.0099 | AA18: 0.0117 | AB18: 0.01 | AC18: 0.0139 | AD18: 0.0174 | AE18: 0.0028 | AF18: 0.0049 | AG18: 0.0075 | AH18: 0.0674 | AI18: 0.0804 | AJ18: 0.094
A19: Taxa de Despesas Financeiras | F19: DF | G19: 0.0085 | H19: 0.0085 | I19: 0.0111 | J19: =H19 -> 0.0085 | L19: =IF(OR(J19<M19,J19>O19),"NÃO","SIM") -> SIM | M19: =IF($M$8="1",Y16,IF($M$8="2",Y17,IF($M$8="3",Y18,IF($M$8="4",Y19,IF($M$8="5",Y20,IF($M$8="6",Y21,IF($M$8="7",Y22))))))) -> 0.0059 | N19: =IF($M$8="1",Z16,IF($M$8="2",Z17,IF($M$8="3",Z18,IF($M$8="4",Z19,IF($M$8="5",Z20,IF($M$8="6",Z21,IF($M$8="7",Z22))))))) -> 0.0123 | O19: =IF($M$8="1",AA16,IF($M$8="2",AA17,IF($M$8="3",AA18,IF($M$8="4",AA19,IF($M$8="5",AA20,IF($M$8="6",AA21,IF($M$8="7",AA22))))))) -> 0.0139 | P19: 4 | Q19: Construção e Manutenção de Estações e Redes de Distribuição de Energia Elétrica | S19: 0.24 | T19: 0.2584 | U19: 0.2786 | V19: 0.0529 | W19: 0.0592 | X19: 0.0793 | Y19: 0.0101 | Z19: 0.0107 | AA19: 0.0111 | AB19: 0.01 | AC19: 0.0148 | AD19: 0.0197 | AE19: 0.0025 | AF19: 0.0051 | AG19: 0.0056 | AH19: 0.08 | AI19: 0.0831 | AJ19: 0.0951
A20: Taxa de Lucro | F20: L | G20: 0.035 | H20: 0.0511 | I20: 0.0622 | J20: 0.0511 | L20: =IF(OR(J20<M20,J20>O20),"NÃO","SIM") -> NÃO | M20: =IF($M$8="1",AH16,IF($M$8="2",AH17,IF($M$8="3",AH18,IF($M$8="4",AH19,IF($M$8="5",AH20,IF($M$8="6",AH21,IF($M$8="7",AH22))))))) -> 0.0616 | N20: =IF($M$8="1",AI16,IF($M$8="2",AI17,IF($M$8="3",AI18,IF($M$8="4",AI19,IF($M$8="5",AI20,IF($M$8="6",AI21,IF($M$8="7",AI22))))))) -> 0.074 | O20: =IF($M$8="1",AJ16,IF($M$8="2",AJ17,IF($M$8="3",AJ18,IF($M$8="4",AJ19,IF($M$8="5",AJ20,IF($M$8="6",AJ21,IF($M$8="7",AJ22))))))) -> 0.0896 | P20: 5 | Q20: Obras Portuárias, Marítimas e Fluviais | S20: 0.228 | T20: 0.2748 | U20: 0.3095 | V20: 0.04 | W20: 0.0552 | X20: 0.0785 | Y20: 0.0094 | Z20: 0.0102 | AA20: 0.0133 | AB20: 0.0146 | AC20: 0.0232 | AD20: 0.0316 | AE20: 0.0081 | AF20: 0.0122 | AG20: 0.0199 | AH20: 0.0714 | AI20: 0.084 | AJ20: 0.1043
P21: 6 | Q21: Fornecimento de Materiais e Equipamentos (Aquisição Indireta, em Conjunto com Obras). | S21: 0.111 | U21: 0.168 | V21: 0.015 | X21: 0.0449 | Y21: 0.0085 | AA21: 0.0111 | AB21: 0.0056 | AD21: 0.0089 | AE21: 0.003 | AG21: 0.0082 | AH21: 0.035 | AJ21: 0.0622
A22: Taxa de Tributos | C22: PIS (Geralmente 0,65%) | F22: I | J22: 0.0065 | P22: 7 | Q22: Fornecimento de Materiais e Equipamentos (Aquisição Direta). | S22: 0 | U22: 0 | V22: 0 | X22: 0 | Y22: 0 | AA22: 0 | AB22: 0 | AD22: 0 | AE22: 0 | AG22: 0 | AH22: 0 | AJ22: 0
C23: COFINS (Geralmente 3,00%) | J23: 0.03
A25: BDI conforme ao Acórdão 2622/2013 TCU | G25: 0.111 | H25: 0.1402 | I25: 0.168 | J25: =(((1+(J16+J17+J18))*(1+J19)*(1+J20))/(1-SUM(J22:J23)))-1 -> 0.15278048 | L25: =IF(OR(J25<M25,J25>O25),"NÃO","SIM") -> NÃO | M25: =IF($M$8="1",S16,IF($M$8="2",S17,IF($M$8="3",S18,IF($M$8="4",S19,IF($M$8="5",S20,IF($M$8="6",S21,IF($M$8="7",S22))))))) -> 0.2034 | N25: =IF($M$8="1",T16,IF($M$8="2",T17,IF($M$8="3",T18,IF($M$8="4",T19,IF($M$8="5",T20,IF($M$8="6",T21,IF($M$8="7",T22))))))) -> 0.2212 | O25: =IF($M$8="1",U16,IF($M$8="2",U17,IF($M$8="3",U18,IF($M$8="4",U19,IF($M$8="5",U20,IF($M$8="6",U21,IF($M$8="7",U22))))))) -> 0.25
A26: BDI RESULTANTE | J26: =(((1+(J16+J17+J18))*(1+J19)*(1+J20))/(1-SUM(J22:J23)))-1 -> 0.15278048
C28: BDI = (( 1 + AC + S + R + G )( 1 + DF )( 1 + L ))
A29: FORMULA UTILIZADA:
C30: ( 1 - I )
Q32: Para o tipo de obra “Construção de Edifícios” enquadram-se a construção e reforma de: edifícios, unidades habitacionais, escolas, hospitais, hotéis, restaurantes, armazéns e depósitos, edifícios para uso agropecuário, estações para trens e metropolitanos, estádios esportivos e quadras cobertas, instalações para embarque e desembarque de passageiros (em aeroportos, rodoviárias, portos, etc.), penitenciarias e presídios, a construção de edifícios industriais (fábricas, oficinas, galpões industriais, etc.), conforme classificação 4120-4 do CNAE 2.0. Também enquadram-se pórticos, mirantes e outros edifícios de finalidade turística.
Q33: Para o tipo de obra "Construção de Rodovias e Ferrovias" enquadram-se: a construção e recuperação de: auto-estradas, rodovias e outras vias não-urbanas para passagem de veículos, vias férreas de superfície ou subterrâneas (inclusive para metropolitanos), pistas de aeroportos. Esta classe compreende também: a pavimentação de auto-estradas, rodovias e outras vias não-urbanas; construção de pontes, viadutos e túneis; a instalação de barreiras acústicas; a construção de praças de pedágio; a sinalização com pintura em rodovias e aeroportos; a instalação de placas de sinalização de tráfego e semelhantes, conforme classificação 4211-1 do CNAE 2.0. Também enquadram-se a construção, pavimentação e sinalização de vias urbanas, ruas e locais para estacionamento de veículos; a construção de praças e calçadas para pedestres; elevados, passarelas e ciclovias; metrô e VLT.
Q34: Para o tipo de obra "Construção de Redes de Abastecimento de Água, Coleta de Esgoto e Construções Correlatas" enquadram-se: a construção de sistemas para o abastecimento de água tratada: reservatórios de distribuição, estações elevatórias de bombeamento, linhas principais de adução de longa e média distância e redes de distribuição de água; a construção de redes de coleta de esgoto, inclusive de interceptores, estações de tratamento de esgoto (ETE), estações de bombeamento de esgoto (EBE); a construção de galerias pluviais (obras de micro e macro drenagem). Esta classe compreende também: as obras de irrigação (canais); a manutenção de redes de abastecimento de água tratada; a manutenção de redes de coleta e de sistemas de tratamento de esgoto, conforme classificação 4222-7 do CNAE 2.0. Enquadra-se ainda a construção de estações de tratamento de água (ETA).
Q35: Para o tipo de obra "Construção e Manutenção de Estações e Redes de Distribuição de Energia Elétrica" enquadram-se: a construção de usinas, estações e subestações hidrelétricas, eólicas, nucleares, termoelétricas; a construção de redes de transmissão e distribuição de energia elétrica, inclusive o serviço de eletrificação rural. Esta subclasse compreende também: a construção de redes de eletrificação para ferrovias e metropolitano, conforme classificação 4221-9/02 do CNAE 2.0. Compreende ainda: a manutenção de redes de distribuição de energia elétrica, quando executada por empresa não produtora ou distribuidora de energia elétrica, conforme classificação 4221-9/03 do CNAE 2.0. Enquadram-se também obras de iluminação pública e a construção de barragens e represas para geração de energia elétrica.
A36: =IF(M8="1",Q32,IF(M8="2",Q33,IF(M8="3",Q34,IF(M8="4",Q35,IF(M8="5",Q36,IF(M8="6",Q37,)))))) -> Para o tipo de obra “Construção de Edifícios” enquadram-se a construção e reforma de: edifícios, unidades habitacionais, escolas, hospitais, hotéis, restaurantes, armazéns e depósitos, edifícios para uso agropecuário, estações para trens e metropolitanos, estádios esportivos e quadras cobertas, instalações para embarque e desembarque de passageiros (em aeroportos, rodoviárias, portos, etc.), penitenciarias e presídios, a construção de edifícios industriais (fábricas, oficinas, galpões industriais, etc.), conforme classificação 4120-4 do CNAE 2.0. Também enquadram-se pórticos, mirantes e outros edifícios de finalidade turística. | Q36: Para o tipo de obra "Portuárias, Marítimas e Fluviais" enquadram-se: as obras marítimas e fluviais, tais como, construção de instalações portuárias; construção de portos e marinas; construção de eclusas e canais de navegação (vias navegáveis); enrocamentos; obras de dragagem; aterro hidráulico; barragens, represas e diques, exceto para energia elétrica; a construção de emissários submarinos; a instalação de cabos submarinos, conforme classificação 4291-0 do CNAE 2.0. Enquadram-se também a construção de piers e outras obras com influência direta de cursos d’água.
Q37: Enquadram-se como "Fornecimento de Materiais e Equipamentos" especificamente o fornecimento de materiais e equipamentos relevantes de natureza específica, como é o caso de: - materiais betuminosos para obras rodoviárias; - tubos de ferro fundido ou PVC para obras de abastecimento de água; - elevadores e escadas rolantes para obras aeroportuárias.

Sheet ENCARGOS
A1: RESTAURAÇÃO DO PRÉDIO DA ANTIGA PREFEITURA - CORUMBÁ/MS
A2: BDI: | B2: 0.2354
A3: Encargos Sociais Não Desonerados
A5: COMPOSIÇÃO DOS ENCARGOS SOCIAIS NÃO DESONERADO - SINAPI - MS
C6: HORISTA (%) | D6: MENSALISTA (%)
B7: GRUPO A
A8: A1 | B8: INSS | C8: 0.2 | D8: 0.2
A9: A2 | B9: SESI | C9: 0.015 | D9: 0.015
A10: A3 | B10: SENAI | C10: 0.01 | D10: 0.01
A11: A4 | B11: INCRA | C11: 0.002 | D11: 0.002
A12: A5 | B12: SEBRAE | C12: 0.006 | D12: 0.006
A13: A6 | B13: Sálario Educação | C13: 0.025 | D13: 0.025
A14: A7 | B14: Seguro Contra Acidente de Trabalho | C14: 0.03 | D14: 0.03
A15: A8 | B15: FGTS | C15: 0.08 | D15: 0.08
A16: A9 | B16: SECONCI | C16: 0 | D16: 0
A17: A | B17: TOTAL DO GRUPO A | C17: 0.368 | D17: 0.368
B18: GRUPO B
A19: B1 | B19: Repouso Remunerado | C19: 0.1795 | D19: 0
A20: B2 | B20: Feriados | C20: 0.0452 | D20: 0
A21: B3 | B21: Auxilio Enfermidade | C21: 0.0089 | D21: 0.0065
A22: B4 | B22: 13º Salário | C22: 0.1135 | D22: 0.0833
A23: B5 | B23: Licença Paternidade | C23: 0.0007 | D23: 0.0005
A24: B6 | B24: Faltas Justificadas | C24: 0.0076 | D24: 0.0056
A25: B7 | B25: Dias de chuva | C25: 0.0135 | D25: 0
A26: B8 | B26: Auxilio acidente de Trabalho | C26: 0.001 | D26: 0.0007
A27: B9 | B27: Férias Gozadas | C27: 0 | D27: 0
A28: B10 | B28: Salario Maternidade | C28: 0.0004 | D28: 0.0003
A29: B | B29: TOTAL GRUPO B | C29: =SUM(C19:C28) -> 0.3703 | D29: =SUM(D19:D28) -> 0.0969
B30: GRUPO C
A31: C1 | B31: Aviso Prévio Indenizado | C31: 0.0513 | D31: 0.0377
A32: C2 | B32: Aviso Prévio Trabalhado | C32: 0.0012 | D32: 0.0009
A33: C3 | B33: Férias Indenizadas | C33: 0.119 | D33: 0.0874
A34: C4 | B34: Depósito de Rescisão Contrato Trabalho sem Justo Causa | C34: 0.0203 | D34: 0.0149
A35: C5 | B35: Indenização Adicional | C35: 0.0043 | D35: 0.0032
A36: C | B36: TOTAL GRUPO C | C36: =SUM(C31:C35) -> 0.1961 | D36: =SUM(D31:D35) -> 0.1441
B37: GRUPO D
A38: D1 | B38: Reincidência do Grupo A sobre B | C38: 0.1363 | D38: 0.0357
A39: D2 | B39: Reincidência de Grupo A sobre Aviso Prévio Trabalhado e Reincidência do FGTS sobre Aviso Prévio Indenizado | C39: 0.0045 | D39: 0.0033
A40: D | B40: TOTAL GRUPO D | C40: =SUM(C38:C39) -> 0.1408 | D40: =SUM(D38:D39) -> 0.039
B41: TOTAL (A+B+C+D) | C41: =C17+C29+C36+C40 -> 1.0752 | D41: =D17+D29+D36+D40 -> 0.648
